 Dungeon Crawl Stone Soup version 0.29.1 (webtiles) character file.

Game seed: 16616096348070658331

752764 qw the Bringer of Light (level 27, -10/17 (199) HPs)
             Began as a Gargoyle Fighter on Sept 13, 2022.
             Was the Champion of the Shining One.
             Killed by divine providence
             ... invoked by a smoke demon
              (15 damage)
             ... in Pandemonium.
             The game lasted 00:47:31 (100530 turns).

qw the Bringer of Light (Gargoyle Fighter)        Turns: 100530, Time: 00:47:31

HP:   -10/17 (199)  AC: 69    Str: 42      XL:     27
MP:   18/36         EV: 15    Int: 20      God:    the Shining One [******]
Gold: 8213          SH: 32    Dex: 15 (16) Spells: 26/26 levels left

rFire   + . .      SeeInvis +   e - +9 broad axe (holy)
rCold   + . .      Faith    .   y - +4 tower shield "Ilum" {Contam rElec rN+ SInv}
rNeg    + + +      Spirit   .   s - +10 gold dragon scales
rPois   inf        Reflect  +   i - +0 helmet
rElec   +          Harm     .   E - +1 cloak {Will+}
rCorr   +          Rampage  .   J - +0 pair of fencer's gloves {Riposte Dex+3}
Will    +++++                   g - +2 pair of boots of the Fletcher {rN+}
Stlth   ..........              c - amulet of Futsig Kaadgh {Reflect rF- rCorr Str+3 SH+5}
HPRegen 0.00/turn               u - ring of the Original Sin {Will++ Int+6 Dex+4 Slay+2}
MPRegen 0.25/turn               z - ring of Caymio Tummi {rPois rF+ Str+7 Int+3}

@: flying, inhibited regen, glowing, extremely drained, bezotted and risking
death
A: sickness immunity, AC +20, big wings, negative energy resistance 1,
electricity resistance, torment resistance 1, petrification resistance,
deterioration 2, low MP 1, inhibited regeneration, wild magic 1
}: 4/15 runes: decaying, serpentine, silver, golden
a: Renounce Religion, Divine Shield, Cleansing Flame, Summon Divine Warrior


You were in Pandemonium.
You worshipped the Shining One.
The Shining One was exalted by your worship.
You visited 11 branches of the dungeon, and saw 51 of its levels.
You visited Pandemonium 1 time, and saw 4 of its levels.
You also visited: Gauntlet.

You collected 12781 gold pieces.
You spent 4568 gold pieces at shops.


Innate Abilities, Weirdness & Mutations

You are immune to sickness and miasma.
Your stone body is resilient. (AC +20)
You are immune to poison.
Your large and strong wings let you fly.
You resist negative energy. (rN+)
You are resistant to electric shocks. (rElec)
You are resistant to unholy torment.
You are immune to petrification.
Your body often deteriorates upon taking damage.
Your magical capacity is low. (-10% MP)
You do not regenerate when monsters are visible.
Your spells are a little harder to cast, but a little more powerful.


   Skills:
 O Level 27 Fighting
 - Level 7.1 Short Blades
 - Level 18.0 Axes
 - Level 15.0 Throwing
 O Level 27 Armour
 - Level 14.0 Dodging
 + Level 23.1 Shields
 O Level 27 Invocations


You had 26 spell levels left.
You didn't know any spells.
Your spell library was empty.

Inventory:

Hand Weapons
 a - the +1 hand axe "Ympicur" {vorpal, rPois rCorr}
   (You found it on level 3 of the Tomb of the Ancients)

   It inflicts extra damage upon your enemies.
   rPois:     It protects you from poison.
   rCorr:     It protects you from acid and corrosion.
 e - a +9 broad axe of holy wrath (weapon)
 A - the +3 broad axe of Conformity {flame, rElec rPois Str+5 Dex+4}
   (You took it off a deep elf death mage on level 5 of the Vaults)

   It burns those it strikes, dealing additional fire damage.
   Big, fiery blades are also staple armaments of hydra-hunters.
   Str:       It affects your strength (+5).
   Dex:       It affects your dexterity (+4).
   rElec:     It insulates you from electricity.
   rPois:     It protects you from poison.
Armour
 g - the +2 pair of boots of the Fletcher (worn) {rN+}
   (You acquired it on level 2 of the Dungeon)

   rN:        It protects you from negative energy.
 i - a +0 helmet (worn)
 k - a +2 pair of gloves
 m - a +2 cloak
 o - the +1 pair of boots of Lethargy {Harm Str+6}
   (Okawaru gifted it to you on level 1 of the Depths)

   Str:       It affects your strength (+6).
   Harm:      It increases damage dealt and taken.
 s - +10 gold dragon scales (worn)
 y - the +4 tower shield "Ilum" (worn) {Contam rElec rN+ SInv}
   (You acquired it on level 5 of the Vaults)

   rElec:     It insulates you from electricity.
   rN:        It protects you from negative energy.
   SInv:      It lets you see invisible.
   Contam:    It causes magical contamination when unequipped.
 E - a +1 cloak of willpower (worn)
 I - the +4 troll leather armour "Poghoeh" {rN+ Regen+ rCorr}
   (Okawaru gifted it to you on level 1 of the Realm of Zot)

   rN:        It protects you from negative energy.
   Regen:     It increases your rate of health regeneration.
   rCorr:     It protects you from acid and corrosion.
 J - the +0 pair of fencer's gloves (worn) {Riposte Dex+3}
   (Okawaru gifted it to you on level 4 of the Swamp)

   It allows the wearer to riposte with melee weapons, swiftly retaliating
   against missed or blocked melee attacks.
   Dex:       It affects your dexterity (+3).
 N - the +0 hat of Biphar {-Tele rF+ rC+ rCorr}
   (Okawaru gifted it to you on level 1 of the Vaults)

   rF:        It protects you from fire.
   rC:        It protects you from cold.
   -Tele:     It prevents most forms of teleportation.
   rCorr:     It protects you from acid and corrosion.
Jewellery
 c - the amulet of Futsig Kaadgh (around neck) {Reflect rF- rCorr Str+3 SH+5}
   (You found it in a Gauntlet)

   [amulet of reflection]

   It reflects blocked missile attacks.
   Str:       It affects your strength (+3).
   rF:        It makes you vulnerable to fire.
   rCorr:     It protects you from acid and corrosion.
   SH:        It affects your SH (+5).
 n - an amulet of reflection
 u - the ring of the Original Sin (left hand) {Will++ Int+6 Dex+4 Slay+2}
   (You found it in a Gauntlet)

   [ring of intelligence]

   Int:       It affects your intelligence (+6).
   Dex:       It affects your dexterity (+4).
   Slay:      It affects your accuracy & damage with ranged weapons and melee
   (+2).
   Will:      It greatly increases your willpower.
 z - the ring of Caymio Tummi (right hand) {rPois rF+ Str+7 Int+3}
   (You bought it in a shop on level 6 of the Dungeon)

   [ring of protection from fire]

   Str:       It affects your strength (+7).
   Int:       It affects your intelligence (+3).
   rF:        It protects you from fire.
   rPois:     It protects you from poison.
 K - a ring of protection from cold
 M - a ring of resist corrosion
 O - a ring of protection from cold
 T - a ring of protection from fire
 Y - a +4 ring of slaying {mikee}
Scrolls
 b - 12 scrolls of teleportation
 l - 34 scrolls of identify
 q - 5 scrolls of enchant weapon
 t - 5 scrolls of blinking
 Q - 2 scrolls of brand weapon
Potions
 d - 18 potions of might
 f - 4 potions of cancellation
 h - 10 potions of lignification
 j - 12 potions of heal wounds
 p - 32 potions of curing
 r - 8 potions of attraction
 v - 3 potions of magic
 D - 6 potions of haste
Miscellaneous
 w - a figurine of a ziggurat

Dungeon Overview and Level Annotations

Branches:
Dungeon (15/15) Temple (1/1) D:5 Lair (5/5) D:8 Swamp (4/4) Lair:3 Snake (4/4) Lair:3 Slime (0/5) Lair:4 Orc (2/2) D:11 Elf (0/3) Orc:2 Vaults (5/5) D:13 Crypt (3/3) Vaults:2 Tomb (3/3) Crypt:3 Depths (4/4) D:15 Zot (5/5) Depths:4 Gauntlet (visited) You are so drained that the power of Zot will kill you!

Altars:
Ashenzari
Cheibriados
Dithmenos
Elyvilon
Fedhas
Gozag
Hepliaklqana
Kikubaaqudgha
Makhleb
Nemelex Xobeh
Okawaru
Qazlal
Ru
Sif Muna
Trog
Uskayaw
Vehumet
Wu Jian
Xom
Yredelemnul
Zin
The Shining One
Jiyva

Shops:
D:6 =   Orc:2 (?**   Snake:4 *(*!   Vaults:3 !   Depths:1 !   Depths:3 (

Portals:
Hell: Depths:1 Depths:2 Depths:3 Depths:4
Abyss: Depths:2 Depths:3
Pandemonium: Depths:2 Depths:4
Ziggurat: Depths:1

Annotations:
D:2 1 runed translucent door, Crazy Yiuf
D:3 2 transporters
Lair:5 2 runed translucent doors
Vaults:3 2 transporters
Zot:5 1 runed translucent door, qw's ghost, master GrFi
Pan 1 runed translucent door


Message History

The ghost moth stares at you. x2
The ghost moth stares at you. The ghost moth stares at you.
The ghost moth stares at you.
You feel your power leaking away. The ghost moth stares at you.
The ghost moth stares at you. The ghost moth stares at you.
You feel your power leaking away.
A ynoxinul comes into view.
The ghost moth stares at you. The ghost moth stares at you.
The ghost moth stares at you.
A smoke demon comes into view.
The smoke demon roars!
You slash the ynoxinul!
The ynoxinul convulses!
The ynoxinul is heavily wounded.
You hear an angry squeal.
The ynoxinul gestures.
You hear two shouts!
You slice the ynoxinul!!
You kill the ynoxinul!
The Shining One accepts your kill.
You feel your power returning.
The ufetubus disappears in a puff of smoke! x3
The chaos spawn shouts in stereo!
You block the chaos spawn's attack.
You slice the chaos spawn!!
The chaos spawn convulses!!
You kill the chaos spawn!
The Shining One accepts your kill.
The chaos spawn degenerates into a cloud of primal chaos!
The smoke demon gestures at you. Something smites you!
Ouch! That really hurt!
Your body deteriorates!
You feel clumsy.
100530 ||| DRINKING 4 potions of magic.
Magic courses through your body. The smoke demon gestures at you.
Something smites you!
Ouch! That really hurt!
You die...

.....# #.....###.......(\.....#..
.....# #......#......(........#..
#...## #....).#...............#..
##...## .....#...............#..
#.#..# ....#....###........#..
##.##.######..#....#.#.)......#..
..............##...###........#..
.........##....#....¤.........)..
........###....¤@.3..........#)..
................).¤¤.....[...###.
...!..........###.^...........#..
..............#.#..##...###(.##..
##.####.......###...#####.####...
#.####...#.............###....#.
#...##........................#.
###.#..........####...#.#######.
###............#........#######.


You could see a smoke demon.

Vanquished Creatures
  4 dread liches (Zot:5)
  6 orbs of fire
  An ancient lich (Vaults:5)
  Mennas (Depths:4)
  24 royal mummies
  4 pandemonium lords (Pan)
  Sojobo (Depths:1)
  Boris (4 times) (Vaults:5 Crypt:1 Crypt:2 Tomb:2)
  Parghit (Zot:1)
  7 Killer Klowns
  Xtahua (Crypt:2)
  Bai Suzhen (Crypt:2)
  Saint Roka (Depths:4)
  Margery (Depths:3)
  6 golden dragons
  3 curse toes
  the Enchantress (Depths:1)
  2 bone dragons (Crypt:3)
  2 Tzitzimimeh (Pan)
  A Brimstone Fiend (Pan)
  3 electric golems
  2 hellephants (Depths:1)
  2 Hell Sentinels (Pan)
  Jorgrun (D:15)
  An Ice Fiend (Pan)
  14 tentacled monstrosities
  9 liches
  25 Orb Guardians (Zot:5)
  12 titans
  5 quicksilver dragons
  11 deep elf blademasters
  8 deep elf master archers
  Frances (D:12)
  15 ancient champions
  2 Executioners (Pan)
  8 tengu reavers
  16 sphinxes
  27 storm dragons
  8 death cobs
  Gastronok (D:11)
  Kirke (D:13)
  9 shadow dragons
  8 nagarajas
  5 revenants
  Roxanne (D:15)
  4 demonspawn warmongers (Pan)
  12 draconian monks
  20 fire giants
  21 frost giants
  2 fenstrider witches
  Louise (Depths:3)
  7 draconian knights
  4 balrugs (Pan)
  An orc warlord (Vaults:1)
  4 draconian scorchers
  An iron dragon (Vaults:5)
  2 deep elf sorcerers (Vaults:5)
  2 curse skulls
  Aizul (Snake:3)
  13 draconian shifters
  3 cacodemons (Pan)
  9 ghouls
  16 vault wardens
  7 ghost moths
  4 reapers (Pan)
  6 spriggan defenders
  37 very ugly things
  4 draconian stormcallers
  3 war gargoyles
  21 ironbound preservers
  2 demonspawn blood saints (Pan)
  A caustic shrike skeleton (Crypt:3)
  5 draconian annihilators
  A quicksilver ooze (Gauntlet)
  30 stone giants
  4 bennus
  7 vampire knights
  13 black draconians
  A deep elf annihilator (Vaults:4)
  10 ironbound thunderhulks
  11 purple draconians
  11 green draconians
  9 spark wasps
  16 yellow draconians
  5 dire elephants
  10 lorocyprocas (Pan)
  A spark wasp (shapeshifter) (Depths:1)
  4 demonspawn black suns (Pan)
  7 eleionomae
  4 bunyips
  A minotaur (Gauntlet)
  18 red draconians
  11 white draconians
  5 blizzard demons (Pan)
  13 jiangshi
  21 ettins
  7 eidola
  3 green deaths (Pan)
  24 mummy priests
  Josephine (D:15)
  Snorg (D:11)
  4 deep elf death magi
  4 crystal guardians
  7 great orbs of eyes
  2 shambling mangroves (Swamp:4)
  4 fire dragons
  A deep elf high priest (Depths:4)
  11 yaktaur captains
  12 ice dragons
  6 boulder beetles
  31 vault guards
  22 hydras
  4 rakshasas
  3 salamander tyrants (Snake:4)
  5 peacekeepers
  Erolcha (D:13)
  Fannar (D:11)
  A catoblepas (Lair:5)
  9 anacondas
  2 boulder beetles (shapeshifter)
  10 ironbound frosthearts
  3 hell beasts
  12 spriggan air magi
  5 death knights
  9 alligators
  11 centaur warriors
  A ghost crab (Swamp:2)
  6 ogre magi
  17 two-headed ogres
  86 death scarabs
  A spriggan skeleton (Crypt:3)
  10 naga warriors
  A fenstrider witch skeleton (Tomb:2)
  A dancing weapon (Vaults:5)
  12 deep troll shamans
  7 tengu warriors
  10 hell hogs (Depths:1)
  15 vampire magi
  5 death yaks (Lair:4)
  17 spriggan berserkers
  5 shock serpents
  17 naga sharpshooters
  6 deep troll earth magi
  21 sun demons (Pan)
  31 soul eaters
  5 iron trolls
  5 deep elf knights
  A titan skeleton (Tomb:1)
  7 salamander mystics (Snake:4)
  20 hell knights
  5 spriggan druids
  14 sixfirhies
  A death drake (Swamp:3)
  50 deep trolls
  3 glowing orange brains
  32 skeletal warriors
  6 naga ritualists
  3 goliath frogs
  18 bog bodies
  13 swamp dragons
  7 flayed ghosts
  2 deep elf archers
  18 phantasmal warriors
  7 wizards
  4 harpies (Vaults:1)
  18 ironbound convokers
  Pikel (D:6)
  8 necromancers
  9 orc knights
  A broodmother zombie (Crypt:2)
  17 mana vipers
  9 lindwurms
  4 deep elf pyromancers
  4 deep elf zephyrmancers
  8 cyclopes
  A stone giant zombie (Crypt:1)
  An oklob plant (Lair:4)
  6 will-o-the-wisps
  6 manticores
  A worldbinder (Gauntlet)
  72 ugly things
  2 sphinx skeletons
  2 iron dragon skeletons
  3 orc sorcerers
  16 salamanders
  12 elephants
  18 naga magi
  A fire giant zombie (D:15)
  20 moths of wrath
  42 black mambas
  5 guardian serpents
  A centaur zombie (Crypt:1)
  160 smoke demons (Pan)
  19 vault sentinels
  2 gargoyles
  A rust devil (Pan)
  A torpor snail (shapeshifter) (Vaults:4)
  A centaur skeleton (Crypt:1)
  A frost giant skeleton (Vaults:3)
  11 cane toads
  Joseph (D:8)
  3 molten gargoyles (Lair:5)
  5 orange demons (Pan)
  4 rime drakes
  A minotaur zombie (Crypt:2)
  An unseen horror (D:13)
  A komodo dragon (shapeshifter) (Vaults:5)
  41 yaktaurs
  57 demonic crawlers (Pan)
  A rime drake (shapeshifter) (Depths:1)
  2 tengu conjurers
  17 komodo dragons
  A yaktaur (shapeshifter) (D:14)
  A yellow draconian zombie (Crypt:1)
  3 ice devils
  An unseen horror skeleton (Crypt:1)
  6 freezing wraiths
  11 hellwings
  A red devil (Pan)
  A polar bear (Lair:4)
  42 guardian mummies
  8 trolls
  A minotaur skeleton (Crypt:1)
  A queen bee (Lair:2)
  A meliai (D:13)
  A hydra zombie (Tomb:2)
  A harpy zombie (Tomb:2)
  22 hornets
  11 tyrant leeches
  A shadow dragon simulacrum (Tomb:3)
  2 spectral guardian serpents (Crypt:3)
  A boulder beetle zombie (Crypt:3)
  A harpy skeleton (Crypt:1)
  Grinder (D:6)
  29 slime creatures
  A raiju (Gauntlet)
  An iron troll skeleton (Crypt:2)
  18 blink frogs
  A hornet (shapeshifter) (D:15)
  A snapping turtle (shapeshifter) (Vaults:5)
  2 ettin zombies
  A frost giant simulacrum (Vaults:3)
  2 centaur simulacra (Gauntlet)
  5 vampires
  18 spriggans
  30 flying skulls
  15 wraiths
  158 ynoxinuls (Pan)
  A culicivora (shapeshifter) (D:11)
  9 ushabtiu
  3 water elementals (Depths:3)
  6 wyverns
  4 humans (D:13)
  4 basilisks
  A black mamba skeleton (Crypt:1)
  41 yaks
  2 hogs (D:13)
  A neqoxec (Pan)
  64 large abominations (Pan)
  5 steam dragons
  113 chaos spawn
  Menkaure (D:5)
  A swamp worm (shapeshifter) (Vaults:1)
  18 vampire mosquitoes
  14 swamp worms
  Edmund (D:4)
  62 nagas
  4 wargs
  2 acid dragons
  4 hell hounds (Lair:5)
  2 floating eyes
  20 water moccasins
  A floating eye (shapeshifter) (Depths:3)
  12 swamp drakes
  A merfolk skeleton (Crypt:3)
  An ice beast (D:5)
  A meliai simulacrum (Gauntlet)
  23 orc warriors
  4 sky beasts
  3 black bears
  32 ogres
  12 boggarts
  8 wolves
  A hog zombie (Crypt:3)
  A lemure (D:6)
  9 centaurs
  A phantom (D:6)
  4 kobold brigands
  9 bullfrogs
  Blork the orc (D:6)
  A vine stalker zombie (Crypt:3)
  A wyvern zombie (Crypt:2)
  5 necrophages
  A yaktaur skeleton (Crypt:2)
  A cane toad simulacrum (Gauntlet)
  5 scorpions
  A cyclops zombie (Crypt:1)
  A water moccasin skeleton (Crypt:1)
  A shapeshifter zombie (Crypt:3)
  A raiju zombie (Crypt:1)
  2 tengu zombies
  30 killer bees
  A raiju skeleton (Crypt:3)
  An electric eel (Lair:2)
  5 howler monkeys
  A wolf skeleton (Crypt:3)
  6 jellies
  5 lava snakes (Lair:5)
  3 human zombies (Crypt:1)
  5 hounds
  18 orc priests
  A gnoll bouda (D:6)
  2 human skeletons (Crypt:1)
  Jessica (D:2)
  4 iguanas
  18 orc wizards
  A lightning spire (Gauntlet)
  A sky beast zombie (Crypt:2)
  A hound zombie (Crypt:1)
  32 mummies
  A boggart simulacrum (Gauntlet)
  A howler monkey skeleton (Crypt:3)
  7 adders
  9 gnolls
  A river rat (D:5)
  2 shadow imps
  3 white imps
  An ufetubus (D:7)
  3 worms
  3 dart slugs
  71 orcs
  3 endoplasms
  5 giant cockroaches
  7 goblins
  4 hobgoblins
  4 jackals (D:4)
  4 quokkas
  4 ball pythons
  4 bats
  A gnoll skeleton (Crypt:3)
  A jackal skeleton (Crypt:2)
  24 kobolds
  6 rats
3250 creatures vanquished.

Vanquished Creatures (collateral kills)
  A dread lich (Crypt:3)
  9 royal mummies
  A lich (Tomb:3)
  A deep elf master archer (Tomb:1)
  A deep elf blademaster (Crypt:3)
  2 revenants
  A fire giant (Tomb:1)
  A frost giant (Tomb:1)
  A reaper (Pan)
  A demonspawn corrupter (Pan)
  A white draconian (Tomb:1)
  2 lorocyprocas (Pan)
  2 eidola (Crypt:3)
  A green death (Pan)
  4 mummy priests
  An elf skeleton (Tomb:3)
  5 death scarabs
  11 soul eaters
  A vampire mage (Crypt:3)
  2 sun demons (Pan)
  A skeletal warrior (Tomb:1)
  A shadow demon (Pan)
  A deep elf archer (Crypt:3)
  A phantasmal warrior (Crypt:3)
  An orange demon (Pan)
  3 smoke demons (Pan)
  A hellion (Pan)
  A demonic crawler (Pan)
  4 guardian mummies
  5 flying skulls
  A ynoxinul (Pan)
  2 chaos spawn (Pan)
  An ushabti (Tomb:1)
  A large abomination (Pan)
  10 mummies
83 creatures vanquished.

Vanquished Creatures (others)
  2 fire giants
  An ironbound thunderhulk (Vaults:3)
  3 sun demons (Pan)
  3 soul eaters (Pan)
  A swamp dragon (Swamp:4)
  A smoke demon (Pan)
  3 bloated husks (Swamp:4)
  2 hornets (Swamp:4)
  An orc priest (Orc:2)
  A gnoll (Orc:2)
  An orc (Orc:2)
  14 foxfires
  44 fungi
  150 plants
  10 withered plants (D:15)
237 creatures vanquished.

Grand Total: 3570 creatures vanquished

Notes
Turn   | Place    | Note
-------+----------+-------------------------------------------
     0 | D:1      | qw the Gargoyle Fighter began the quest for the Orb.
     0 | D:1      | Reached XP level 1. HP: 14/14 MP: 1/1
     0 | D:1      | 0 ||| qw: Version: 0.1-a-119-g272c26d
     0 | D:1      | 0 ||| qw: Game counter: 11170
     0 | D:1      | 0 ||| qw: Always use a shield: true
     0 | D:1      | 0 ||| qw: God list: Okawaru
     0 | D:1      | 0 ||| qw: Allow faded altars: false
     0 | D:1      | 0 ||| qw: Do Orc after D:15 true
     0 | D:1      | 0 ||| qw: Do second Lair branch before Depths: true
     0 | D:1      | 0 ||| qw: Lair rune preference: random
     0 | D:1      | 0 ||| qw: Plans: Normal, Zot, God:TSO, Crypt, Tomb, Pan,
                  | Slime, Hells, Zig, Abyss, Orb
     0 | D:1      | 0 ||| PLANNING D:1-11
    54 | D:1      | Found a faded altar of an unknown god.
   483 | D:1      | Reached XP level 2. HP: 14/19 MP: 2/2
   686 | D:1      | You fall into a shaft and drop 1 floor!
   736 | D:2      | 736 ||| Stepping ~*~*~tactically~*~*~ (hiding).
   857 | D:2      | 857 ||| READING scroll labelled ROOGGU RAGAD.
   858 | D:2      | 858 ||| READING scroll labelled FOLIQE BETOFE.
   859 | D:2      | 859 ||| READING scroll labelled MOMUOM YCATO.
   859 | D:2      | Identified a scroll of acquirement
   859 | D:2      | 859 ||| ACQUIRING +8 broad axe "Uluul" {drain, *Corrode Fly
                  | Will+ SInv}
   859 | D:2      | Acquired the +8 broad axe "Uluul" {drain, *Corrode Fly
                  | Will+ SInv}
   861 | D:2      | 861 ||| SWAPPING to +8 broad axe "Uluul" {drain, *Corrode
                  | Fly Will+ SInv}.
   862 | D:2      | 862 ||| DROPPING +0 war axe.
   863 | D:2      | 863 ||| READING scroll labelled XINYGYOTSU.
   864 | D:2      | 864 ||| READING scroll labelled UMOEPY CUATUN.
   865 | D:2      | 865 ||| READING scroll labelled DUVIALOTEYD.
   966 | D:2      | 966 ||| READING scroll labelled PYTODA ODADEQU.
  1197 | D:1      | 1197 ||| READING scroll labelled DAIGOKOMASK.
  1302 | D:2      | Noticed Jessica
  1304 | D:2      | Killed Jessica
  1305 | D:2      | Reached skill level 3 in Axes
  1305 | D:2      | Reached XP level 3. HP: 23/23 MP: 3/3
  1311 | D:2      | 1311 ||| READING scroll of acquirement.
  1311 | D:2      | 1311 ||| ACQUIRING +2 pair of boots of the Fletcher {rN+}
  1311 | D:2      | Acquired the +2 pair of boots of the Fletcher {rN+}
  1313 | D:2      | 1313 ||| UPGRADING to +2 pair of boots of the Fletcher
                  | {rN+}.
  1327 | D:2      | 1327 ||| UPGRADING to +0 helmet.
  1396 | D:2      | Found a runed translucent door.
  1397 | D:2      | Noticed Crazy Yiuf
  1541 | D:2      | 1541 ||| UPGRADING to +0 chain mail.
  1551 | D:2      | 1551 ||| DROPPING +0 scale mail.
  1879 | D:3      | Reached XP level 4. HP: 28/28 MP: 4/4
  1882 | D:3      | Found a transporter.
  2035 | D:3      | Found a broken altar of Ashenzari.
  2281 | D:3      | Found a transporter.
  2569 | D:3      | 2569 ||| UPGRADING to +2 cloak.
  2574 | D:3      | 2574 ||| READING 2 scrolls labelled TISKOMYESOL.
  2577 | D:3      | 2577 ||| READING 4 scrolls of identify.
  2577 | D:3      | 2577 ||| IDENTIFYING bubbling silvery potion
  2578 | D:3      | 2578 ||| READING 3 scrolls of identify.
  2578 | D:3      | 2578 ||| IDENTIFYING bubbling purple potion
  2579 | D:3      | 2579 ||| READING 2 scrolls of identify.
  2579 | D:3      | 2579 ||| IDENTIFYING smoky purple potion
  2580 | D:3      | 2580 ||| DROPPING potion of degeneration.
  2910 | D:4      | Reached XP level 5. HP: 32/32 MP: 5/5
  2944 | D:4      | 2944 ||| DROPPING +0 club.
  3051 | D:4      | Found a stormy altar of Qazlal.
  3294 | D:4      | Noticed Edmund
  3302 | D:4      | Killed Edmund
  3303 | D:4      | Reached XP level 6. HP: 40/40 MP: 6/6
  3305 | D:4      | 3305 ||| DROPPING +0 whip.
  3608 | D:4      | 3608 ||| UPGRADING to amulet of reflection.
  3613 | D:4      | 3613 ||| READING scroll labelled GUGAOSO REORCHI.
  3614 | D:4      | 3614 ||| READING scroll labelled EFUFYS TIZAEN.
  3615 | D:4      | 3615 ||| READING 2 scrolls of identify.
  3615 | D:4      | 3615 ||| IDENTIFYING sapphire potion
  3621 | D:5      | Entered Level 5 of the Dungeon
  3621 | D:5      | Noticed a black bear
  3622 | D:5      | 3622 ||| PLANNING SEWER
  3623 | D:5      | Killed a black bear
  3643 | D:5      | Reached XP level 7. HP: 42/44 MP: 7/7
  3657 | D:5      | 3657 ||| Stepping ~*~*~tactically~*~*~ (hiding).
  3661 | D:5      | Reached skill level 6 in Axes
  3670 | D:5      | 3670 ||| FLEEEEING.
  3683 | D:5      | 3683 ||| Stepping ~*~*~tactically~*~*~ (stealth).
  3708 | D:5      | 3708 ||| Stepping ~*~*~tactically~*~*~ (hiding).
  3797 | D:5      | 3797 ||| Stepping ~*~*~tactically~*~*~ (hiding).
  3800 | D:5      | 3800 ||| Stepping ~*~*~tactically~*~*~ (hiding).
  3866 | D:5      | 3866 ||| Stepping ~*~*~tactically~*~*~ (stealth).
  3868 | D:5      | 3868 ||| Stepping ~*~*~tactically~*~*~ (stealth).
  3872 | D:5      | 3872 ||| Stepping ~*~*~tactically~*~*~ (stealth).
  3872 | D:5      | Noticed Menkaure
  3873 | D:5      | 3873 ||| Stepping ~*~*~tactically~*~*~ (stealth).
  3880 | D:5      | Reached XP level 8. HP: 34/49 MP: 8/8
  3883 | D:5      | Killed Menkaure
  3884 | D:5      | 3884 ||| Stepping ~*~*~tactically~*~*~ (stealth).
  3886 | D:5      | 3886 ||| Stepping ~*~*~tactically~*~*~ (stealth).
  3913 | D:5      | 3913 ||| Stepping ~*~*~tactically~*~*~ (stealth).
  3914 | D:5      | 3914 ||| Stepping ~*~*~tactically~*~*~ (stealth).
  3915 | D:5      | 3915 ||| FLEEEEING.
  3945 | D:5      | Reached skill level 1 in Throwing
  3992 | D:5      | 3992 ||| Stepping ~*~*~tactically~*~*~ (stealth).
  4149 | D:5      | Found a staircase to the Ecumenical Temple.
  4150 | D:5      | 4150 ||| PLANNING TEMPLE
  4150 | D:5      | 4150 ||| READING scroll labelled KUL NARHENIYCS.
  4159 | Temple   | Entered the Ecumenical Temple
  4299 | Temple   | 4299 ||| PLANNING SEWER
  4309 | D:5      | 4309 ||| RIP SEWER
  4310 | D:5      | 4310 ||| PLANNING D:1-11
  4450 | D:5      | Found a shimmering altar of Xom.
  4500 | D:5      | 4500 ||| Stepping ~*~*~tactically~*~*~ (stealth).
  4786 | D:6      | Found an opulent altar of Gozag.
  4786 | D:6      | Noticed Blork the orc
  4791 | D:6      | Killed Blork the orc
  4870 | D:6      | Found Pofiy's Jewellery Shop.
  4875 | D:6      | 4875 ||| SHOPLISTING +4 ring of evasion (432 gold, have
                  | 335).
  4875 | D:6      | 4875 ||| SHOPLISTING ring of Caymio Tummi {rPois rF+ Str+7
                  | Int+3} (686 gold, have 335).
  4875 | D:6      | 4875 ||| BUYING ring of fire (300 gold).
  4875 | D:6      | Bought a ring of fire for 300 gold pieces
  4875 | D:6      | 4875 ||| SHOPLISTING ring of protection from fire (300
                  | gold, have 35).
  4875 | D:6      | 4875 ||| SHOPLISTING ring of willpower (300 gold, have 35).
  4890 | D:6      | 4890 ||| Stepping ~*~*~tactically~*~*~ (hiding).
  4891 | D:6      | 4891 ||| Stepping ~*~*~tactically~*~*~ (hiding).
  4903 | D:6      | 4903 ||| Stepping ~*~*~tactically~*~*~ (hiding).
  4904 | D:6      | 4904 ||| Stepping ~*~*~tactically~*~*~ (hiding).
  4906 | D:6      | 4906 ||| Stepping ~*~*~tactically~*~*~ (hiding).
  4997 | D:6      | 4997 ||| Stepping ~*~*~tactically~*~*~ (stealth).
  5015 | D:6      | 5015 ||| Stepping ~*~*~tactically~*~*~ (hiding).
  5016 | D:6      | 5016 ||| Stepping ~*~*~tactically~*~*~ (hiding).
  5126 | D:6      | Noticed Grinder
  5130 | D:6      | 5130 ||| Stepping ~*~*~tactically~*~*~ (hiding).
  5131 | D:6      | 5131 ||| Stepping ~*~*~tactically~*~*~ (hiding).
  5133 | D:6      | 5133 ||| Stepping ~*~*~tactically~*~*~ (hiding).
  5140 | D:6      | Killed Grinder
  5141 | D:6      | Reached skill level 6 in Fighting
  5329 | D:6      | 5329 ||| Stepping ~*~*~tactically~*~*~ (stealth).
  5351 | D:6      | 5351 ||| Stepping ~*~*~tactically~*~*~ (stealth).
  5378 | D:6      | Reached XP level 9. HP: 51/56 MP: 9/9
  5407 | D:6      | 5407 ||| Stepping ~*~*~tactically~*~*~ (stealth).
  5408 | D:6      | Noticed Pikel
  5418 | D:6      | Killed Pikel
  5419 | D:6      | Reached skill level 9 in Axes
  5495 | D:6      | 5495 ||| FLEEEEING.
  5625 | D:6      | 5625 ||| Stepping ~*~*~tactically~*~*~ (stealth).
  5681 | D:6      | 5681 ||| Stepping ~*~*~tactically~*~*~ (stealth).
  5775 | D:6      | Found an ornate altar of the Wu Jian Council.
  5790 | D:6      | 5790 ||| READING 2 scrolls of identify.
  5790 | D:6      | 5790 ||| IDENTIFYING amethyst potion
  5816 | D:7      | 5816 ||| Stepping ~*~*~tactically~*~*~ (stealth).
  5817 | D:7      | 5817 ||| Stepping ~*~*~tactically~*~*~ (stealth).
  5819 | D:7      | 5819 ||| Stepping ~*~*~tactically~*~*~ (stealth).
  5858 | D:7      | Found a sacrificial altar of Ru.
  6005 | D:7      | Reached skill level 6 in Armour
  6238 | D:7      | 6238 ||| Stepping ~*~*~tactically~*~*~ (stealth).
  6239 | D:7      | 6239 ||| Stepping ~*~*~tactically~*~*~ (stealth).
  6241 | D:7      | 6241 ||| Stepping ~*~*~tactically~*~*~ (hiding).
  6245 | D:7      | Reached XP level 10. HP: 60/63 MP: 10/10
  6274 | D:7      | Found a basalt altar of Yredelemnul.
  6612 | D:7      | Found a shadowy altar of Dithmenos.
  6682 | D:7      | 6682 ||| DROPPING ring of magical power.
  6683 | D:7      | 6683 ||| DRINKING 2 grey potions.
  6683 | D:7      | Gained mutation: Your flesh is heat resistant. (rF+)
                  | [potion of mutation]
  6683 | D:7      | Gained mutation: You occasionally lose the ability to drink
                  | potions when taking damage. [potion of mutation]
  6683 | D:7      | Gained mutation: You have sharp toenails. [potion of
                  | mutation]
  6684 | D:7      | 6684 ||| DRINKING potion of mutation.
  6684 | D:7      | Lost mutation: You occasionally lose the ability to drink
                  | potions when taking damage. [potion of mutation]
  6684 | D:7      | Lost mutation: Your flesh is heat resistant. (rF+) [potion
                  | of mutation]
  6684 | D:7      | Lost mutation: You have sharp toenails. [potion of
                  | mutation]
  6684 | D:7      | Gained mutation: You have sharp toenails. [potion of
                  | mutation]
  6895 | D:8      | Found an iron altar of Okawaru.
  6895 | D:8      | Found a hazy altar of Hepliaklqana.
  7045 | D:8      | 7045 ||| Stepping ~*~*~tactically~*~*~ (stealth).
  7135 | D:8      | 7135 ||| Stepping ~*~*~tactically~*~*~ (stealth).
  7191 | D:8      | Found a hide-covered altar of Uskayaw.
  7194 | D:8      | Found a shimmering blue altar of Sif Muna.
  7298 | D:8      | Noticed Joseph
  7310 | D:8      | Killed Joseph
  7314 | D:8      | 7314 ||| Stepping ~*~*~tactically~*~*~ (cloud).
  7367 | D:8      | Found an ancient bone altar of Kikubaaqudgha.
  7387 | D:8      | 7387 ||| Stepping ~*~*~tactically~*~*~ (hiding).
  7513 | D:8      | Found a staircase to the Lair.
  8013 | D:8      | 8013 ||| UPGRADING to +0 plate armour.
  8023 | D:8      | 8023 ||| DROPPING +0 chain mail.
  8024 | D:8      | 8024 ||| DRINKING 2 emerald potions.
  8071 | D:8      | Became a worshipper of Warmaster Okawaru
  8103 | D:9      | 8103 ||| Stepping ~*~*~tactically~*~*~ (hiding).
  8235 | D:9      | 8235 ||| Stepping ~*~*~tactically~*~*~ (stealth).
  8262 | D:9      | 8262 ||| Stepping ~*~*~tactically~*~*~ (stealth).
  8274 | D:9      | Reached * piety under Okawaru
  8385 | D:9      | Found a shimmering altar of Xom.
  8387 | D:9      | Found the +7 mace of Variability {chain chaos}
  8406 | D:9      | 8406 ||| INVOKING Heroism.
  8561 | D:9      | 8561 ||| Stepping ~*~*~tactically~*~*~ (hiding).
  8562 | D:9      | 8562 ||| INVOKING Heroism.
  8563 | D:9      | 8563 ||| INVOKING Heroism.
  8631 | D:9      | Found a burning altar of Makhleb.
  8653 | D:9      | 8653 ||| Stepping ~*~*~tactically~*~*~ (stealth).
  8654 | D:9      | 8654 ||| Stepping ~*~*~tactically~*~*~ (stealth).
  8660 | D:9      | Reached skill level 1 in Invocations
  8670 | D:9      | Reached XP level 11. HP: 57/69 MP: 11/13
  8760 | D:9      | 8760 ||| Stepping ~*~*~tactically~*~*~ (stealth).
  8767 | D:9      | Reached ** piety under Okawaru
  8768 | D:9      | Reached skill level 3 in Invocations
  8772 | D:9      | Reached skill level 9 in Fighting
  8800 | D:9      | Found a radiant altar of Vehumet.
  8819 | D:9      | 8819 ||| Stepping ~*~*~tactically~*~*~ (stealth).
  8824 | D:9      | 8824 ||| Stepping ~*~*~tactically~*~*~ (stealth).
  8828 | D:9      | 8828 ||| FLEEEEING.
  8829 | D:9      | 8829 ||| FLEEEEING.
  8830 | D:9      | 8830 ||| FLEEEEING.
  8831 | D:9      | 8831 ||| FLEEEEING.
  8832 | D:9      | 8832 ||| FLEEEEING.
  8833 | D:9      | 8833 ||| FLEEEEING.
  8834 | D:9      | 8834 ||| FLEEEEING.
  8835 | D:9      | 8835 ||| FLEEEEING.
  8837 | D:9      | 8837 ||| FLEEEEING.
  8838 | D:9      | 8838 ||| FLEEEEING.
  8841 | D:9      | 8841 ||| FLEEEEING.
  8842 | D:9      | 8842 ||| FLEEEEING.
  8843 | D:9      | 8843 ||| FLEEEEING.
  8844 | D:9      | 8844 ||| FLEEEEING.
  8853 | D:9      | 8853 ||| Stepping ~*~*~tactically~*~*~ (stealth).
  8936 | D:9      | Found a sparkling altar of Nemelex Xobeh.
  9429 | D:9      | 9429 ||| PLANNING LAIR
  9429 | D:9      | 9429 ||| UPGRADING to +0 tower shield.
  9439 | D:9      | 9439 ||| DROPPING +0 buckler.
  9440 | D:9      | 9440 ||| READING scroll labelled MIPNES SUMM.
  9441 | D:9      | 9441 ||| DRINKING 2 brown potions.
  9442 | D:9      | 9442 ||| READING 4 scrolls of identify.
  9442 | D:9      | 9442 ||| IDENTIFYING metallic inky potion
  9443 | D:9      | 9443 ||| DROPPING potion of flight.
  9491 | Lair:1   | Entered Level 1 of the Lair of Beasts
  9552 | Lair:1   | 9552 ||| Stepping ~*~*~tactically~*~*~ (stealth).
  9555 | Lair:1   | 9555 ||| Stepping ~*~*~tactically~*~*~ (stealth).
  9560 | Lair:1   | Reached *** piety under Okawaru
  9563 | Lair:1   | Reached skill level 6 in Shields
  9605 | Lair:1   | 9605 ||| Stepping ~*~*~tactically~*~*~ (stealth).
  9607 | Lair:1   | 9607 ||| Stepping ~*~*~tactically~*~*~ (stealth).
  9610 | Lair:1   | 9610 ||| Stepping ~*~*~tactically~*~*~ (stealth).
  9715 | Lair:1   | 9715 ||| INVOKING Heroism.
  9745 | Lair:1   | 9745 ||| INVOKING Heroism.
  9833 | Lair:1   | 9833 ||| Stepping ~*~*~tactically~*~*~ (stealth).
  9926 | Lair:1   | Identified the +8 chain mail of the Invisible Hand {Str+3}
  9987 | Lair:1   | Reached **** piety under Okawaru
 10362 | Lair:1   | 10362 ||| Stepping ~*~*~tactically~*~*~ (hiding).
 10567 | Lair:1   | 10567 ||| INVOKING Heroism.
 10625 | Lair:1   | 10625 ||| INVOKING Heroism.
 10824 | Lair:1   | 10824 ||| UPGRADING to +8 chain mail of the Invisible Hand
                  | {Str+3}.
 10834 | Lair:1   | 10834 ||| DROPPING +0 plate armour.
 10835 | Lair:1   | 10835 ||| DROPPING amulet of the acrobat.
 10836 | Lair:1   | 10836 ||| DRINKING 2 sedimented purple potions.
 10887 | Lair:2   | 10887 ||| PLANNING GAUNTLET
 10934 | Lair:2   | 10934 ||| INVOKING Heroism.
 10948 | Lair:2   | 10948 ||| Stepping ~*~*~tactically~*~*~ (stealth).
 10954 | Lair:2   | 10954 ||| INVOKING Heroism.
 10965 | Lair:2   | Reached skill level 9 in Shields
 10965 | Lair:2   | 10965 ||| Stepping ~*~*~tactically~*~*~ (stealth).
 10966 | Lair:2   | 10966 ||| Stepping ~*~*~tactically~*~*~ (stealth).
 10967 | Lair:2   | 10967 ||| Stepping ~*~*~tactically~*~*~ (stealth).
 10969 | Lair:2   | 10969 ||| INVOKING Heroism.
 10995 | Lair:2   | 10995 ||| Stepping ~*~*~tactically~*~*~ (stealth).
 11002 | Lair:2   | 11002 ||| Stepping ~*~*~tactically~*~*~ (stealth).
 11007 | Lair:2   | Reached skill level 6 in Invocations
 11007 | Lair:2   | 11007 ||| INVOKING Heroism.
 11019 | Lair:2   | Reached XP level 12. HP: 72/76 MP: 14/16
 11029 | Lair:2   | 11029 ||| Stepping ~*~*~tactically~*~*~ (stealth).
 11044 | Lair:2   | 11044 ||| Stepping ~*~*~tactically~*~*~ (stealth).
 11054 | Lair:2   | 11054 ||| Stepping ~*~*~tactically~*~*~ (stealth).
 11055 | Lair:2   | 11055 ||| Stepping ~*~*~tactically~*~*~ (stealth).
 11115 | Lair:2   | 11115 ||| INVOKING Heroism.
 11119 | Lair:2   | 11119 ||| Stepping ~*~*~tactically~*~*~ (stealth).
 11124 | Lair:2   | Reached ***** piety under Okawaru
 11139 | Lair:2   | 11139 ||| INVOKING Heroism.
 11159 | Lair:2   | Found a gate leading to a gauntlet.
 11160 | Lair:2   | 11160 ||| READING scroll labelled KOUTWU TAST.
 11169 | Gauntlet | Entered a Gauntlet
 11169 | Gauntlet | Found a transporter.
 11177 | Gauntlet | Found a transporter.
 11181 | Gauntlet | Found a transporter.
 11189 | Gauntlet | Found a transporter.
 11193 | Gauntlet | Found a transporter.
 11204 | Gauntlet | Found a transporter.
 11205 | Gauntlet | Found a transporter.
 11209 | Gauntlet | Found a runed translucent door.
 11210 | Gauntlet | Found a runed translucent door.
 11213 | Gauntlet | Found a transporter.
 11213 | Gauntlet | Noticed a quicksilver ooze
 11217 | Gauntlet | Found a transporter.
 11225 | Gauntlet | Found a transporter.
 11256 | Gauntlet | Found a transporter.
 11268 | Gauntlet | Found a transporter.
 11277 | Gauntlet | Noticed a minotaur
 11281 | Gauntlet | Found a transporter.
 11294 | Gauntlet | Found a transporter.
 11324 | Gauntlet | 11324 ||| INVOKING Heroism.
 11348 | Gauntlet | 11348 ||| INVOKING Finesse.
 11390 | Gauntlet | 11390 ||| UPGRADING to +0 crystal plate armour.
 11400 | Gauntlet | 11400 ||| DROPPING +8 chain mail of the Invisible Hand
                  | {Str+3}.
 11408 | Gauntlet | 11408 ||| INVOKING Heroism.
 11561 | Gauntlet | Identified the amulet of Futsig Kaadgh {Reflect rF- rCorr
                  | Str+3 SH+5}
 11576 | Gauntlet | 11576 ||| INVOKING Heroism.
 11585 | Gauntlet | Killed a quicksilver ooze
 11712 | Gauntlet | Identified the ring of the Original Sin {Will++ Int+6 Dex+4
                  | Slay+2}
 11717 | Gauntlet | 11717 ||| UPGRADING to ring of the Original Sin {Will++
                  | Int+6 Dex+4 Slay+2}.
 11726 | Gauntlet | Identified the +1 hat of the Spider Nest {Int+4} (Okawaru
                  | gifted it to you in a Gauntlet)
 11726 | Gauntlet | Received a gift from Okawaru
 11742 | Gauntlet | 11742 ||| DROPPING +1 hat of the Spider Nest {Int+4}.
 11752 | Gauntlet | 11752 ||| INVOKING Heroism.
 11753 | Gauntlet | 11753 ||| INVOKING Finesse.
 11766 | Gauntlet | Killed a minotaur
 11767 | Gauntlet | Reached skill level 9 in Invocations
 11894 | Gauntlet | 11894 ||| UPGRADING to +6 ring of strength.
 11910 | Lair:2   | 11910 ||| PLANNING LAIR
 11936 | Lair:2   | 11936 ||| Stepping ~*~*~tactically~*~*~ (stealth).
 11988 | Lair:2   | 11988 ||| Stepping ~*~*~tactically~*~*~ (stealth).
 11989 | Lair:2   | 11989 ||| INVOKING Heroism.
 11990 | Lair:2   | 11990 ||| Stepping ~*~*~tactically~*~*~ (stealth).
 12229 | Lair:2   | 12229 ||| INVOKING Heroism.
 12234 | Lair:2   | 12234 ||| Stepping ~*~*~tactically~*~*~ (stealth).
 12235 | Lair:2   | 12235 ||| Stepping ~*~*~tactically~*~*~ (stealth).
 12244 | Lair:2   | Reached skill level 3 in Throwing
 12245 | Lair:2   | 12245 ||| Stepping ~*~*~tactically~*~*~ (stealth).
 12790 | Lair:3   | 12790 ||| Stepping ~*~*~tactically~*~*~ (hiding).
 12977 | Lair:3   | 12977 ||| INVOKING Heroism.
 12982 | Lair:3   | Reached XP level 13. HP: 77/80 MP: 17/20
 13002 | Lair:3   | 13002 ||| Stepping ~*~*~tactically~*~*~ (stealth).
 13011 | Lair:3   | Reached skill level 12 in Shields
 13032 | Lair:3   | Found a staircase to the Swamp.
 13033 | Lair:3   | 13033 ||| Stepping ~*~*~tactically~*~*~ (hiding).
 13035 | Lair:3   | 13035 ||| INVOKING Heroism.
 13077 | Lair:3   | 13077 ||| Stepping ~*~*~tactically~*~*~ (stealth).
 13197 | Lair:3   | Found a staircase to the Snake Pit.
 13199 | Lair:3   | 13199 ||| Stepping ~*~*~tactically~*~*~ (stealth).
 13201 | Lair:3   | 13201 ||| INVOKING Heroism.
 13204 | Lair:3   | Reached skill level 9 in Armour
 13210 | Lair:3   | 13210 ||| Stepping ~*~*~tactically~*~*~ (stealth).
 13213 | Lair:3   | 13213 ||| Stepping ~*~*~tactically~*~*~ (stealth).
 13220 | Lair:3   | 13220 ||| Stepping ~*~*~tactically~*~*~ (stealth).
 13232 | Lair:3   | 13232 ||| Stepping ~*~*~tactically~*~*~ (stealth).
 13241 | Lair:3   | 13241 ||| FLEEEEING.
 13242 | Lair:3   | 13242 ||| FLEEEEING.
 13243 | Lair:3   | 13243 ||| FLEEEEING.
 13244 | Lair:3   | 13244 ||| FLEEEEING.
 13245 | Lair:3   | 13245 ||| FLEEEEING.
 13246 | Lair:3   | 13246 ||| FLEEEEING.
 13249 | Lair:3   | 13249 ||| INVOKING Heroism.
 13778 | Lair:4   | 13778 ||| INVOKING Heroism.
 13995 | Lair:4   | 13995 ||| INVOKING Heroism.
 14003 | Lair:4   | Received a gift from Okawaru
 14052 | Lair:4   | You are sucked into a shaft and drop 1 floor!
 14052 | Lair:5   | Entered Level 5 of the Lair of Beasts
 14052 | Lair:5   | Found a basalt altar of Yredelemnul.
 14062 | Lair:5   | 14062 ||| INVOKING Heroism.
 14145 | Lair:5   | 14145 ||| INVOKING Heroism.
 14330 | Lair:5   | 14330 ||| INVOKING Heroism.
 14423 | Lair:4   | 14423 ||| Stepping ~*~*~tactically~*~*~ (stealth).
 14438 | Lair:4   | Found a viscous altar of Jiyva.
 14439 | Lair:4   | Found a staircase to the Slime Pits.
 14440 | Lair:4   | Found a hazy altar of Hepliaklqana.
 14441 | Lair:4   | 14441 ||| INVOKING Heroism.
 14444 | Lair:4   | 14444 ||| Stepping ~*~*~tactically~*~*~ (stealth).
 14445 | Lair:4   | 14445 ||| Stepping ~*~*~tactically~*~*~ (stealth).
 14451 | Lair:4   | 14451 ||| Stepping ~*~*~tactically~*~*~ (stealth).
 14465 | Lair:4   | 14465 ||| Stepping ~*~*~tactically~*~*~ (stealth).
 14466 | Lair:4   | 14466 ||| Stepping ~*~*~tactically~*~*~ (stealth).
 14497 | Lair:4   | 14497 ||| Stepping ~*~*~tactically~*~*~ (stealth).
 14514 | Lair:4   | 14514 ||| Stepping ~*~*~tactically~*~*~ (stealth).
 14517 | Lair:4   | 14517 ||| Stepping ~*~*~tactically~*~*~ (stealth).
 14526 | Lair:4   | 14526 ||| INVOKING Heroism.
 14527 | Lair:4   | 14527 ||| INVOKING Finesse.
 14595 | Lair:4   | 14595 ||| INVOKING Heroism.
 14601 | Lair:4   | 14601 ||| INVOKING Finesse.
 14957 | Lair:4   | Received a gift from Okawaru
 15046 | Lair:4   | 15046 ||| DROPPING ring of wizardry.
 15060 | Lair:5   | 15060 ||| INVOKING Heroism.
 15061 | Lair:5   | 15061 ||| STAIRDANCE
 15072 | Lair:4   | Reached skill level 12 in Axes
 15103 | Lair:5   | Gained mutation: Your large and strong wings let you fly.
                  | [Gargoyle growth]
 15103 | Lair:5   | Reached XP level 14. HP: 86/86 MP: 21/21
 15405 | Lair:5   | 15405 ||| INVOKING Heroism.
 15406 | Lair:5   | Received a gift from Okawaru
 15441 | Lair:5   | 15441 ||| INVOKING Finesse.
 15529 | Lair:5   | 15529 ||| INVOKING Heroism.
 15533 | Lair:5   | Received a gift from Okawaru
 15560 | Lair:5   | 15560 ||| Stepping ~*~*~tactically~*~*~ (stealth).
 15560 | Lair:5   | Found a large runed translucent door.
 15560 | Lair:5   | Found a large runed translucent door.
 15561 | Lair:5   | 15561 ||| Stepping ~*~*~tactically~*~*~ (stealth).
 15589 | Lair:5   | 15589 ||| READING 6 scrolls of teleportation.
 15592 | Lair:5   | 15592 ||| Stepping ~*~*~tactically~*~*~ (stealth).
 15610 | Lair:5   | 15610 ||| INVOKING Heroism.
 15613 | Lair:5   | 15613 ||| INVOKING Finesse.
 15620 | Lair:5   | 15620 ||| SWAPPING to +1 flail of protection.
 15624 | Lair:5   | 15624 ||| Stepping ~*~*~tactically~*~*~ (outnumbered).
 15625 | Lair:5   | 15625 ||| SWAPPING to +8 broad axe "Uluul" {drain, *Corrode
                  | Fly Will+ SInv}.
 15627 | Lair:5   | 15627 ||| SWAPPING to +1 flail of protection.
 15647 | Lair:5   | 15647 ||| SWAPPING to +8 broad axe "Uluul" {drain, *Corrode
                  | Fly Will+ SInv}.
 15882 | Lair:5   | 15882 ||| DROPPING +1 flail of protection.
 16331 | Lair:5   | 16331 ||| Stepping ~*~*~tactically~*~*~ (stealth).
 16408 | Lair:5   | 16408 ||| PLANNING D:1-11
 16545 | D:10     | Entered Level 10 of the Dungeon
 16729 | D:10     | 16729 ||| Stepping ~*~*~tactically~*~*~ (stealth).
 16731 | D:10     | 16731 ||| Stepping ~*~*~tactically~*~*~ (stealth).
 16732 | D:10     | 16732 ||| Stepping ~*~*~tactically~*~*~ (stealth).
 16736 | D:10     | 16736 ||| Stepping ~*~*~tactically~*~*~ (stealth).
 16738 | D:10     | 16738 ||| INVOKING Heroism.
 17002 | D:10     | 17002 ||| Stepping ~*~*~tactically~*~*~ (hiding).
 17005 | D:10     | 17005 ||| INVOKING Heroism.
 17251 | D:10     | 17251 ||| Stepping ~*~*~tactically~*~*~ (hiding).
 17361 | D:10     | 17361 ||| UPGRADING to +0 pair of gloves.
 17366 | D:10     | 17366 ||| READING 10 scrolls of identify.
 17366 | D:10     | 17366 ||| IDENTIFYING coppery potion
 17367 | D:10     | 17367 ||| DROPPING potion of berserk rage.
 17554 | D:11     | Noticed Gastronok
 17555 | D:11     | 17555 ||| FLEEEEING.
 17575 | D:11     | 17575 ||| FLEEEEING.
 17607 | D:11     | 17607 ||| INVOKING Heroism.
 17612 | D:11     | Killed Gastronok
 17786 | D:11     | Noticed Fannar
 17787 | D:11     | 17787 ||| Stepping ~*~*~tactically~*~*~ (hiding).
 17807 | D:11     | 17807 ||| INVOKING Heroism.
 17813 | D:11     | Killed Fannar
 18100 | D:11     | Received a gift from Okawaru
 18125 | D:11     | 18125 ||| FLEEEEING.
 18126 | D:11     | 18126 ||| FLEEEEING.
 18127 | D:11     | 18127 ||| FLEEEEING.
 18128 | D:11     | 18128 ||| FLEEEEING.
 18129 | D:11     | 18129 ||| FLEEEEING.
 18223 | D:11     | Found a staircase to the Orcish Mines.
 18466 | D:11     | 18466 ||| INVOKING Heroism.
 18467 | D:11     | Received a gift from Okawaru
 18478 | D:11     | Reached skill level 12 in Armour
 18523 | D:11     | Noticed Snorg
 18524 | D:11     | 18524 ||| INVOKING Heroism.
 18525 | D:11     | 18525 ||| INVOKING Finesse.
 18528 | D:11     | Killed Snorg
 18699 | D:11     | 18699 ||| PLANNING D
 18714 | D:12     | Received a gift from Okawaru
 18715 | D:12     | 18715 ||| STAIRDANCE
 18811 | D:12     | 18811 ||| Stepping ~*~*~tactically~*~*~ (hiding).
 18906 | D:12     | 18906 ||| INVOKING Heroism.
 18907 | D:12     | 18907 ||| INVOKING Finesse.
 18909 | D:12     | 18909 ||| SWAPPING to +0 morningstar.
 18911 | D:12     | 18911 ||| Stepping ~*~*~tactically~*~*~ (stealth).
 18918 | D:12     | 18918 ||| SWAPPING to +8 broad axe "Uluul" {drain, *Corrode
                  | Fly Will+ SInv}.
 18999 | D:12     | 18999 ||| INVOKING Heroism.
 19067 | D:12     | 19067 ||| Stepping ~*~*~tactically~*~*~ (stealth).
 19124 | D:12     | Reached skill level 15 in Shields
 19181 | D:12     | Noticed Frances
 19182 | D:12     | 19182 ||| INVOKING Heroism.
 19183 | D:12     | 19183 ||| INVOKING Finesse.
 19192 | D:12     | Killed Frances
 19217 | D:12     | Reached ****** piety under Okawaru
 19217 | D:12     | Identified the +0 crystal plate armour "Cotu Xuz" {Fly rN+
                  | Str-2 SInv} (Okawaru gifted it to you on level 12 of the
                  | Dungeon)
 19217 | D:12     | Received a gift from Okawaru
 19218 | D:12     | Reached skill level 3 in Dodging
 19572 | D:12     | 19572 ||| DROPPING +2 pair of boots.
 19573 | D:12     | 19573 ||| DROPPING amulet of regeneration.
 19574 | D:12     | 19574 ||| DROPPING ring of ice.
 19600 | D:13     | 19600 ||| INVOKING Heroism.
 19601 | D:13     | 19601 ||| INVOKING Finesse.
 19603 | D:13     | 19603 ||| SWAPPING to +0 morningstar.
 19606 | D:13     | 19606 ||| Stepping ~*~*~tactically~*~*~ (outnumbered).
 19615 | D:13     | Reached XP level 15. HP: 86/92 MP: 15/22
 19615 | D:13     | 19615 ||| SWAPPING to +8 broad axe "Uluul" {drain, *Corrode
                  | Fly Will+ SInv}.
 19713 | D:13     | 19713 ||| INVOKING Heroism.
 19714 | D:13     | 19714 ||| SWAPPING to +0 morningstar.
 19715 | D:13     | 19715 ||| INVOKING Finesse.
 19725 | D:13     | 19725 ||| SWAPPING to +8 broad axe "Uluul" {drain, *Corrode
                  | Fly Will+ SInv}.
 19840 | D:13     | Found a gate to the Vaults.
 19841 | D:13     | 19841 ||| INVOKING Heroism.
 19845 | D:13     | 19845 ||| Stepping ~*~*~tactically~*~*~ (hiding).
 19864 | D:13     | HP: 21/92 [purple ugly thing (11)]
 19865 | D:13     | 19865 ||| READING 5 scrolls of teleportation.
 19866 | D:13     | 19866 ||| DRINKING 7 potions of heal wounds.
 19922 | D:13     | 19922 ||| Stepping ~*~*~tactically~*~*~ (stealth).
 19923 | D:13     | 19923 ||| Stepping ~*~*~tactically~*~*~ (stealth).
 19924 | D:13     | 19924 ||| INVOKING Heroism.
 20070 | D:13     | 20070 ||| Stepping ~*~*~tactically~*~*~ (hiding).
 20114 | D:13     | 20114 ||| Stepping ~*~*~tactically~*~*~ (stealth).
 20295 | D:13     | 20295 ||| Stepping ~*~*~tactically~*~*~ (stealth).
 20297 | D:13     | 20297 ||| Stepping ~*~*~tactically~*~*~ (stealth).
 20340 | D:13     | Identified the +3 leather armour of Dim Light {Will++
                  | rCorr}
 20341 | D:13     | 20341 ||| Stepping ~*~*~tactically~*~*~ (stealth).
 20347 | D:13     | 20347 ||| Stepping ~*~*~tactically~*~*~ (hiding).
 20348 | D:13     | 20348 ||| INVOKING Heroism.
 20492 | D:13     | 20492 ||| Stepping ~*~*~tactically~*~*~ (hiding).
 20506 | D:13     | 20506 ||| FLEEEEING.
 20507 | D:13     | 20507 ||| FLEEEEING.
 20508 | D:13     | 20508 ||| FLEEEEING.
 20509 | D:13     | 20509 ||| FLEEEEING.
 20513 | D:13     | 20513 ||| FLEEEEING.
 20516 | D:13     | 20516 ||| FLEEEEING.
 20523 | D:13     | 20523 ||| STAIRDANCE
 20564 | D:12     | 20564 ||| DRINKING 2 orange potions.
 20614 | D:13     | Noticed Kirke
 20615 | D:13     | 20615 ||| INVOKING Heroism.
 20616 | D:13     | 20616 ||| INVOKING Finesse.
 20618 | D:13     | Noticed Erolcha
 20619 | D:13     | 20619 ||| Stepping ~*~*~tactically~*~*~ (stealth).
 20624 | D:13     | 20624 ||| Stepping ~*~*~tactically~*~*~ (stealth).
 20630 | D:13     | Killed Kirke
 20653 | D:13     | Killed Erolcha
 20766 | D:13     | Identified the +1 robe "Qapuz" {rC- Int+6 Dex+6} (Okawaru
                  | gifted it to you on level 13 of the Dungeon)
 20766 | D:13     | Received a gift from Okawaru
 21167 | D:14     | 21167 ||| INVOKING Heroism.
 21168 | D:14     | 21168 ||| Stepping ~*~*~tactically~*~*~ (stealth).
 21171 | D:14     | 21171 ||| Stepping ~*~*~tactically~*~*~ (hiding).
 21208 | D:14     | 21208 ||| Stepping ~*~*~tactically~*~*~ (hiding).
 21339 | D:14     | 21339 ||| Stepping ~*~*~tactically~*~*~ (stealth).
 21341 | D:14     | 21341 ||| Stepping ~*~*~tactically~*~*~ (hiding).
 21402 | D:14     | 21402 ||| Stepping ~*~*~tactically~*~*~ (hiding).
 21745 | D:14     | 21745 ||| INVOKING Heroism.
 21859 | D:14     | 21859 ||| Stepping ~*~*~tactically~*~*~ (stealth).
 21861 | D:14     | 21861 ||| INVOKING Heroism.
 21897 | D:14     | 21897 ||| INVOKING Heroism.
 21898 | D:14     | 21898 ||| INVOKING Finesse.
 21901 | D:14     | 21901 ||| SWAPPING to +0 morningstar.
 21908 | D:14     | 21908 ||| SWAPPING to +8 broad axe "Uluul" {drain, *Corrode
                  | Fly Will+ SInv}.
 21947 | D:14     | Found an iron altar of Okawaru.
 21954 | D:14     | Identified the +4 mace of Maveuz {pain, rPois Dex+3}
 21957 | D:14     | 21957 ||| INVOKING Heroism.
 22143 | D:14     | Identified the +10 falchion of Ecevvoh {vorpal, Str+3}
 22312 | D:14     | Reached skill level 6 in Throwing
 22343 | D:14     | 22343 ||| Stepping ~*~*~tactically~*~*~ (stealth).
 22348 | D:14     | 22348 ||| INVOKING Heroism.
 22357 | D:14     | Reached XP level 16. HP: 100/100 MP: 21/23
 22529 | D:14     | 22529 ||| READING 12 scrolls of identify.
 22529 | D:14     | 22529 ||| IDENTIFYING smoky green potion
 22530 | D:14     | 22530 ||| DROPPING potion of invisibility.
 22554 | D:15     | Entered Level 15 of the Dungeon
 22595 | D:15     | Noticed Jorgrun
 22596 | D:15     | 22596 ||| INVOKING Heroism.
 22597 | D:15     | 22597 ||| INVOKING Finesse.
 22604 | D:15     | Killed Jorgrun
 22761 | D:15     | 22761 ||| INVOKING Heroism.
 22789 | D:15     | 22789 ||| Stepping ~*~*~tactically~*~*~ (stealth).
 22811 | D:15     | 22811 ||| INVOKING Heroism.
 22826 | D:15     | Reached skill level 15 in Axes
 22832 | D:15     | 22832 ||| INVOKING Heroism.
 22851 | D:15     | Found a staircase to the Depths.
 22866 | D:15     | Received a gift from Okawaru
 22893 | D:15     | 22893 ||| Stepping ~*~*~tactically~*~*~ (hiding).
 23084 | D:15     | Noticed Josephine
 23085 | D:15     | 23085 ||| Stepping ~*~*~tactically~*~*~ (hiding).
 23105 | D:15     | Killed Josephine
 23169 | D:15     | Found a white marble altar of Elyvilon.
 23371 | D:15     | 23371 ||| Stepping ~*~*~tactically~*~*~ (hiding).
 23475 | D:15     | 23475 ||| Stepping ~*~*~tactically~*~*~ (hiding).
 23476 | D:15     | 23476 ||| Stepping ~*~*~tactically~*~*~ (hiding).
 23584 | D:15     | Found a burning altar of Makhleb.
 23662 | D:15     | Noticed Roxanne
 23663 | D:15     | 23663 ||| INVOKING Heroism.
 23664 | D:15     | 23664 ||| INVOKING Finesse.
 23672 | D:15     | HP: 23/100 [Roxanne/iron shot (40)]
 23673 | D:15     | 23673 ||| READING 6 scrolls of teleportation.
 23674 | D:15     | 23674 ||| DRINKING 7 potions of heal wounds.
 23931 | D:15     | 23931 ||| INVOKING Heroism.
 23932 | D:15     | 23932 ||| INVOKING Finesse.
 23942 | D:15     | Killed Roxanne
 24126 | D:15     | 24126 ||| PLANNING ORC
 24225 | Orc:1    | Entered Level 1 of the Orcish Mines
 24226 | Orc:1    | 24226 ||| INVOKING Heroism.
 24233 | Orc:1    | 24233 ||| Stepping ~*~*~tactically~*~*~ (hiding).
 24253 | Orc:1    | 24253 ||| INVOKING Heroism.
 24255 | Orc:1    | Identified the +0 robe "Tis Caud" {Fly Will+ Int+4}
                  | (Okawaru gifted it to you on level 1 of the Orcish Mines)
 24255 | Orc:1    | Received a gift from Okawaru
 24302 | Orc:1    | Found a bloodstained altar of Trog.
 24349 | Orc:1    | 24349 ||| INVOKING Heroism.
 24488 | Orc:1    | 24488 ||| INVOKING Heroism.
 24659 | Orc:1    | 24659 ||| Stepping ~*~*~tactically~*~*~ (hiding).
 24660 | Orc:1    | 24660 ||| Stepping ~*~*~tactically~*~*~ (hiding).
 24661 | Orc:1    | 24661 ||| Stepping ~*~*~tactically~*~*~ (hiding).
 24839 | Orc:2    | Entered Level 2 of the Orcish Mines
 24843 | Orc:2    | 24843 ||| STAIRDANCE
 24905 | Orc:2    | 24905 ||| STAIRDANCE
 24916 | Orc:2    | 24916 ||| INVOKING Heroism.
 24917 | Orc:2    | 24917 ||| STAIRDANCE
 24973 | Orc:2    | 24973 ||| STAIRDANCE
 25026 | Orc:2    | 25026 ||| STAIRDANCE
 25082 | Orc:2    | 25082 ||| STAIRDANCE
 25155 | Orc:2    | 25155 ||| INVOKING Heroism.
 25158 | Orc:2    | 25158 ||| INVOKING Finesse.
 25261 | Orc:2    | 25261 ||| Stepping ~*~*~tactically~*~*~ (stealth).
 25263 | Orc:2    | 25263 ||| INVOKING Heroism.
 25264 | Orc:2    | 25264 ||| Stepping ~*~*~tactically~*~*~ (stealth).
 25273 | Orc:2    | Reached skill level 12 in Fighting
 25278 | Orc:2    | 25278 ||| INVOKING Heroism.
 25603 | Orc:2    | 25603 ||| Stepping ~*~*~tactically~*~*~ (stealth).
 25615 | Orc:2    | 25615 ||| Stepping ~*~*~tactically~*~*~ (stealth).
 25616 | Orc:2    | 25616 ||| Stepping ~*~*~tactically~*~*~ (stealth).
 25636 | Orc:2    | 25636 ||| Stepping ~*~*~tactically~*~*~ (hiding).
 25639 | Orc:2    | 25639 ||| Stepping ~*~*~tactically~*~*~ (hiding).
 25643 | Orc:2    | 25643 ||| INVOKING Heroism.
 25665 | Orc:2    | 25665 ||| Stepping ~*~*~tactically~*~*~ (stealth).
 25674 | Orc:2    | 25674 ||| INVOKING Heroism.
 25685 | Orc:2    | 25685 ||| Stepping ~*~*~tactically~*~*~ (hiding).
 25693 | Orc:2    | 25693 ||| Stepping ~*~*~tactically~*~*~ (hiding).
 25699 | Orc:2    | 25699 ||| Stepping ~*~*~tactically~*~*~ (hiding).
 25750 | Orc:2    | Found Lyriot's General Store.
 25750 | Orc:2    | Found Onauxkal's General Store.
 25751 | Orc:2    | Found Baix's Antique Weapon Boutique.
 25751 | Orc:2    | Found Nuin's Magic Scroll Emporium.
 25754 | Orc:2    | 25754 ||| Stepping ~*~*~tactically~*~*~ (hiding).
 25758 | Orc:2    | 25758 ||| INVOKING Heroism.
 25781 | Orc:2    | 25781 ||| BUYING potion of attraction (39 gold).
 25781 | Orc:2    | Bought a potion of attraction for 39 gold pieces
 25781 | Orc:2    | 25781 ||| BUYING potion of cancellation (104 gold).
 25781 | Orc:2    | Bought a potion of cancellation for 104 gold pieces
 25781 | Orc:2    | 25781 ||| BUYING potion of might (52 gold).
 25781 | Orc:2    | Bought a potion of might for 52 gold pieces
 25782 | Orc:2    | 25782 ||| BUYING runed war axe (169 gold).
 25782 | Orc:2    | Bought a runed war axe for 169 gold pieces
 25782 | Orc:2    | 25782 ||| DROPPING +2 vorpal war axe.
 25784 | Orc:2    | 25784 ||| BUYING scroll of blinking (105 gold).
 25784 | Orc:2    | Bought a scroll of blinking for 105 gold pieces
 25784 | Orc:2    | 25784 ||| BUYING scroll of enchant armour (105 gold).
 25784 | Orc:2    | Bought a scroll of enchant armour for 105 gold pieces
 25784 | Orc:2    | 25784 ||| BUYING scroll of enchant weapon (105 gold).
 25784 | Orc:2    | Bought a scroll of enchant weapon for 105 gold pieces
 25784 | Orc:2    | 25784 ||| BUYING scroll of teleportation (42 gold).
 25784 | Orc:2    | Bought a scroll of teleportation for 42 gold pieces
 25784 | Orc:2    | 25784 ||| READING scroll of enchant armour.
 25784 | Orc:2    | 25784 ||| ENCHANTING +0 crystal plate armour.
 25904 | Orc:2    | 25904 ||| Stepping ~*~*~tactically~*~*~ (stealth).
 25906 | Orc:2    | 25906 ||| Stepping ~*~*~tactically~*~*~ (hiding).
 25907 | Orc:2    | 25907 ||| INVOKING Heroism.
 25950 | Orc:2    | Found a staircase to the Elven Halls.
 26140 | Orc:2    | 26140 ||| PLANNING SNAKE:1-3
 26310 | Snake:1  | Entered Level 1 of the Snake Pit
 26344 | Snake:1  | 26344 ||| Stepping ~*~*~tactically~*~*~ (hiding).
 26350 | Snake:1  | Identified the +5 flail of Bespelled Tortfeasance {spect,
                  | rElec rPois rC- Str+4} (Okawaru gifted it to you on level 1
                  | of the Snake Pit)
 26350 | Snake:1  | Received a gift from Okawaru
 26357 | Snake:1  | 26357 ||| Stepping ~*~*~tactically~*~*~ (stealth).
 26359 | Snake:1  | 26359 ||| Stepping ~*~*~tactically~*~*~ (hiding).
 26360 | Snake:1  | 26360 ||| Stepping ~*~*~tactically~*~*~ (hiding).
 26363 | Snake:1  | 26363 ||| Stepping ~*~*~tactically~*~*~ (hiding).
 26366 | Snake:1  | 26366 ||| Stepping ~*~*~tactically~*~*~ (stealth).
 26375 | Snake:1  | 26375 ||| INVOKING Heroism.
 26424 | Snake:1  | Reached XP level 17. HP: 106/106 MP: 24/24
 26435 | Snake:1  | 26435 ||| Stepping ~*~*~tactically~*~*~ (hiding).
 26592 | Snake:1  | 26592 ||| Stepping ~*~*~tactically~*~*~ (hiding).
 26595 | Snake:1  | 26595 ||| Stepping ~*~*~tactically~*~*~ (hiding).
 26596 | Snake:1  | 26596 ||| Stepping ~*~*~tactically~*~*~ (hiding).
 26610 | Snake:1  | 26610 ||| INVOKING Heroism.
 26622 | Snake:1  | 26622 ||| Stepping ~*~*~tactically~*~*~ (hiding).
 26669 | Snake:1  | 26669 ||| Stepping ~*~*~tactically~*~*~ (stealth).
 26670 | Snake:1  | 26670 ||| Stepping ~*~*~tactically~*~*~ (stealth).
 26800 | Snake:1  | 26800 ||| Stepping ~*~*~tactically~*~*~ (hiding).
 26802 | Snake:1  | 26802 ||| INVOKING Heroism.
 26829 | Snake:1  | 26829 ||| INVOKING Heroism.
 26835 | Snake:1  | Received a gift from Okawaru
 26894 | Snake:1  | 26894 ||| Stepping ~*~*~tactically~*~*~ (hiding).
 26897 | Snake:1  | 26897 ||| Stepping ~*~*~tactically~*~*~ (stealth).
 26898 | Snake:1  | 26898 ||| Stepping ~*~*~tactically~*~*~ (hiding).
 26899 | Snake:1  | 26899 ||| Stepping ~*~*~tactically~*~*~ (hiding).
 26900 | Snake:1  | 26900 ||| INVOKING Heroism.
 26901 | Snake:1  | 26901 ||| Stepping ~*~*~tactically~*~*~ (hiding).
 26959 | Snake:1  | Reached skill level 15 in Armour
 27152 | Snake:1  | 27152 ||| Stepping ~*~*~tactically~*~*~ (hiding).
 27380 | Snake:1  | 27380 ||| DROPPING scarf of shadows.
 27517 | Snake:2  | 27517 ||| Stepping ~*~*~tactically~*~*~ (hiding).
 27520 | Snake:2  | 27520 ||| Stepping ~*~*~tactically~*~*~ (hiding).
 27564 | Snake:2  | 27564 ||| Stepping ~*~*~tactically~*~*~ (hiding).
 27570 | Snake:2  | 27570 ||| INVOKING Heroism.
 27581 | Snake:2  | 27581 ||| Stepping ~*~*~tactically~*~*~ (hiding).
 27593 | Snake:2  | 27593 ||| Stepping ~*~*~tactically~*~*~ (stealth).
 27629 | Snake:2  | 27629 ||| INVOKING Heroism.
 27640 | Snake:2  | Received a gift from Okawaru
 27690 | Snake:2  | 27690 ||| DROPPING +2 war axe of draining.
 27770 | Snake:2  | 27770 ||| Stepping ~*~*~tactically~*~*~ (hiding).
 27879 | Snake:2  | 27879 ||| Stepping ~*~*~tactically~*~*~ (hiding).
 27881 | Snake:2  | 27881 ||| Stepping ~*~*~tactically~*~*~ (hiding).
 27885 | Snake:2  | 27885 ||| Stepping ~*~*~tactically~*~*~ (hiding).
 27889 | Snake:2  | 27889 ||| INVOKING Heroism.
 28200 | Snake:3  | 28200 ||| INVOKING Heroism.
 28201 | Snake:3  | 28201 ||| STAIRDANCE
 28217 | Snake:3  | 28217 ||| STAIRDANCE
 28295 | Snake:3  | 28295 ||| INVOKING Heroism.
 28402 | Snake:3  | 28402 ||| INVOKING Heroism.
 28468 | Snake:3  | 28468 ||| INVOKING Heroism.
 28474 | Snake:3  | Found a glowing silver altar of Zin.
 28569 | Snake:3  | 28569 ||| Stepping ~*~*~tactically~*~*~ (stealth).
 28574 | Snake:3  | 28574 ||| Stepping ~*~*~tactically~*~*~ (hiding).
 28575 | Snake:3  | 28575 ||| Stepping ~*~*~tactically~*~*~ (hiding).
 28717 | Snake:3  | Received a gift from Okawaru
 28736 | Snake:3  | Noticed Aizul
 28737 | Snake:3  | 28737 ||| INVOKING Heroism.
 28738 | Snake:3  | 28738 ||| INVOKING Finesse.
 28753 | Snake:3  | Killed Aizul
 28819 | Snake:3  | 28819 ||| INVOKING Heroism.
 28853 | Snake:3  | 28853 ||| Stepping ~*~*~tactically~*~*~ (hiding).
 28860 | Snake:3  | 28860 ||| INVOKING Heroism.
 28884 | Snake:3  | 28884 ||| Stepping ~*~*~tactically~*~*~ (hiding).
 28885 | Snake:3  | 28885 ||| Stepping ~*~*~tactically~*~*~ (hiding).
 28888 | Snake:3  | 28888 ||| Stepping ~*~*~tactically~*~*~ (hiding).
 29223 | Snake:3  | 29223 ||| PLANNING SWAMP:1-3
 29223 | Snake:3  | 29223 ||| READING scroll labelled GEDADU DYPIBE.
 29301 | Swamp:1  | Entered Level 1 of the Swamp
 29312 | Swamp:1  | 29312 ||| INVOKING Heroism.
 29314 | Swamp:1  | 29314 ||| SWAPPING to +0 morningstar.
 29326 | Swamp:1  | Reached XP level 18. HP: 97/114 MP: 25/25
 29326 | Swamp:1  | 29326 ||| SWAPPING to +8 broad axe "Uluul" {drain, *Corrode
                  | Fly Will+ SInv}.
 29383 | Swamp:1  | 29383 ||| DROPPING +5 flail of Bespelled Tortfeasance
                  | {spect, rElec rPois rC- Str+4}.
 29384 | Swamp:1  | 29384 ||| DROPPING +0 morningstar.
 29423 | Swamp:1  | 29423 ||| Stepping ~*~*~tactically~*~*~ (hiding).
 29531 | Swamp:1  | 29531 ||| INVOKING Heroism.
 29589 | Swamp:1  | 29589 ||| INVOKING Heroism.
 29634 | Swamp:1  | Received a gift from Okawaru
 29759 | Swamp:1  | 29759 ||| DROPPING +2 vorpal broad axe.
 29769 | Swamp:1  | 29769 ||| Stepping ~*~*~tactically~*~*~ (hiding).
 29897 | Swamp:1  | 29897 ||| Stepping ~*~*~tactically~*~*~ (hiding).
 30033 | Swamp:1  | 30033 ||| INVOKING Heroism.
 30085 | Swamp:1  | 30085 ||| Stepping ~*~*~tactically~*~*~ (hiding).
 30091 | Swamp:1  | 30091 ||| INVOKING Heroism.
 30226 | Swamp:1  | 30226 ||| Stepping ~*~*~tactically~*~*~ (hiding).
 30345 | Swamp:1  | 30345 ||| INVOKING Heroism.
 30399 | Swamp:2  | 30399 ||| INVOKING Heroism.
 30495 | Swamp:2  | 30495 ||| INVOKING Heroism.
 30583 | Swamp:2  | 30583 ||| INVOKING Heroism.
 30725 | Swamp:2  | Received a gift from Okawaru
 30837 | Swamp:2  | 30837 ||| INVOKING Heroism.
 31129 | Swamp:2  | 31129 ||| Stepping ~*~*~tactically~*~*~ (stealth).
 31131 | Swamp:2  | 31131 ||| Stepping ~*~*~tactically~*~*~ (hiding).
 31132 | Swamp:2  | 31132 ||| INVOKING Heroism.
 31133 | Swamp:2  | 31133 ||| Stepping ~*~*~tactically~*~*~ (hiding).
 31135 | Swamp:2  | 31135 ||| Stepping ~*~*~tactically~*~*~ (hiding).
 31228 | Swamp:3  | 31228 ||| STAIRDANCE
 31230 | Swamp:2  | 31230 ||| INVOKING Heroism.
 31293 | Swamp:3  | 31293 ||| STAIRDANCE
 31300 | Swamp:3  | 31300 ||| STAIRDANCE
 31302 | Swamp:2  | 31302 ||| INVOKING Heroism.
 31379 | Swamp:3  | 31379 ||| INVOKING Heroism.
 31529 | Swamp:3  | 31529 ||| Stepping ~*~*~tactically~*~*~ (hiding).
 31658 | Swamp:3  | 31658 ||| INVOKING Heroism.
 31720 | Swamp:3  | 31720 ||| INVOKING Heroism.
 31797 | Swamp:3  | 31797 ||| Stepping ~*~*~tactically~*~*~ (stealth).
 31799 | Swamp:3  | 31799 ||| Stepping ~*~*~tactically~*~*~ (stealth).
 31819 | Swamp:3  | Reached skill level 18 in Axes
 31967 | Swamp:3  | 31967 ||| Stepping ~*~*~tactically~*~*~ (hiding).
 32145 | Swamp:3  | 32145 ||| PLANNING SNAKE:4
 32265 | Snake:4  | Entered Level 4 of the Snake Pit
 32266 | Snake:4  | 32266 ||| INVOKING Heroism.
 32277 | Snake:4  | Identified the +1 ring mail "Naebi" {Contam Harm rElec
                  | Int-4} (Okawaru gifted it to you on level 4 of the Snake
                  | Pit)
 32277 | Snake:4  | Received a gift from Okawaru
 32288 | Snake:4  | Found Ikhliw's Antique Weapon Shop.
 32290 | Snake:4  | Found Tuntu's Distillery.
 32290 | Snake:4  | Found Ixooc's Assorted Antiques.
 32293 | Snake:4  | Found Ellyz's General Store.
 32295 | Snake:4  | 32295 ||| BUYING glowing war axe (273 gold).
 32295 | Snake:4  | Bought a glowing war axe for 273 gold pieces
 32295 | Snake:4  | 32295 ||| BUYING runed broad axe (294 gold).
 32295 | Snake:4  | Bought a runed broad axe for 294 gold pieces
 32295 | Snake:4  | 32295 ||| DROPPING +2 war axe of venom.
 32296 | Snake:4  | 32296 ||| DROPPING +1 broad axe of draining.
 32300 | Snake:4  | 32300 ||| BUYING potion of attraction (54 gold).
 32300 | Snake:4  | Bought a potion of attraction for 54 gold pieces
 32300 | Snake:4  | 32300 ||| BUYING potion of curing (54 gold).
 32300 | Snake:4  | Bought a potion of curing for 54 gold pieces
 32300 | Snake:4  | 32300 ||| BUYING potion of haste (180 gold).
 32300 | Snake:4  | Bought a potion of haste for 180 gold pieces
 32300 | Snake:4  | 32300 ||| BUYING potion of haste (180 gold).
 32300 | Snake:4  | Bought a potion of haste for 180 gold pieces
 32300 | Snake:4  | 32300 ||| BUYING potion of haste (180 gold).
 32300 | Snake:4  | Bought a potion of haste for 180 gold pieces
 32300 | Snake:4  | 32300 ||| BUYING potion of might (72 gold).
 32300 | Snake:4  | Bought a potion of might for 72 gold pieces
 32303 | Snake:4  | 32303 ||| BUYING potion of curing (63 gold).
 32303 | Snake:4  | Bought a potion of curing for 63 gold pieces
 32303 | Snake:4  | 32303 ||| BUYING potion of might (84 gold).
 32303 | Snake:4  | Bought a potion of might for 84 gold pieces
 32303 | Snake:4  | 32303 ||| BUYING scroll of teleportation (63 gold).
 32303 | Snake:4  | Bought a scroll of teleportation for 63 gold pieces
 32306 | Snake:4  | 32306 ||| BUYING potion of curing (96 gold).
 32306 | Snake:4  | Bought a potion of curing for 96 gold pieces
 32436 | Snake:4  | 32436 ||| INVOKING Heroism.
 32569 | Snake:4  | 32569 ||| INVOKING Heroism.
 32863 | Snake:4  | 32863 ||| INVOKING Heroism.
 32987 | Snake:4  | 32987 ||| INVOKING Heroism.
 33040 | Snake:4  | 33040 ||| INVOKING Heroism.
 33055 | Snake:4  | Reached XP level 19. HP: 119/121 MP: 22/26
 33098 | Snake:4  | 33098 ||| INVOKING Heroism.
 33132 | Snake:4  | 33132 ||| Stepping ~*~*~tactically~*~*~ (hiding).
 33209 | Snake:4  | 33209 ||| Stepping ~*~*~tactically~*~*~ (stealth).
 33295 | Snake:4  | Reached skill level 18 in Shields
 33587 | Snake:4  | 33587 ||| Stepping ~*~*~tactically~*~*~ (hiding).
 33594 | Snake:4  | 33594 ||| INVOKING Heroism.
 33627 | Snake:4  | 33627 ||| Stepping ~*~*~tactically~*~*~ (hiding).
 33629 | Snake:4  | 33629 ||| Stepping ~*~*~tactically~*~*~ (hiding).
 33747 | Snake:4  | 33747 ||| Stepping ~*~*~tactically~*~*~ (hiding).
 33756 | Snake:4  | 33756 ||| INVOKING Heroism.
 33781 | Snake:4  | Got a serpentine rune of Zot
 33788 | Snake:4  | 33788 ||| Stepping ~*~*~tactically~*~*~ (hiding).
 33837 | Snake:4  | 33837 ||| Stepping ~*~*~tactically~*~*~ (hiding).
 33844 | Snake:4  | 33844 ||| INVOKING Heroism.
 33854 | Snake:4  | 33854 ||| Stepping ~*~*~tactically~*~*~ (hiding).
 33929 | Snake:4  | 33929 ||| PLANNING VAULTS:1-4
 34184 | Vaults:1 | Entered Level 1 of the Vaults
 34193 | Vaults:1 | Received a gift from Okawaru
 34198 | Vaults:1 | 34198 ||| INVOKING Heroism.
 34199 | Vaults:1 | 34199 ||| INVOKING Finesse.
 34226 | Vaults:1 | 34226 ||| Stepping ~*~*~tactically~*~*~ (hiding).
 34236 | Vaults:1 | Received a gift from Okawaru
 34237 | Vaults:1 | 34237 ||| Stepping ~*~*~tactically~*~*~ (hiding).
 34252 | Vaults:1 | 34252 ||| INVOKING Finesse.
 34273 | Vaults:1 | 34273 ||| INVOKING Heroism.
 34312 | Vaults:1 | 34312 ||| Stepping ~*~*~tactically~*~*~ (stealth).
 34314 | Vaults:1 | 34314 ||| INVOKING Heroism.
 34315 | Vaults:1 | 34315 ||| INVOKING Finesse.
 34335 | Vaults:1 | 34335 ||| Stepping ~*~*~tactically~*~*~ (stealth).
 34352 | Vaults:1 | 34352 ||| Stepping ~*~*~tactically~*~*~ (stealth).
 34386 | Vaults:1 | Identified the +9 falchion "Echaxi" {vorpal, rPois rC+
                  | Int-3 Stlth+}
 34398 | Vaults:1 | 34398 ||| Stepping ~*~*~tactically~*~*~ (stealth).
 34400 | Vaults:1 | 34400 ||| Stepping ~*~*~tactically~*~*~ (stealth).
 34401 | Vaults:1 | 34401 ||| Stepping ~*~*~tactically~*~*~ (stealth).
 34403 | Vaults:1 | 34403 ||| Stepping ~*~*~tactically~*~*~ (hiding).
 34516 | Vaults:1 | 34516 ||| INVOKING Heroism.
 34559 | Vaults:1 | 34559 ||| INVOKING Heroism.
 34592 | Vaults:1 | Reached skill level 18 in Armour
 34615 | Vaults:1 | 34615 ||| Stepping ~*~*~tactically~*~*~ (stealth).
 34616 | Vaults:1 | 34616 ||| INVOKING Heroism.
 34622 | Vaults:1 | 34622 ||| INVOKING Finesse.
 34637 | Vaults:1 | Received a gift from Okawaru
 34697 | Vaults:1 | 34697 ||| Stepping ~*~*~tactically~*~*~ (stealth).
 34700 | Vaults:1 | 34700 ||| INVOKING Heroism.
 34701 | Vaults:1 | 34701 ||| INVOKING Finesse.
 34727 | Vaults:1 | 34727 ||| Stepping ~*~*~tactically~*~*~ (stealth).
 34728 | Vaults:1 | 34728 ||| Stepping ~*~*~tactically~*~*~ (stealth).
 34737 | Vaults:1 | 34737 ||| Stepping ~*~*~tactically~*~*~ (stealth).
 34806 | Vaults:1 | 34806 ||| Stepping ~*~*~tactically~*~*~ (stealth).
 34827 | Vaults:1 | Received a gift from Okawaru
 34828 | Vaults:1 | Reached skill level 15 in Fighting
 34906 | Vaults:1 | 34906 ||| Stepping ~*~*~tactically~*~*~ (hiding).
 34950 | Vaults:1 | 34950 ||| INVOKING Heroism.
 35099 | Vaults:1 | 35099 ||| Stepping ~*~*~tactically~*~*~ (hiding).
 35119 | Vaults:1 | Identified the +0 hat of Biphar {-Tele rF+ rC+ rCorr}
                  | (Okawaru gifted it to you on level 1 of the Vaults)
 35119 | Vaults:1 | Received a gift from Okawaru
 35265 | Vaults:1 | 35265 ||| Stepping ~*~*~tactically~*~*~ (stealth).
 35456 | Vaults:1 | 35456 ||| Stepping ~*~*~tactically~*~*~ (stealth).
 35457 | Vaults:1 | 35457 ||| Stepping ~*~*~tactically~*~*~ (stealth).
 35458 | Vaults:1 | 35458 ||| Stepping ~*~*~tactically~*~*~ (stealth).
 35459 | Vaults:1 | 35459 ||| Stepping ~*~*~tactically~*~*~ (stealth).
 35465 | Vaults:1 | 35465 ||| INVOKING Heroism.
 35605 | Vaults:1 | 35605 ||| Stepping ~*~*~tactically~*~*~ (stealth).
 35607 | Vaults:1 | 35607 ||| Stepping ~*~*~tactically~*~*~ (hiding).
 35708 | Vaults:1 | Reached XP level 20. HP: 128/129 MP: 27/27
 35760 | Vaults:1 | 35760 ||| READING 21 scrolls of identify.
 35760 | Vaults:1 | 35760 ||| IDENTIFYING dark potion
 35761 | Vaults:1 | 35761 ||| DROPPING potion of brilliance.
 35848 | Vaults:2 | 35848 ||| FLEEEEING.
 35849 | Vaults:2 | 35849 ||| FLEEEEING.
 35850 | Vaults:2 | 35850 ||| FLEEEEING.
 35851 | Vaults:2 | 35851 ||| FLEEEEING.
 35852 | Vaults:2 | 35852 ||| FLEEEEING.
 35853 | Vaults:2 | 35853 ||| FLEEEEING.
 35854 | Vaults:2 | 35854 ||| FLEEEEING.
 35855 | Vaults:2 | 35855 ||| FLEEEEING.
 35856 | Vaults:2 | 35856 ||| FLEEEEING.
 35857 | Vaults:2 | 35857 ||| FLEEEEING.
 35859 | Vaults:2 | 35859 ||| FLEEEEING.
 35860 | Vaults:2 | 35860 ||| FLEEEEING.
 35861 | Vaults:2 | 35861 ||| FLEEEEING.
 35862 | Vaults:2 | 35862 ||| FLEEEEING.
 35863 | Vaults:2 | 35863 ||| FLEEEEING.
 35864 | Vaults:2 | 35864 ||| FLEEEEING.
 35865 | Vaults:2 | 35865 ||| FLEEEEING.
 35866 | Vaults:2 | 35866 ||| FLEEEEING.
 35867 | Vaults:2 | 35867 ||| FLEEEEING.
 35868 | Vaults:2 | 35868 ||| FLEEEEING.
 35869 | Vaults:2 | 35869 ||| FLEEEEING.
 35870 | Vaults:2 | 35870 ||| FLEEEEING.
 35871 | Vaults:2 | 35871 ||| FLEEEEING.
 35872 | Vaults:2 | 35872 ||| FLEEEEING.
 35873 | Vaults:2 | 35873 ||| FLEEEEING.
 35874 | Vaults:2 | 35874 ||| FLEEEEING.
 35875 | Vaults:2 | 35875 ||| FLEEEEING.
 35876 | Vaults:2 | 35876 ||| FLEEEEING.
 35877 | Vaults:2 | 35877 ||| FLEEEEING.
 35878 | Vaults:2 | 35878 ||| FLEEEEING.
 35879 | Vaults:2 | 35879 ||| FLEEEEING.
 35880 | Vaults:2 | 35880 ||| FLEEEEING.
 35881 | Vaults:2 | 35881 ||| FLEEEEING.
 35882 | Vaults:2 | 35882 ||| FLEEEEING.
 35883 | Vaults:2 | 35883 ||| FLEEEEING.
 35884 | Vaults:2 | 35884 ||| FLEEEEING.
 35885 | Vaults:2 | 35885 ||| FLEEEEING.
 35890 | Vaults:2 | 35890 ||| FLEEEEING.
 35894 | Vaults:2 | 35894 ||| STAIRDANCE
 36203 | Vaults:2 | 36203 ||| Stepping ~*~*~tactically~*~*~ (hiding).
 36209 | Vaults:2 | Reached skill level 9 in Throwing
 36342 | Vaults:2 | 36342 ||| Stepping ~*~*~tactically~*~*~ (hiding).
 36479 | Vaults:2 | 36479 ||| INVOKING Heroism.
 36524 | Vaults:2 | 36524 ||| Stepping ~*~*~tactically~*~*~ (hiding).
 36525 | Vaults:2 | 36525 ||| Stepping ~*~*~tactically~*~*~ (hiding).
 36595 | Vaults:2 | 36595 ||| INVOKING Heroism.
 36705 | Vaults:2 | You are sucked into a shaft and drop 2 floors!
 36706 | Vaults:4 | 36706 ||| INVOKING Heroism.
 36787 | Vaults:3 | 36787 ||| INVOKING Heroism.
 36935 | Vaults:3 | 36935 ||| INVOKING Heroism.
 36938 | Vaults:3 | 36938 ||| Stepping ~*~*~tactically~*~*~ (hiding).
 37133 | Vaults:3 | 37133 ||| INVOKING Heroism.
 37135 | Vaults:3 | Found Oguq's Distillery.
 37174 | Vaults:3 | 37174 ||| BUYING potion of attraction (48 gold).
 37174 | Vaults:3 | Bought a potion of attraction for 48 gold pieces
 37174 | Vaults:3 | 37174 ||| BUYING potion of curing (48 gold).
 37174 | Vaults:3 | Bought a potion of curing for 48 gold pieces
 37174 | Vaults:3 | 37174 ||| BUYING potion of curing (48 gold).
 37174 | Vaults:3 | Bought a potion of curing for 48 gold pieces
 37174 | Vaults:3 | 37174 ||| BUYING potion of heal wounds (80 gold).
 37174 | Vaults:3 | Bought a potion of heal wounds for 80 gold pieces
 37174 | Vaults:3 | 37174 ||| BUYING potion of might (64 gold).
 37174 | Vaults:3 | Bought a potion of might for 64 gold pieces
 37174 | Vaults:3 | 37174 ||| BUYING potion of resistance (160 gold).
 37174 | Vaults:3 | Bought a potion of resistance for 160 gold pieces
 37204 | Vaults:3 | 37204 ||| INVOKING Heroism.
 37212 | Vaults:3 | 37212 ||| INVOKING Finesse.
 37261 | Vaults:3 | 37261 ||| INVOKING Heroism.
 37285 | Vaults:3 | 37285 ||| Stepping ~*~*~tactically~*~*~ (hiding).
 37286 | Vaults:3 | 37286 ||| Stepping ~*~*~tactically~*~*~ (hiding).
 37289 | Vaults:3 | Received a gift from Okawaru
 37324 | Vaults:3 | 37324 ||| Stepping ~*~*~tactically~*~*~ (stealth).
 37326 | Vaults:3 | 37326 ||| Stepping ~*~*~tactically~*~*~ (hiding).
 37327 | Vaults:3 | 37327 ||| Stepping ~*~*~tactically~*~*~ (hiding).
 37328 | Vaults:3 | 37328 ||| Stepping ~*~*~tactically~*~*~ (hiding).
 37474 | Vaults:3 | 37474 ||| Stepping ~*~*~tactically~*~*~ (hiding).
 37476 | Vaults:3 | 37476 ||| Stepping ~*~*~tactically~*~*~ (hiding).
 37480 | Vaults:3 | 37480 ||| Stepping ~*~*~tactically~*~*~ (hiding).
 37492 | Vaults:3 | 37492 ||| Stepping ~*~*~tactically~*~*~ (stealth).
 37520 | Vaults:3 | 37520 ||| INVOKING Heroism.
 37578 | Vaults:3 | Found a transporter.
 37582 | Vaults:3 | Identified the ring "Josuxtio" {rElec rPois Will++ EV+4
                  | Int-2}
 37594 | Vaults:3 | Identified the ring of Salvation {rPois rF+ rCorr Str+3}
 37597 | Vaults:3 | Found a transporter.
 37747 | Vaults:3 | 37747 ||| Stepping ~*~*~tactically~*~*~ (hiding).
 37841 | Vaults:3 | 37841 ||| Stepping ~*~*~tactically~*~*~ (hiding).
 37933 | Vaults:3 | 37933 ||| INVOKING Heroism.
 38115 | Vaults:3 | 38115 ||| DROPPING +6 ring of dexterity.
 38116 | Vaults:3 | 38116 ||| DROPPING ring of ice.
 38171 | Vaults:2 | 38171 ||| Stepping ~*~*~tactically~*~*~ (hiding).
 38182 | Vaults:2 | Received a gift from Okawaru
 38188 | Vaults:2 | 38188 ||| Stepping ~*~*~tactically~*~*~ (hiding).
 38189 | Vaults:2 | 38189 ||| Stepping ~*~*~tactically~*~*~ (hiding).
 38199 | Vaults:2 | 38199 ||| Stepping ~*~*~tactically~*~*~ (hiding).
 38201 | Vaults:2 | 38201 ||| Stepping ~*~*~tactically~*~*~ (hiding).
 38337 | Vaults:2 | 38337 ||| INVOKING Heroism.
 38704 | Vaults:2 | Found a staircase to the Crypt.
 38705 | Vaults:2 | 38705 ||| Stepping ~*~*~tactically~*~*~ (hiding).
 38709 | Vaults:2 | 38709 ||| Stepping ~*~*~tactically~*~*~ (stealth).
 38711 | Vaults:2 | 38711 ||| INVOKING Heroism.
 38725 | Vaults:2 | Received a gift from Okawaru
 39428 | Vaults:4 | 39428 ||| Stepping ~*~*~tactically~*~*~ (stealth).
 39429 | Vaults:4 | 39429 ||| Stepping ~*~*~tactically~*~*~ (stealth).
 39511 | Vaults:4 | 39511 ||| Stepping ~*~*~tactically~*~*~ (stealth).
 39514 | Vaults:4 | 39514 ||| Stepping ~*~*~tactically~*~*~ (hiding).
 39516 | Vaults:4 | 39516 ||| Stepping ~*~*~tactically~*~*~ (hiding).
 39669 | Vaults:4 | 39669 ||| INVOKING Heroism.
 39686 | Vaults:4 | 39686 ||| Stepping ~*~*~tactically~*~*~ (stealth).
 39714 | Vaults:4 | 39714 ||| Stepping ~*~*~tactically~*~*~ (stealth).
 39780 | Vaults:4 | 39780 ||| Stepping ~*~*~tactically~*~*~ (stealth).
 39889 | Vaults:4 | Reached XP level 21. HP: 108/138 MP: 28/28
 40095 | Vaults:4 | 40095 ||| Stepping ~*~*~tactically~*~*~ (hiding).
 40102 | Vaults:4 | Received a gift from Okawaru
 40470 | Vaults:4 | 40470 ||| Stepping ~*~*~tactically~*~*~ (hiding).
 40484 | Vaults:4 | 40484 ||| INVOKING Heroism.
 40500 | Vaults:4 | Reached skill level 6 in Dodging
 40553 | Vaults:4 | 40553 ||| Stepping ~*~*~tactically~*~*~ (hiding).
 40559 | Vaults:4 | 40559 ||| INVOKING Heroism.
 40574 | Vaults:4 | 40574 ||| Stepping ~*~*~tactically~*~*~ (hiding).
 40577 | Vaults:4 | 40577 ||| Stepping ~*~*~tactically~*~*~ (hiding).
 40578 | Vaults:4 | 40578 ||| Stepping ~*~*~tactically~*~*~ (hiding).
 40746 | Vaults:4 | 40746 ||| Stepping ~*~*~tactically~*~*~ (hiding).
 40747 | Vaults:4 | 40747 ||| INVOKING Heroism.
 41084 | Vaults:4 | 41084 ||| PLANNING SWAMP:4
 41538 | Swamp:4  | Entered Level 4 of the Swamp
 41547 | Swamp:4  | 41547 ||| READING scroll of enchant armour.
 41547 | Swamp:4  | 41547 ||| ENCHANTING +1 crystal plate armour.
 41602 | Swamp:4  | 41602 ||| Stepping ~*~*~tactically~*~*~ (hiding).
 41605 | Swamp:4  | 41605 ||| Stepping ~*~*~tactically~*~*~ (hiding).
 41606 | Swamp:4  | 41606 ||| Stepping ~*~*~tactically~*~*~ (hiding).
 41670 | Swamp:4  | 41670 ||| Stepping ~*~*~tactically~*~*~ (hiding).
 41671 | Swamp:4  | 41671 ||| Stepping ~*~*~tactically~*~*~ (hiding).
 41672 | Swamp:4  | 41672 ||| Stepping ~*~*~tactically~*~*~ (hiding).
 41673 | Swamp:4  | 41673 ||| Stepping ~*~*~tactically~*~*~ (hiding).
 41674 | Swamp:4  | 41674 ||| Stepping ~*~*~tactically~*~*~ (hiding).
 41757 | Swamp:4  | 41757 ||| Stepping ~*~*~tactically~*~*~ (stealth).
 41763 | Swamp:4  | 41763 ||| INVOKING Heroism.
 41764 | Swamp:4  | Found a basalt altar of Yredelemnul.
 41768 | Swamp:4  | 41768 ||| Stepping ~*~*~tactically~*~*~ (cloud).
 41775 | Swamp:4  | Received a gift from Okawaru
 41775 | Swamp:4  | Found the +0 pair of fencer's gloves {Riposte Dex+3}
 41816 | Swamp:4  | 41816 ||| Stepping ~*~*~tactically~*~*~ (stealth).
 41817 | Swamp:4  | 41817 ||| INVOKING Heroism.
 41873 | Swamp:4  | 41873 ||| FLEEEEING.
 41875 | Swamp:4  | 41875 ||| FLEEEEING.
 41877 | Swamp:4  | 41877 ||| FLEEEEING.
 41880 | Swamp:4  | 41880 ||| FLEEEEING.
 41881 | Swamp:4  | 41881 ||| FLEEEEING.
 41883 | Swamp:4  | 41883 ||| FLEEEEING.
 41884 | Swamp:4  | 41884 ||| INVOKING Heroism.
 42167 | Swamp:4  | 42167 ||| Stepping ~*~*~tactically~*~*~ (stealth).
 42168 | Swamp:4  | 42168 ||| Stepping ~*~*~tactically~*~*~ (stealth).
 42171 | Swamp:4  | 42171 ||| Stepping ~*~*~tactically~*~*~ (stealth).
 42180 | Swamp:4  | 42180 ||| Stepping ~*~*~tactically~*~*~ (stealth).
 42214 | Swamp:4  | 42214 ||| Stepping ~*~*~tactically~*~*~ (hiding).
 42373 | Swamp:4  | 42373 ||| Stepping ~*~*~tactically~*~*~ (hiding).
 42398 | Swamp:4  | 42398 ||| Stepping ~*~*~tactically~*~*~ (hiding).
 42453 | Swamp:4  | 42453 ||| INVOKING Heroism.
 42454 | Swamp:4  | 42454 ||| Stepping ~*~*~tactically~*~*~ (cloud).
 42471 | Swamp:4  | 42471 ||| Stepping ~*~*~tactically~*~*~ (hiding).
 42488 | Swamp:4  | 42488 ||| INVOKING Heroism.
 42530 | Swamp:4  | 42530 ||| FLEEEEING.
 42531 | Swamp:4  | 42531 ||| INVOKING Heroism.
 42579 | Swamp:4  | 42579 ||| INVOKING Heroism.
 42617 | Swamp:4  | 42617 ||| FLEEEEING.
 42618 | Swamp:4  | 42618 ||| FLEEEEING.
 42667 | Swamp:4  | 42667 ||| INVOKING Heroism.
 42722 | Swamp:4  | 42722 ||| INVOKING Heroism.
 42971 | Swamp:4  | Reached skill level 18 in Fighting
 42971 | Swamp:4  | 42971 ||| Stepping ~*~*~tactically~*~*~ (stealth).
 42976 | Swamp:4  | 42976 ||| Stepping ~*~*~tactically~*~*~ (stealth).
 42986 | Swamp:4  | 42986 ||| Stepping ~*~*~tactically~*~*~ (stealth).
 42987 | Swamp:4  | 42987 ||| Stepping ~*~*~tactically~*~*~ (stealth).
 42992 | Swamp:4  | 42992 ||| Stepping ~*~*~tactically~*~*~ (stealth).
 42993 | Swamp:4  | 42993 ||| Stepping ~*~*~tactically~*~*~ (stealth).
 42994 | Swamp:4  | 42994 ||| Stepping ~*~*~tactically~*~*~ (stealth).
 42995 | Swamp:4  | 42995 ||| Stepping ~*~*~tactically~*~*~ (stealth).
 42996 | Swamp:4  | 42996 ||| Stepping ~*~*~tactically~*~*~ (stealth).
 43047 | Swamp:4  | 43047 ||| Stepping ~*~*~tactically~*~*~ (hiding).
 43118 | Swamp:4  | Identified the +11 flail of Avant Garde Punishment {flame,
                  | Will+ Str-4 Int+6}
 43124 | Swamp:4  | 43124 ||| INVOKING Heroism.
 43156 | Swamp:4  | Identified the +0 chain mail of the Spheres {*Slow rElec
                  | Will+ Slay+4}
 43195 | Swamp:4  | Got a decaying rune of Zot
 43403 | Swamp:4  | 43403 ||| PLANNING DEPTHS
 43403 | Swamp:4  | 43403 ||| UPGRADING to +0 pair of fencer's gloves {Riposte
                  | Dex+3}.
 43413 | Swamp:4  | 43413 ||| DROPPING +0 pair of gloves.
 43729 | Depths:1 | Entered Level 1 of the Depths
 43801 | Depths:1 | Found a hazy altar of Hepliaklqana.
 43845 | Depths:1 | 43845 ||| INVOKING Heroism.
 43846 | Depths:1 | 43846 ||| INVOKING Finesse.
 43848 | Depths:1 | 43848 ||| Stepping ~*~*~tactically~*~*~ (stealth).
 43851 | Depths:1 | 43851 ||| Stepping ~*~*~tactically~*~*~ (hiding).
 43879 | Depths:1 | 43879 ||| Stepping ~*~*~tactically~*~*~ (stealth).
 43883 | Depths:1 | 43883 ||| Stepping ~*~*~tactically~*~*~ (hiding).
 43913 | Depths:1 | 43913 ||| Stepping ~*~*~tactically~*~*~ (stealth).
 43915 | Depths:1 | 43915 ||| INVOKING Heroism.
 43921 | Depths:1 | 43921 ||| INVOKING Finesse.
 43922 | Depths:1 | 43922 ||| Stepping ~*~*~tactically~*~*~ (stealth).
 43976 | Depths:1 | 43976 ||| Stepping ~*~*~tactically~*~*~ (stealth).
 43994 | Depths:1 | 43994 ||| INVOKING Heroism.
 43995 | Depths:1 | 43995 ||| INVOKING Finesse.
 44055 | Depths:1 | HP: 13/141 [ice dragon/blast of cold (36)]
 44056 | Depths:1 | 44056 ||| READING 13 scrolls of teleportation.
 44057 | Depths:1 | 44057 ||| DRINKING 13 potions of heal wounds.
 44061 | Depths:1 | Received a gift from Okawaru
 44061 | Depths:1 | Found Iprynote's Distillery.
 44069 | Depths:1 | 44069 ||| INVOKING Finesse.
 44075 | Depths:1 | Reached skill level 21 in Armour
 44334 | Depths:1 | 44334 ||| Stepping ~*~*~tactically~*~*~ (stealth).
 44345 | Depths:1 | 44345 ||| Stepping ~*~*~tactically~*~*~ (stealth).
 44347 | Depths:1 | 44347 ||| Stepping ~*~*~tactically~*~*~ (stealth).
 44358 | Depths:1 | 44358 ||| Stepping ~*~*~tactically~*~*~ (stealth).
 44359 | Depths:1 | 44359 ||| Stepping ~*~*~tactically~*~*~ (stealth).
 44366 | Depths:1 | Reached XP level 22. HP: 143/147 MP: 29/29
 44381 | Depths:1 | 44381 ||| BUYING potion of attraction (60 gold).
 44381 | Depths:1 | Bought a potion of attraction for 60 gold pieces
 44381 | Depths:1 | 44381 ||| BUYING potion of curing (60 gold).
 44381 | Depths:1 | Bought a potion of curing for 60 gold pieces
 44381 | Depths:1 | 44381 ||| BUYING potion of heal wounds (100 gold).
 44381 | Depths:1 | Bought a potion of heal wounds for 100 gold pieces
 44381 | Depths:1 | 44381 ||| BUYING potion of lignification (60 gold).
 44381 | Depths:1 | Bought a potion of lignification for 60 gold pieces
 44381 | Depths:1 | 44381 ||| BUYING potion of might (80 gold).
 44381 | Depths:1 | Bought a potion of might for 80 gold pieces
 44381 | Depths:1 | 44381 ||| BUYING potion of mutation (160 gold).
 44381 | Depths:1 | Bought a potion of mutation for 160 gold pieces
 44390 | Depths:1 | Found a one-way gateway to a ziggurat.
 44394 | Depths:1 | 44394 ||| INVOKING Heroism.
 44398 | Depths:1 | 44398 ||| INVOKING Finesse.
 44419 | Depths:1 | 44419 ||| Stepping ~*~*~tactically~*~*~ (stealth).
 44485 | Depths:1 | 44485 ||| Stepping ~*~*~tactically~*~*~ (stealth).
 44486 | Depths:1 | 44486 ||| INVOKING Heroism.
 44487 | Depths:1 | 44487 ||| INVOKING Finesse.
 44603 | Depths:1 | 44603 ||| Stepping ~*~*~tactically~*~*~ (stealth).
 44617 | Depths:1 | 44617 ||| INVOKING Heroism.
 44618 | Depths:1 | 44618 ||| INVOKING Finesse.
 44624 | Depths:1 | 44624 ||| Stepping ~*~*~tactically~*~*~ (stealth).
 44631 | Depths:1 | Received a gift from Okawaru
 44635 | Depths:1 | 44635 ||| DRINKING 4 potions of resistance.
 44668 | Depths:1 | Found a gateway to Hell.
 44670 | Depths:1 | 44670 ||| Stepping ~*~*~tactically~*~*~ (hiding).
 44682 | Depths:1 | Received a gift from Okawaru
 44684 | Depths:1 | Noticed a golden dragon
 44685 | Depths:1 | 44685 ||| Stepping ~*~*~tactically~*~*~ (stealth).
 44686 | Depths:1 | 44686 ||| INVOKING Heroism.
 44687 | Depths:1 | 44687 ||| INVOKING Finesse.
 44694 | Depths:1 | Killed a golden dragon
 44875 | Depths:1 | 44875 ||| INVOKING Heroism.
 44876 | Depths:1 | 44876 ||| INVOKING Finesse.
 44903 | Depths:1 | 44903 ||| Stepping ~*~*~tactically~*~*~ (stealth).
 44911 | Depths:1 | 44911 ||| INVOKING Heroism.
 44921 | Depths:1 | 44921 ||| Stepping ~*~*~tactically~*~*~ (stealth).
 44924 | Depths:1 | 44924 ||| Stepping ~*~*~tactically~*~*~ (hiding).
 44925 | Depths:1 | 44925 ||| Stepping ~*~*~tactically~*~*~ (hiding).
 44936 | Depths:1 | Identified the +1 pair of boots of Lethargy {Harm Str+6}
                  | (Okawaru gifted it to you on level 1 of the Depths)
 44936 | Depths:1 | Received a gift from Okawaru
 44942 | Depths:1 | 44942 ||| Stepping ~*~*~tactically~*~*~ (hiding).
 44946 | Depths:1 | 44946 ||| Stepping ~*~*~tactically~*~*~ (hiding).
 44957 | Depths:1 | 44957 ||| Stepping ~*~*~tactically~*~*~ (cloud).
 44959 | Depths:1 | 44959 ||| Stepping ~*~*~tactically~*~*~ (hiding).
 44960 | Depths:1 | 44960 ||| Stepping ~*~*~tactically~*~*~ (hiding).
 44970 | Depths:1 | 44970 ||| INVOKING Heroism.
 44992 | Depths:1 | 44992 ||| Stepping ~*~*~tactically~*~*~ (hiding).
 44993 | Depths:1 | 44993 ||| INVOKING Heroism.
 45048 | Depths:1 | 45048 ||| Stepping ~*~*~tactically~*~*~ (stealth).
 45160 | Depths:1 | 45160 ||| Stepping ~*~*~tactically~*~*~ (stealth).
 45166 | Depths:1 | 45166 ||| Stepping ~*~*~tactically~*~*~ (stealth).
 45225 | Depths:1 | 45225 ||| INVOKING Finesse.
 45347 | Depths:1 | 45347 ||| INVOKING Heroism.
 45417 | Depths:1 | 45417 ||| Stepping ~*~*~tactically~*~*~ (stealth).
 45425 | Depths:1 | 45425 ||| Stepping ~*~*~tactically~*~*~ (stealth).
 45460 | Depths:1 | 45460 ||| INVOKING Heroism.
 45462 | Depths:1 | 45462 ||| INVOKING Finesse.
 45504 | Depths:1 | Noticed Sojobo
 45519 | Depths:1 | 45519 ||| Stepping ~*~*~tactically~*~*~ (hiding).
 45520 | Depths:1 | 45520 ||| Stepping ~*~*~tactically~*~*~ (hiding).
 45522 | Depths:1 | 45522 ||| Stepping ~*~*~tactically~*~*~ (hiding).
 45524 | Depths:1 | 45524 ||| INVOKING Finesse.
 45529 | Depths:1 | Killed Sojobo
 45536 | Depths:1 | 45536 ||| INVOKING Heroism.
 45708 | Depths:1 | Noticed the Enchantress
 45709 | Depths:1 | 45709 ||| INVOKING Heroism.
 45710 | Depths:1 | 45710 ||| INVOKING Finesse.
 45726 | Depths:1 | Killed the Enchantress
 46024 | Depths:1 | 46024 ||| Stepping ~*~*~tactically~*~*~ (stealth).
 46157 | Depths:1 | 46157 ||| DROPPING +2 pair of boots.
 46158 | Depths:1 | 46158 ||| DROPPING ring of willpower.
 46282 | Depths:2 | 46282 ||| Stepping ~*~*~tactically~*~*~ (hiding).
 46284 | Depths:2 | 46284 ||| INVOKING Heroism.
 46285 | Depths:2 | 46285 ||| INVOKING Finesse.
 46335 | Depths:2 | 46335 ||| Stepping ~*~*~tactically~*~*~ (hiding).
 46340 | Depths:2 | 46340 ||| INVOKING Heroism.
 46426 | Depths:2 | 46426 ||| INVOKING Heroism.
 46429 | Depths:2 | Paralysed by a floating eye for 2 turns
 46693 | Depths:2 | 46693 ||| INVOKING Heroism.
 46694 | Depths:2 | 46694 ||| Stepping ~*~*~tactically~*~*~ (stealth).
 46763 | Depths:2 | 46763 ||| Stepping ~*~*~tactically~*~*~ (hiding).
 46801 | Depths:2 | 46801 ||| INVOKING Heroism.
 46831 | Depths:2 | 46831 ||| INVOKING Finesse.
 46870 | Depths:2 | 46870 ||| Stepping ~*~*~tactically~*~*~ (hiding).
 46876 | Depths:2 | 46876 ||| INVOKING Heroism.
 46877 | Depths:2 | 46877 ||| INVOKING Finesse.
 46883 | Depths:2 | Received a gift from Okawaru
 46884 | Depths:2 | 46884 ||| Stepping ~*~*~tactically~*~*~ (hiding).
 46886 | Depths:2 | 46886 ||| Stepping ~*~*~tactically~*~*~ (hiding).
 46933 | Depths:2 | 46933 ||| Stepping ~*~*~tactically~*~*~ (hiding).
 46936 | Depths:2 | 46936 ||| Stepping ~*~*~tactically~*~*~ (hiding).
 47029 | Depths:2 | 47029 ||| INVOKING Heroism.
 47067 | Depths:2 | 47067 ||| INVOKING Finesse.
 47072 | Depths:2 | 47072 ||| Stepping ~*~*~tactically~*~*~ (stealth).
 47087 | Depths:2 | 47087 ||| INVOKING Heroism.
 47092 | Depths:2 | 47092 ||| FLEEEEING.
 47093 | Depths:2 | 47093 ||| FLEEEEING.
 47094 | Depths:2 | 47094 ||| FLEEEEING.
 47095 | Depths:2 | 47095 ||| FLEEEEING.
 47101 | Depths:2 | 47101 ||| Stepping ~*~*~tactically~*~*~ (hiding).
 47103 | Depths:2 | 47103 ||| FLEEEEING.
 47104 | Depths:2 | 47104 ||| FLEEEEING.
 47107 | Depths:2 | 47107 ||| FLEEEEING.
 47108 | Depths:2 | 47108 ||| FLEEEEING.
 47120 | Depths:2 | Received a gift from Okawaru
 47122 | Depths:2 | 47122 ||| INVOKING Heroism.
 47169 | Depths:2 | 47169 ||| Stepping ~*~*~tactically~*~*~ (stealth).
 47173 | Depths:2 | 47173 ||| Stepping ~*~*~tactically~*~*~ (stealth).
 47409 | Depths:2 | 47409 ||| INVOKING Heroism.
 47412 | Depths:2 | Reached XP level 23. HP: 131/155 MP: 27/30
 47447 | Depths:2 | 47447 ||| Stepping ~*~*~tactically~*~*~ (stealth).
 47459 | Depths:2 | 47459 ||| Stepping ~*~*~tactically~*~*~ (stealth).
 47462 | Depths:2 | 47462 ||| Stepping ~*~*~tactically~*~*~ (stealth).
 47557 | Depths:2 | 47557 ||| READING 13 scrolls of teleportation.
 48024 | Depths:2 | Received a gift from Okawaru
 48163 | Depths:2 | Found a one-way gate to the infinite horrors of the Abyss.
 48209 | Depths:2 | Found a one-way gate leading to the halls of Pandemonium.
 48248 | Depths:2 | 48248 ||| UPGRADING to +4 ring of slaying {mikee}.
 48250 | Depths:2 | 48250 ||| DROPPING +6 ring of strength.
 48274 | Depths:3 | 48274 ||| INVOKING Heroism.
 48275 | Depths:3 | Found Meiqam's Weapon Emporium.
 48276 | Depths:3 | 48276 ||| INVOKING Finesse.
 48366 | Depths:3 | 48366 ||| Stepping ~*~*~tactically~*~*~ (hiding).
 48368 | Depths:3 | 48368 ||| Stepping ~*~*~tactically~*~*~ (stealth).
 48414 | Depths:3 | 48414 ||| Stepping ~*~*~tactically~*~*~ (stealth).
 48415 | Depths:3 | 48415 ||| Stepping ~*~*~tactically~*~*~ (stealth).
 48471 | Depths:3 | 48471 ||| Stepping ~*~*~tactically~*~*~ (hiding).
 48502 | Depths:3 | 48502 ||| INVOKING Heroism.
 48503 | Depths:3 | 48503 ||| INVOKING Finesse.
 48509 | Depths:3 | 48509 ||| Stepping ~*~*~tactically~*~*~ (stealth).
 48542 | Depths:3 | 48542 ||| Stepping ~*~*~tactically~*~*~ (hiding).
 48555 | Depths:3 | 48555 ||| Stepping ~*~*~tactically~*~*~ (stealth).
 48557 | Depths:3 | 48557 ||| INVOKING Finesse.
 48565 | Depths:3 | 48565 ||| Stepping ~*~*~tactically~*~*~ (stealth).
 48568 | Depths:3 | 48568 ||| READING 12 scrolls of teleportation.
 48587 | Depths:3 | 48587 ||| READING 11 scrolls of teleportation.
 48593 | Depths:3 | 48593 ||| INVOKING Heroism.
 48646 | Depths:3 | 48646 ||| Stepping ~*~*~tactically~*~*~ (stealth).
 48648 | Depths:3 | 48648 ||| Stepping ~*~*~tactically~*~*~ (stealth).
 48685 | Depths:3 | Noticed Louise
 48686 | Depths:3 | 48686 ||| Stepping ~*~*~tactically~*~*~ (stealth).
 48687 | Depths:3 | 48687 ||| Stepping ~*~*~tactically~*~*~ (stealth).
 48688 | Depths:3 | 48688 ||| INVOKING Heroism.
 48700 | Depths:3 | Received a gift from Okawaru
 48716 | Depths:3 | Killed Louise
 48932 | Depths:3 | 48932 ||| INVOKING Heroism.
 48933 | Depths:3 | 48933 ||| INVOKING Finesse.
 49038 | Depths:3 | 49038 ||| INVOKING Heroism.
 49039 | Depths:3 | 49039 ||| INVOKING Finesse.
 49108 | Depths:3 | Reached skill level 21 in Shields
 49190 | Depths:3 | 49190 ||| INVOKING Heroism.
 49205 | Depths:3 | 49205 ||| Stepping ~*~*~tactically~*~*~ (hiding).
 49206 | Depths:3 | 49206 ||| INVOKING Finesse.
 49290 | Depths:3 | 49290 ||| Stepping ~*~*~tactically~*~*~ (stealth).
 49365 | Depths:3 | 49365 ||| Stepping ~*~*~tactically~*~*~ (hiding).
 49368 | Depths:3 | 49368 ||| Stepping ~*~*~tactically~*~*~ (hiding).
 49369 | Depths:3 | 49369 ||| Stepping ~*~*~tactically~*~*~ (hiding).
 49370 | Depths:3 | 49370 ||| Stepping ~*~*~tactically~*~*~ (hiding).
 49489 | Depths:3 | 49489 ||| Stepping ~*~*~tactically~*~*~ (hiding).
 49494 | Depths:3 | 49494 ||| INVOKING Heroism.
 49495 | Depths:3 | 49495 ||| INVOKING Finesse.
 49582 | Depths:3 | 49582 ||| Stepping ~*~*~tactically~*~*~ (hiding).
 49586 | Depths:3 | 49586 ||| INVOKING Heroism.
 49593 | Depths:3 | Noticed a golden dragon
 49594 | Depths:3 | 49594 ||| INVOKING Finesse.
 49596 | Depths:3 | Killed a golden dragon
 49805 | Depths:3 | 49805 ||| UPGRADING to +2 tower shield.
 49815 | Depths:3 | 49815 ||| DROPPING +0 tower shield.
 49829 | Depths:4 | Entered Level 4 of the Depths
 49829 | Depths:4 | Noticed Margery
 49830 | Depths:4 | 49830 ||| PLANNING WIZLAB
 49830 | Depths:4 | 49830 ||| STAIRDANCE
 49832 | Depths:3 | 49832 ||| INVOKING Heroism.
 49837 | Depths:3 | 49837 ||| Stepping ~*~*~tactically~*~*~ (hiding).
 49956 | Depths:4 | 49956 ||| STAIRDANCE
 49986 | Depths:4 | 49986 ||| STAIRDANCE
 49995 | Depths:4 | 49995 ||| STAIRDANCE
 50006 | Depths:3 | 50006 ||| FLEEEEING.
 50007 | Depths:3 | 50007 ||| FLEEEEING.
 50008 | Depths:3 | 50008 ||| FLEEEEING.
 50009 | Depths:3 | 50009 ||| FLEEEEING.
 50010 | Depths:3 | 50010 ||| FLEEEEING.
 50011 | Depths:3 | 50011 ||| FLEEEEING.
 50015 | Depths:3 | 50015 ||| FLEEEEING.
 50016 | Depths:3 | 50016 ||| FLEEEEING.
 50017 | Depths:3 | 50017 ||| FLEEEEING.
 50018 | Depths:3 | 50018 ||| FLEEEEING.
 50019 | Depths:3 | 50019 ||| FLEEEEING.
 50077 | Depths:4 | 50077 ||| STAIRDANCE
 50079 | Depths:3 | 50079 ||| INVOKING Heroism.
 50223 | Depths:4 | 50223 ||| STAIRDANCE
 50317 | Depths:4 | 50317 ||| DRINKING 4 potions of resistance.
 50318 | Depths:4 | 50318 ||| STAIRDANCE
 50320 | Depths:3 | 50320 ||| INVOKING Heroism.
 50321 | Depths:3 | 50321 ||| INVOKING Finesse.
 50330 | Depths:3 | Killed Margery
 50403 | Depths:4 | 50403 ||| STAIRDANCE
 50409 | Depths:3 | Reached skill level 21 in Fighting
 50415 | Depths:4 | 50415 ||| INVOKING Finesse.
 50462 | Depths:4 | 50462 ||| INVOKING Heroism.
 50478 | Depths:4 | Received a gift from Okawaru
 50488 | Depths:4 | 50488 ||| RIP WIZLAB
 50489 | Depths:4 | 50489 ||| PLANNING DEPTHS
 50672 | Depths:4 | 50672 ||| Stepping ~*~*~tactically~*~*~ (stealth).
 50681 | Depths:4 | Noticed Saint Roka
 50682 | Depths:4 | 50682 ||| INVOKING Heroism.
 50684 | Depths:4 | 50684 ||| Stepping ~*~*~tactically~*~*~ (hiding).
 50696 | Depths:4 | Killed Saint Roka
 50697 | Depths:4 | Reached skill level 9 in Dodging
 50765 | Depths:4 | 50765 ||| Stepping ~*~*~tactically~*~*~ (stealth).
 50768 | Depths:4 | 50768 ||| Stepping ~*~*~tactically~*~*~ (stealth).
 50770 | Depths:4 | 50770 ||| INVOKING Heroism.
 50805 | Depths:4 | Found a shadowy altar of Dithmenos.
 50821 | Depths:4 | 50821 ||| Stepping ~*~*~tactically~*~*~ (stealth).
 50823 | Depths:4 | 50823 ||| INVOKING Heroism.
 50824 | Depths:4 | 50824 ||| INVOKING Finesse.
 50825 | Depths:4 | 50825 ||| INVOKING Finesse.
 50898 | Depths:4 | 50898 ||| Stepping ~*~*~tactically~*~*~ (hiding).
 50899 | Depths:4 | 50899 ||| Stepping ~*~*~tactically~*~*~ (stealth).
 50906 | Depths:4 | 50906 ||| Stepping ~*~*~tactically~*~*~ (hiding).
 50910 | Depths:4 | 50910 ||| INVOKING Heroism.
 50923 | Depths:4 | 50923 ||| Stepping ~*~*~tactically~*~*~ (hiding).
 51070 | Depths:4 | 51070 ||| Stepping ~*~*~tactically~*~*~ (stealth).
 51076 | Depths:4 | 51076 ||| INVOKING Heroism.
 51082 | Depths:4 | Received a gift from Okawaru
 51174 | Depths:4 | 51174 ||| INVOKING Heroism.
 51175 | Depths:4 | 51175 ||| Stepping ~*~*~tactically~*~*~ (cloud).
 51176 | Depths:4 | Noticed a golden dragon
 51188 | Depths:4 | Killed a golden dragon
 51190 | Depths:4 | Found a gate to the Realm of Zot.
 51224 | Depths:4 | 51224 ||| Stepping ~*~*~tactically~*~*~ (stealth).
 51226 | Depths:4 | 51226 ||| Stepping ~*~*~tactically~*~*~ (stealth).
 51233 | Depths:4 | 51233 ||| Stepping ~*~*~tactically~*~*~ (stealth).
 51236 | Depths:4 | 51236 ||| INVOKING Heroism.
 51252 | Depths:4 | 51252 ||| Stepping ~*~*~tactically~*~*~ (hiding).
 51280 | Depths:4 | Noticed Mennas
 51281 | Depths:4 | 51281 ||| Stepping ~*~*~tactically~*~*~ (hiding).
 51283 | Depths:4 | 51283 ||| Stepping ~*~*~tactically~*~*~ (hiding).
 51286 | Depths:4 | 51286 ||| INVOKING Heroism.
 51292 | Depths:4 | Reached XP level 24. HP: 164/166 MP: 29/30
 51316 | Depths:4 | Killed Mennas
 51490 | Depths:4 | 51490 ||| INVOKING Finesse.
 51497 | Depths:4 | 51497 ||| INVOKING Heroism.
 51619 | Depths:4 | 51619 ||| Stepping ~*~*~tactically~*~*~ (stealth).
 51624 | Depths:4 | 51624 ||| Stepping ~*~*~tactically~*~*~ (stealth).
 51948 | Depths:4 | 51948 ||| Stepping ~*~*~tactically~*~*~ (stealth).
 51950 | Depths:4 | 51950 ||| INVOKING Heroism.
 51953 | Depths:4 | 51953 ||| Stepping ~*~*~tactically~*~*~ (stealth).
 51962 | Depths:4 | Reached skill level 12 in Throwing
 52089 | Depths:4 | 52089 ||| DROPPING ring of see invisible.
 52090 | Depths:4 | 52090 ||| DROPPING ring of positive energy.
 52091 | Depths:4 | 52091 ||| READING scroll labelled JYNIOW KENK.
 52287 | Depths:3 | 52287 ||| PLANNING VAULTS:5
 52648 | Vaults:5 | Entered Level 5 of the Vaults
 52648 | Vaults:5 | Noticed Boris
 52649 | Vaults:5 | 52649 ||| INVOKING Heroism.
 52650 | Vaults:5 | 52650 ||| STAIRDANCE
 52661 | Vaults:5 | 52661 ||| STAIRDANCE
 52698 | Vaults:5 | 52698 ||| STAIRDANCE
 52743 | Vaults:5 | 52743 ||| STAIRDANCE
 52753 | Vaults:5 | 52753 ||| INVOKING Heroism.
 52754 | Vaults:5 | 52754 ||| INVOKING Finesse.
 52758 | Vaults:5 | 52758 ||| STAIRDANCE
 52823 | Vaults:5 | 52823 ||| INVOKING Heroism.
 52824 | Vaults:5 | 52824 ||| INVOKING Finesse.
 52833 | Vaults:5 | Killed Boris
 52833 | Vaults:5 | Received a gift from Okawaru
 52834 | Vaults:5 | 52834 ||| STAIRDANCE
 52970 | Vaults:5 | 52970 ||| STAIRDANCE
 52972 | Vaults:4 | 52972 ||| INVOKING Heroism.
 53017 | Vaults:5 | 53017 ||| STAIRDANCE
 53024 | Vaults:4 | Identified the +1 kite shield "Bamiwol" {Regen+} (Okawaru
                  | gifted it to you on level 4 of the Vaults)
 53024 | Vaults:4 | Received a gift from Okawaru
 53031 | Vaults:5 | 53031 ||| INVOKING Heroism.
 53032 | Vaults:5 | 53032 ||| STAIRDANCE
 53063 | Vaults:5 | 53063 ||| STAIRDANCE
 53070 | Vaults:5 | 53070 ||| STAIRDANCE
 53080 | Vaults:5 | 53080 ||| STAIRDANCE
 53087 | Vaults:5 | 53087 ||| INVOKING Heroism.
 53131 | Vaults:5 | 53131 ||| READING scroll of acquirement.
 53131 | Vaults:5 | 53131 ||| ACQUIRING +4 tower shield "Ilum" {Contam rElec
                  | rN+ SInv}
 53131 | Vaults:5 | Acquired the +4 tower shield "Ilum" {Contam rElec rN+ SInv}
 53133 | Vaults:5 | 53133 ||| UPGRADING to +4 tower shield "Ilum" {Contam rElec
                  | rN+ SInv}.
 53143 | Vaults:5 | 53143 ||| DROPPING +2 tower shield.
 53154 | Vaults:5 | 53154 ||| INVOKING Finesse.
 53156 | Vaults:5 | 53156 ||| INVOKING Heroism.
 53191 | Vaults:5 | Identified the +3 broad axe of Conformity {flame, rElec
                  | rPois Str+5 Dex+4}
 53334 | Vaults:5 | 53334 ||| SWAPPING to +3 broad axe of Conformity {flame,
                  | rElec rPois Str+5 Dex+4}.
 53335 | Vaults:5 | 53335 ||| UPGRADING to +1 cloak of willpower.
 53338 | Vaults:5 | 53338 ||| Stepping ~*~*~tactically~*~*~ (stealth).
 53339 | Vaults:5 | 53339 ||| UPGRADING to +1 cloak of willpower.
 53349 | Vaults:5 | 53349 ||| DROPPING +7 broad axe of freezing.
 53351 | Vaults:5 | 53351 ||| Stepping ~*~*~tactically~*~*~ (stealth).
 53352 | Vaults:5 | 53352 ||| Stepping ~*~*~tactically~*~*~ (stealth).
 53354 | Vaults:5 | 53354 ||| Stepping ~*~*~tactically~*~*~ (stealth).
 53356 | Vaults:5 | 53356 ||| Stepping ~*~*~tactically~*~*~ (stealth).
 53358 | Vaults:5 | 53358 ||| Stepping ~*~*~tactically~*~*~ (stealth).
 53430 | Vaults:5 | 53430 ||| Stepping ~*~*~tactically~*~*~ (hiding).
 53435 | Vaults:5 | 53435 ||| INVOKING Heroism.
 53441 | Vaults:5 | Identified the +9 battleaxe of Indomitability {freeze,
                  | Fragile rC+ rCorr Stlth+}
 53460 | Vaults:5 | 53460 ||| Stepping ~*~*~tactically~*~*~ (hiding).
 53503 | Vaults:5 | 53503 ||| Stepping ~*~*~tactically~*~*~ (stealth).
 53512 | Vaults:5 | 53512 ||| Stepping ~*~*~tactically~*~*~ (stealth).
 53721 | Vaults:5 | Identified the +1 pair of boots of the Desert {MP+9 Stlth+}
 53723 | Vaults:5 | 53723 ||| Stepping ~*~*~tactically~*~*~ (stealth).
 53730 | Vaults:5 | 53730 ||| DROPPING +1 pair of boots of the Desert {MP+9
                  | Stlth+}.
 53822 | Vaults:5 | 53822 ||| INVOKING Heroism.
 53845 | Vaults:5 | 53845 ||| Stepping ~*~*~tactically~*~*~ (hiding).
 53940 | Vaults:5 | Noticed an ancient lich
 53941 | Vaults:5 | 53941 ||| Stepping ~*~*~tactically~*~*~ (hiding).
 53945 | Vaults:5 | 53945 ||| Stepping ~*~*~tactically~*~*~ (hiding).
 53947 | Vaults:5 | 53947 ||| Stepping ~*~*~tactically~*~*~ (hiding).
 53948 | Vaults:5 | 53948 ||| INVOKING Heroism.
 53949 | Vaults:5 | 53949 ||| INVOKING Finesse.
 53959 | Vaults:5 | Killed an ancient lich
 54016 | Vaults:5 | 54016 ||| Stepping ~*~*~tactically~*~*~ (hiding).
 54020 | Vaults:5 | 54020 ||| INVOKING Heroism.
 54126 | Vaults:5 | Got a silver rune of Zot
 54139 | Vaults:5 | 54139 ||| INVOKING Heroism.
 54526 | Vaults:5 | 54526 ||| INVOKING Heroism.
 54690 | Vaults:5 | 54690 ||| Stepping ~*~*~tactically~*~*~ (stealth).
 54811 | Vaults:5 | 54811 ||| Stepping ~*~*~tactically~*~*~ (stealth).
 54823 | Vaults:5 | 54823 ||| Stepping ~*~*~tactically~*~*~ (stealth).
 54825 | Vaults:5 | 54825 ||| Stepping ~*~*~tactically~*~*~ (stealth).
 54828 | Vaults:5 | 54828 ||| Stepping ~*~*~tactically~*~*~ (stealth).
 54840 | Vaults:5 | Reached XP level 25. HP: 138/175 MP: 30/30
 54971 | Vaults:5 | 54971 ||| Stepping ~*~*~tactically~*~*~ (stealth).
 55025 | Vaults:5 | 55025 ||| PLANNING SHOPPING SPREE
 55025 | Vaults:5 | 55025 ||| READING 2 scrolls labelled SIRIUZ GOFAH.
 55102 | Vaults:5 | 55102 ||| DROPPING scroll of torment.
 55514 | D:6      | 55514 ||| BUYING ring of Caymio Tummi {rPois rF+ Str+7
                  | Int+3} (686 gold).
 55514 | D:6      | Bought the ring of Caymio Tummi {rPois rF+ Str+7 Int+3} for
                  | 686 gold pieces
 55514 | D:6      | 55514 ||| BUYING ring of protection from fire (300 gold).
 55514 | D:6      | Bought a ring of protection from fire for 300 gold pieces
 55514 | D:6      | 55514 ||| DROPPING ring of fire.
 55515 | D:6      | 55515 ||| UPGRADING to ring of Caymio Tummi {rPois rF+
                  | Str+7 Int+3}.
 55517 | D:6      | 55517 ||| UPGRADING to amulet of Futsig Kaadgh {Reflect rF-
                  | rCorr Str+3 SH+5}.
 55527 | D:6      | 55527 ||| DROPPING ring of fire.
 55528 | D:6      | 55528 ||| Stepping ~*~*~tactically~*~*~ (stealth).
 55529 | D:6      | 55529 ||| DROPPING +4 ring of evasion.
 55530 | D:6      | 55530 ||| PLANNING ZOT
 55543 | D:6      | 55543 ||| UPGRADING to amulet of reflection.
 55903 | Zot:1    | Entered Level 1 of the Realm of Zot
 55910 | Zot:1    | Received a gift from Okawaru
 55911 | Zot:1    | 55911 ||| Stepping ~*~*~tactically~*~*~ (hiding).
 55957 | Zot:1    | 55957 ||| INVOKING Heroism.
 55975 | Zot:1    | 55975 ||| Stepping ~*~*~tactically~*~*~ (hiding).
 55980 | Zot:1    | 55980 ||| Stepping ~*~*~tactically~*~*~ (hiding).
 55981 | Zot:1    | 55981 ||| Stepping ~*~*~tactically~*~*~ (hiding).
 56007 | Zot:1    | 56007 ||| INVOKING Heroism.
 56010 | Zot:1    | HP: 33/176 [red draconian scorcher/damnation (33)]
 56010 | Zot:1    | Noticed Parghit
 56011 | Zot:1    | 56011 ||| READING 11 scrolls of teleportation.
 56012 | Zot:1    | 56012 ||| DRINKING 16 potions of heal wounds.
 56014 | Zot:1    | 56014 ||| DRINKING 15 potions of heal wounds.
 56021 | Zot:1    | HP: 34/176 [Parghit (20)]
 56022 | Zot:1    | 56022 ||| DRINKING 14 potions of heal wounds.
 56023 | Zot:1    | 56023 ||| DRINKING 13 potions of heal wounds.
 56082 | Zot:1    | 56082 ||| INVOKING Heroism.
 56198 | Zot:1    | 56198 ||| INVOKING Heroism.
 56204 | Zot:1    | Reached skill level 12 in Dodging
 56207 | Zot:1    | 56207 ||| Stepping ~*~*~tactically~*~*~ (stealth).
 56293 | Zot:1    | 56293 ||| INVOKING Heroism.
 56294 | Zot:1    | 56294 ||| INVOKING Finesse.
 56308 | Zot:1    | Killed Parghit
 56332 | Zot:1    | 56332 ||| Stepping ~*~*~tactically~*~*~ (stealth).
 56383 | Zot:1    | 56383 ||| Stepping ~*~*~tactically~*~*~ (hiding).
 56390 | Zot:1    | 56390 ||| Stepping ~*~*~tactically~*~*~ (hiding).
 56416 | Zot:1    | 56416 ||| INVOKING Heroism.
 56433 | Zot:1    | 56433 ||| Stepping ~*~*~tactically~*~*~ (hiding).
 56434 | Zot:1    | 56434 ||| Stepping ~*~*~tactically~*~*~ (hiding).
 56578 | Zot:1    | Identified the +2 scale mail of Omission {Int+4}
 56619 | Zot:1    | 56619 ||| Stepping ~*~*~tactically~*~*~ (hiding).
 56626 | Zot:1    | Identified the +4 troll leather armour "Poghoeh" {rN+
                  | Regen+ rCorr} (Okawaru gifted it to you on level 1 of the
                  | Realm of Zot)
 56626 | Zot:1    | Received a gift from Okawaru
 56712 | Zot:1    | 56712 ||| INVOKING Heroism.
 56861 | Zot:1    | Identified the +4 battleaxe "Hicugal" {venom, rPois rC+
                  | Str+4}
 57075 | Zot:1    | 57075 ||| DROPPING +0 acid dragon scales.
 57076 | Zot:1    | 57076 ||| UPGRADING to +7 gold dragon scales.
 57086 | Zot:1    | 57086 ||| DROPPING +2 crystal plate armour.
 57087 | Zot:1    | 57087 ||| DROPPING +3 plate armour of cold resistance.
 57088 | Zot:1    | 57088 ||| DROPPING +3 leather armour of Dim Light {Will++
                  | rCorr}.
 57125 | Zot:2    | 57125 ||| INVOKING Heroism.
 57317 | Zot:2    | Reached skill level 24 in Fighting
 57378 | Zot:2    | 57378 ||| INVOKING Heroism.
 57397 | Zot:2    | Identified the ring of Qiomeit {Fly rC- Int+9}
 57410 | Zot:2    | 57410 ||| Stepping ~*~*~tactically~*~*~ (stealth).
 57412 | Zot:2    | 57412 ||| Stepping ~*~*~tactically~*~*~ (stealth).
 57413 | Zot:2    | 57413 ||| Stepping ~*~*~tactically~*~*~ (stealth).
 57414 | Zot:2    | 57414 ||| INVOKING Heroism.
 57459 | Zot:2    | 57459 ||| Stepping ~*~*~tactically~*~*~ (hiding).
 57460 | Zot:2    | 57460 ||| Stepping ~*~*~tactically~*~*~ (hiding).
 57473 | Zot:2    | 57473 ||| INVOKING Heroism.
 57616 | Zot:2    | 57616 ||| INVOKING Heroism.
 57687 | Zot:2    | 57687 ||| INVOKING Heroism.
 57697 | Zot:2    | 57697 ||| Stepping ~*~*~tactically~*~*~ (hiding).
 57698 | Zot:2    | 57698 ||| Stepping ~*~*~tactically~*~*~ (hiding).
 57719 | Zot:2    | 57719 ||| Stepping ~*~*~tactically~*~*~ (hiding).
 57733 | Zot:2    | 57733 ||| Stepping ~*~*~tactically~*~*~ (hiding).
 57734 | Zot:2    | 57734 ||| Stepping ~*~*~tactically~*~*~ (hiding).
 58063 | Zot:2    | 58063 ||| DROPPING ring of Qiomeit {Fly rC- Int+9}.
 58118 | Zot:3    | 58118 ||| INVOKING Heroism.
 58213 | Zot:3    | 58213 ||| Stepping ~*~*~tactically~*~*~ (stealth).
 58214 | Zot:3    | 58214 ||| Stepping ~*~*~tactically~*~*~ (stealth).
 58239 | Zot:3    | 58239 ||| INVOKING Heroism.
 58250 | Zot:3    | Received a gift from Okawaru
 58257 | Zot:3    | HP: 35/180 [white draconian stormcaller/blast of cold[a
                  | purple draconian shifter] (13)]
 58258 | Zot:3    | 58258 ||| READING 11 scrolls of teleportation.
 58258 | Zot:3    | HP: 13/180 [purple draconian shifter/bolt of dispelling
                  | energy (22)]
 58259 | Zot:3    | 58259 ||| READING 10 scrolls of teleportation.
 58260 | Zot:3    | 58260 ||| DRINKING 13 potions of heal wounds.
 58261 | Zot:3    | 58261 ||| READING 9 scrolls of teleportation.
 58262 | Zot:3    | 58262 ||| DRINKING 12 potions of heal wounds.
 58275 | Zot:3    | 58275 ||| INVOKING Heroism.
 58661 | Zot:3    | 58661 ||| INVOKING Heroism.
 58880 | Zot:3    | 58880 ||| INVOKING Heroism.
 58890 | Zot:3    | Reached XP level 26. HP: 164/186 MP: 29/30
 59173 | Zot:3    | 59173 ||| READING scroll of acquirement.
 59173 | Zot:3    | 59173 ||| ACQUIRING +5 war axe of Sin {vamp, *Corrode Will+
                  | Str+6}
 59173 | Zot:3    | Acquired the +5 war axe of Sin {vamp, *Corrode Will+ Str+6}
 59175 | Zot:3    | 59175 ||| SWAPPING to +5 war axe of Sin {vamp, *Corrode
                  | Will+ Str+6}.
 59284 | Zot:3    | 59284 ||| UPGRADING to +2 cloak.
 59294 | Zot:3    | 59294 ||| DROPPING amulet of faith.
 59437 | Zot:4    | 59437 ||| INVOKING Heroism.
 59465 | Zot:4    | Noticed a Killer Klown
 59466 | Zot:4    | 59466 ||| INVOKING Finesse.
 59475 | Zot:4    | 59475 ||| INVOKING Heroism.
 59480 | Zot:4    | Killed a Killer Klown
 59480 | Zot:4    | Identified the +4 ring mail "Hujych" {Will- Regen+ Int+3}
                  | (Okawaru gifted it to you on level 4 of the Realm of Zot)
 59480 | Zot:4    | Received a gift from Okawaru
 59764 | Zot:4    | Noticed a Killer Klown
 59765 | Zot:4    | 59765 ||| INVOKING Heroism.
 59766 | Zot:4    | 59766 ||| INVOKING Finesse.
 59771 | Zot:4    | Killed a Killer Klown
 59803 | Zot:4    | Noticed an orb of fire
 59804 | Zot:4    | 59804 ||| DRINKING 4 potions of resistance.
 59825 | Zot:4    | Gained mutation: You do not regenerate when monsters are
                  | visible. [an orb of fire]
 59834 | Zot:4    | Killed an orb of fire
 59835 | Zot:4    | Reached skill level 15 in Throwing
 59853 | Zot:4    | 59853 ||| DRINKING 8 potions of mutation.
 59853 | Zot:4    | Lost mutation: You do not regenerate when monsters are
                  | visible. [potion of mutation]
 59853 | Zot:4    | Lost mutation: You have sharp toenails. [potion of
                  | mutation]
 59853 | Zot:4    | Gained mutation: You have large cloven feet. [potion of
                  | mutation]
 59853 | Zot:4    | Gained mutation: Your magical capacity is low. (-10% MP)
                  | [potion of mutation]
 59853 | Zot:4    | Gained mutation: You occasionally lose the ability to read
                  | scrolls when taking damage. [potion of mutation]
 59854 | Zot:4    | 59854 ||| DRINKING 7 potions of mutation.
 59854 | Zot:4    | Lost mutation: You occasionally lose the ability to read
                  | scrolls when taking damage. [potion of mutation]
 59854 | Zot:4    | Lost mutation: You have large cloven feet. [potion of
                  | mutation]
 59854 | Zot:4    | Lost mutation: Your magical capacity is low. (-10% MP)
                  | [potion of mutation]
 59854 | Zot:4    | Gained mutation: Armour fits poorly on your strangely
                  | shaped body. [potion of mutation]
 59854 | Zot:4    | Gained mutation: You are weak. (Str -2) [potion of
                  | mutation]
 59855 | Zot:4    | 59855 ||| DRINKING 6 potions of mutation.
 59855 | Zot:4    | Lost mutation: Armour fits poorly on your strangely shaped
                  | body. [potion of mutation]
 59855 | Zot:4    | Lost mutation: You are weak. (Str -2) [potion of mutation]
 59855 | Zot:4    | Gained mutation: You are weak. (Str -2) [potion of
                  | mutation]
 59855 | Zot:4    | Gained mutation: Your body sometimes deteriorates upon
                  | taking damage. [potion of mutation]
 59949 | Zot:4    | 59949 ||| INVOKING Heroism.
 60100 | Zot:4    | 60100 ||| INVOKING Heroism.
 60119 | Zot:4    | 60119 ||| Stepping ~*~*~tactically~*~*~ (cloud).
 60201 | Zot:4    | 60201 ||| Stepping ~*~*~tactically~*~*~ (stealth).
 60258 | Zot:4    | 60258 ||| Stepping ~*~*~tactically~*~*~ (stealth).
 60260 | Zot:4    | 60260 ||| Stepping ~*~*~tactically~*~*~ (hiding).
 60273 | Zot:4    | 60273 ||| READING scroll of enchant armour.
 60273 | Zot:4    | 60273 ||| ENCHANTING +7 gold dragon scales.
 60286 | Zot:4    | 60286 ||| DROPPING +0 crystal plate armour "Cotu Xuz" {Fly
                  | rN+ Str-2 SInv}.
 60303 | Zot:5    | Entered Level 5 of the Realm of Zot
 60360 | Zot:5    | 60360 ||| Stepping ~*~*~tactically~*~*~ (hiding).
 60364 | Zot:5    | 60364 ||| INVOKING Heroism.
 60513 | Zot:5    | 60513 ||| INVOKING Heroism.
 60559 | Zot:5    | 60559 ||| Stepping ~*~*~tactically~*~*~ (hiding).
 60724 | Zot:5    | Noticed a Killer Klown
 60724 | Zot:5    | Noticed an orb of fire
 60725 | Zot:5    | 60725 ||| Stepping ~*~*~tactically~*~*~ (hiding).
 60730 | Zot:5    | 60730 ||| INVOKING Heroism.
 60731 | Zot:5    | 60731 ||| INVOKING Finesse.
 60742 | Zot:5    | Received a gift from Okawaru
 60743 | Zot:5    | Noticed a dread lich
 60744 | Zot:5    | Noticed a Killer Klown
 60744 | Zot:5    | Noticed an orb of fire
 60744 | Zot:5    | Noticed a dread lich
 60745 | Zot:5    | Noticed a Killer Klown
 60745 | Zot:5    | 60745 ||| DRINKING 3 potions of resistance.
 60760 | Zot:5    | Killed a Killer Klown
 60764 | Zot:5    | Killed a dread lich
 60770 | Zot:5    | Gained mutation: You occasionally lose the ability to read
                  | scrolls when taking damage. [an orb of fire]
 60772 | Zot:5    | 60772 ||| INVOKING Finesse.
 60774 | Zot:5    | Gained mutation: You are clumsy. (Dex -2) [an orb of fire]
 60775 | Zot:5    | Gained mutation: You occasionally shout uncontrollably at
                  | your foes. [an orb of fire]
 60776 | Zot:5    | Killed an orb of fire
 60776 | Zot:5    | Gained mutation: You frequently scream uncontrollably at
                  | your foes. [an orb of fire]
 60778 | Zot:5    | Killed a dread lich
 60779 | Zot:5    | 60779 ||| INVOKING Heroism.
 60789 | Zot:5    | Killed an orb of fire
 60790 | Zot:5    | 60790 ||| Stepping ~*~*~tactically~*~*~ (hiding).
 60798 | Zot:5    | Killed a Killer Klown
 60814 | Zot:5    | 60814 ||| Stepping ~*~*~tactically~*~*~ (hiding).
 60815 | Zot:5    | 60815 ||| Stepping ~*~*~tactically~*~*~ (hiding).
 60853 | Zot:5    | 60853 ||| INVOKING Finesse.
 60855 | Zot:5    | Killed a Killer Klown
 60865 | Zot:5    | 60865 ||| DRINKING 5 potions of mutation.
 60865 | Zot:5    | Lost mutation: You are clumsy. (Dex -2) [potion of
                  | mutation]
 60865 | Zot:5    | Lost mutation: You occasionally lose the ability to read
                  | scrolls when taking damage. [potion of mutation]
 60865 | Zot:5    | Gained mutation: Your body often deteriorates upon taking
                  | damage. [potion of mutation]
 60865 | Zot:5    | Gained mutation: You expend magic power (3 MP) to
                  | strengthen your wands. [potion of mutation]
 60865 | Zot:5    | Gained mutation: You are frail. (-10% HP) [potion of
                  | mutation]
 60865 | Zot:5    | Noticed an orb of fire
 60877 | Zot:5    | 60877 ||| INVOKING Heroism.
 60884 | Zot:5    | 60884 ||| DRINKING 2 potions of resistance.
 60884 | Zot:5    | Gained mutation: You occasionally lose the ability to drink
                  | potions when taking damage. [an orb of fire]
 60890 | Zot:5    | Gained mutation: You are clumsy. (Dex -2) [an orb of fire]
 60892 | Zot:5    | Killed an orb of fire
 60916 | Zot:5    | 60916 ||| DRINKING 4 potions of mutation.
 60916 | Zot:5    | Lost mutation: You occasionally lose the ability to drink
                  | potions when taking damage. [potion of mutation]
 60916 | Zot:5    | Lost mutation: You expend magic power (3 MP) to strengthen
                  | your wands. [potion of mutation]
 60916 | Zot:5    | Gained mutation: You have supernaturally acute eyesight.
                  | (SInv) [potion of mutation]
 60916 | Zot:5    | Lost mutation: You are weak. (Str -2) [potion of mutation]
 60917 | Zot:5    | 60917 ||| DROPPING +8 broad axe "Uluul" {drain, *Corrode
                  | Fly Will+ SInv}.
 60918 | Zot:5    | 60918 ||| DRINKING 3 potions of mutation.
 60918 | Zot:5    | Lost mutation: You are frail. (-10% HP) [potion of
                  | mutation]
 60918 | Zot:5    | Lost mutation: You frequently scream uncontrollably at your
                  | foes. [potion of mutation]
 60918 | Zot:5    | Lost mutation: You are clumsy. (Dex -2) [potion of
                  | mutation]
 60918 | Zot:5    | Gained mutation: Armour fits poorly on your strangely
                  | shaped body. [potion of mutation]
 60918 | Zot:5    | Gained mutation: You passively dampen the noise of your
                  | surroundings. [potion of mutation]
 60921 | Zot:5    | Noticed a dread lich
 60924 | Zot:5    | Killed a dread lich
 60966 | Zot:5    | 60966 ||| DRINKING 2 potions of mutation.
 60966 | Zot:5    | Lost mutation: You passively dampen the noise of your
                  | surroundings. [potion of mutation]
 60966 | Zot:5    | Lost mutation: You have supernaturally acute eyesight.
                  | (SInv) [potion of mutation]
 60966 | Zot:5    | Lost mutation: You occasionally shout uncontrollably at
                  | your foes. [potion of mutation]
 60966 | Zot:5    | Gained mutation: You have a pair of small horns on your
                  | head. [potion of mutation]
 60966 | Zot:5    | Gained mutation: You have large cloven feet. [potion of
                  | mutation]
 60967 | Zot:5    | 60967 ||| DRINKING potion of mutation.
 60967 | Zot:5    | Lost mutation: You have large cloven feet. [potion of
                  | mutation]
 60967 | Zot:5    | Lost mutation: You have a pair of small horns on your head.
                  | [potion of mutation]
 60967 | Zot:5    | Lost mutation: Your body often deteriorates upon taking
                  | damage. [potion of mutation]
 60967 | Zot:5    | Gained mutation: You are agile. (Dex +4, Str/Int -1)
                  | [potion of mutation]
 60967 | Zot:5    | Gained mutation: You are robust. (+10% HP) [potion of
                  | mutation]
 60967 | Zot:5    | Gained mutation: You are partially covered in iridescent
                  | scales. (AC +2) [potion of mutation]
 61032 | Zot:5    | 61032 ||| Stepping ~*~*~tactically~*~*~ (stealth).
 61033 | Zot:5    | 61033 ||| INVOKING Heroism.
 61037 | Zot:5    | Noticed a dread lich
 61038 | Zot:5    | 61038 ||| INVOKING Finesse.
 61042 | Zot:5    | Noticed a Killer Klown
 61052 | Zot:5    | Killed a dread lich
 61053 | Zot:5    | Reached XP level 27. HP: 203/216 MP: 26/31
 61058 | Zot:5    | Received a gift from Okawaru
 61173 | Zot:5    | Noticed an orb of fire
 61174 | Zot:5    | 61174 ||| DRINKING potion of resistance.
 61175 | Zot:5    | 61175 ||| INVOKING Heroism.
 61176 | Zot:5    | 61176 ||| INVOKING Finesse.
 61185 | Zot:5    | Gained mutation: You have hidden genetic defects. [an orb
                  | of fire]
 61195 | Zot:5    | Gained mutation: You occasionally lose the ability to drink
                  | potions when taking damage. [an orb of fire]
 61196 | Zot:5    | Killed an orb of fire
 61309 | Zot:5    | Noticed an orb of fire
 61310 | Zot:5    | 61310 ||| INVOKING Heroism.
 61311 | Zot:5    | 61311 ||| INVOKING Finesse.
 61335 | Zot:5    | 61335 ||| INVOKING Heroism.
 61335 | Zot:5    | Gained mutation: You are dopey. (Int -2) [an orb of fire]
 61340 | Zot:5    | Gained mutation: Your body often deteriorates upon taking
                  | damage. [an orb of fire]
 61343 | Zot:5    | Killed an orb of fire
 61436 | Zot:5    | 61436 ||| INVOKING Heroism.
 61588 | Zot:5    | Found a runed translucent door.
 61592 | Zot:5    | Noticed qw's ghost (master GrFi)
 61835 | Zot:5    | 61835 ||| PLANNING CONVERSION TO THE SHINING ONE
 61835 | Zot:5    | 61835 ||| UPGRADING to +0 helmet.
 61840 | Zot:5    | 61840 ||| UPGRADING to amulet of Futsig Kaadgh {Reflect rF-
                  | rCorr Str+3 SH+5}.
 62292 | Temple   | Fell from the grace of Okawaru
 62292 | Temple   | Became a worshipper of the Shining One
 62293 | Temple   | 62293 ||| PLANNING CRYPT
 62293 | Temple   | 62293 ||| SWAPPING to +3 broad axe of Conformity {flame,
                  | rElec rPois Str+5 Dex+4}.
 62294 | Temple   | 62294 ||| DROPPING +5 war axe of Sin {vamp, *Corrode Will+
                  | Str+6}.
 62295 | Temple   | 62295 ||| UPGRADING to +1 cloak of willpower.
 62602 | Crypt:1  | Entered Level 1 of the Crypt
 62624 | Crypt:1  | Reached * piety under the Shining One
 62643 | Crypt:1  | Gained mutation: You sometimes lose the ability to drink
                  | potions when taking damage. [hidden defects]
 62704 | Crypt:1  | Reached ** piety under the Shining One
 62710 | Crypt:1  | Reached skill level 12 in Invocations
 62735 | Crypt:1  | 62735 ||| Stepping ~*~*~tactically~*~*~ (stealth).
 62764 | Crypt:1  | 62764 ||| Stepping ~*~*~tactically~*~*~ (hiding).
 62766 | Crypt:1  | 62766 ||| Stepping ~*~*~tactically~*~*~ (hiding).
 62790 | Crypt:1  | 62790 ||| Stepping ~*~*~tactically~*~*~ (stealth).
 62799 | Crypt:1  | 62799 ||| Stepping ~*~*~tactically~*~*~ (stealth).
 62806 | Crypt:1  | Reached *** piety under the Shining One
 62933 | Crypt:1  | 62933 ||| Stepping ~*~*~tactically~*~*~ (stealth).
 62934 | Crypt:1  | 62934 ||| Stepping ~*~*~tactically~*~*~ (stealth).
 63005 | Crypt:1  | 63005 ||| DROPPING +2 vorpal war axe.
 63315 | Crypt:1  | Reached **** piety under the Shining One
 63328 | Crypt:1  | Noticed Boris
 63333 | Crypt:1  | 63333 ||| INVOKING Cleansing Flame.
 63337 | Crypt:1  | Killed Boris
 63394 | Crypt:1  | 63394 ||| Stepping ~*~*~tactically~*~*~ (stealth).
 63395 | Crypt:1  | 63395 ||| Stepping ~*~*~tactically~*~*~ (stealth).
 63463 | Crypt:1  | 63463 ||| Stepping ~*~*~tactically~*~*~ (stealth).
 63467 | Crypt:1  | 63467 ||| Stepping ~*~*~tactically~*~*~ (stealth).
 63468 | Crypt:1  | 63468 ||| Stepping ~*~*~tactically~*~*~ (stealth).
 63469 | Crypt:1  | 63469 ||| Stepping ~*~*~tactically~*~*~ (stealth).
 63584 | Crypt:1  | Reached ***** piety under the Shining One
 63756 | Crypt:2  | Noticed Bai Suzhen
 63757 | Crypt:2  | 63757 ||| Stepping ~*~*~tactically~*~*~ (hiding).
 63774 | Crypt:2  | Killed Bai Suzhen
 63787 | Crypt:2  | Gained mutation: Potions are less effective at restoring
                  | your health. [hidden defects]
 63787 | Crypt:2  | Lost mutation: You have hidden genetic defects. [hidden
                  | defects expressed]
 63803 | Crypt:2  | 63803 ||| INVOKING Cleansing Flame.
 63807 | Crypt:2  | 63807 ||| INVOKING Cleansing Flame.
 63826 | Crypt:2  | 63826 ||| Stepping ~*~*~tactically~*~*~ (stealth).
 63827 | Crypt:2  | 63827 ||| Stepping ~*~*~tactically~*~*~ (stealth).
 63829 | Crypt:2  | 63829 ||| Stepping ~*~*~tactically~*~*~ (hiding).
 63844 | Crypt:2  | Reached skill level 15 in Invocations
 63854 | Crypt:2  | 63854 ||| Stepping ~*~*~tactically~*~*~ (stealth).
 63855 | Crypt:2  | 63855 ||| Stepping ~*~*~tactically~*~*~ (stealth).
 63956 | Crypt:2  | 63956 ||| Stepping ~*~*~tactically~*~*~ (hiding).
 63970 | Crypt:2  | Reached ****** piety under the Shining One
 63971 | Crypt:2  | 63971 ||| INVOKING Brand Weapon With Holy Wrath.
 63971 | Crypt:2  | Identified a +2 broad axe of holy wrath (a +0 broad axe
                  | blessed by the Shining One)
 63971 | Crypt:2  | Received a gift from the Shining One
 64163 | Crypt:2  | 64163 ||| Stepping ~*~*~tactically~*~*~ (stealth).
 64206 | Crypt:2  | Noticed Xtahua
 64207 | Crypt:2  | 64207 ||| Stepping ~*~*~tactically~*~*~ (stealth).
 64210 | Crypt:2  | 64210 ||| Stepping ~*~*~tactically~*~*~ (hiding).
 64218 | Crypt:2  | Killed Xtahua
 64226 | Crypt:2  | 64226 ||| Stepping ~*~*~tactically~*~*~ (hiding).
 64254 | Crypt:2  | 64254 ||| Stepping ~*~*~tactically~*~*~ (hiding).
 64268 | Crypt:2  | 64268 ||| Stepping ~*~*~tactically~*~*~ (stealth).
 64287 | Crypt:2  | Noticed Boris
 64288 | Crypt:2  | 64288 ||| INVOKING Summon Divine Warrior.
 64293 | Crypt:2  | 64293 ||| INVOKING Cleansing Flame.
 64297 | Crypt:2  | Killed Boris
 64317 | Crypt:2  | 64317 ||| READING scroll of enchant armour.
 64317 | Crypt:2  | 64317 ||| ENCHANTING +8 gold dragon scales.
 64466 | Crypt:2  | 64466 ||| DROPPING scarf of shadows.
 64494 | Crypt:3  | Entered Level 3 of the Crypt
 64495 | Crypt:3  | 64495 ||| STAIRDANCE
 64597 | Crypt:3  | 64597 ||| Stepping ~*~*~tactically~*~*~ (hiding).
 64605 | Crypt:3  | 64605 ||| Stepping ~*~*~tactically~*~*~ (hiding).
 64724 | Crypt:3  | 64724 ||| INVOKING Cleansing Flame.
 64725 | Crypt:3  | 64725 ||| INVOKING Cleansing Flame.
 64729 | Crypt:3  | 64729 ||| INVOKING Summon Divine Warrior.
 64737 | Crypt:3  | 64737 ||| INVOKING Summon Divine Warrior.
 64891 | Crypt:3  | Noticed a dread lich
 64901 | Crypt:3  | 64901 ||| READING scroll of acquirement.
 64901 | Crypt:3  | 64901 ||| ACQUIRING 715 gold pieces
 64901 | Crypt:3  | Acquired 715 gold pieces
 64909 | Crypt:3  | Killed a dread lich
 65303 | Crypt:3  | Found a staircase to the Tomb.
 65308 | Crypt:3  | 65308 ||| PLANNING TOMB
 65308 | Crypt:3  | 65308 ||| SWAPPING to +2 broad axe of holy wrath.
 65309 | Crypt:3  | 65309 ||| READING 9 scrolls of enchant weapon.
 65309 | Crypt:3  | 65309 ||| ENCHANTING +2 broad axe of holy wrath.
 65310 | Crypt:3  | 65310 ||| READING 8 scrolls of enchant weapon.
 65310 | Crypt:3  | 65310 ||| ENCHANTING +3 broad axe of holy wrath.
 65311 | Crypt:3  | 65311 ||| READING 7 scrolls of enchant weapon.
 65311 | Crypt:3  | 65311 ||| ENCHANTING +4 broad axe of holy wrath.
 65312 | Crypt:3  | 65312 ||| READING 6 scrolls of enchant weapon.
 65312 | Crypt:3  | 65312 ||| ENCHANTING +5 broad axe of holy wrath.
 65313 | Crypt:3  | 65313 ||| READING 5 scrolls of enchant weapon.
 65313 | Crypt:3  | 65313 ||| ENCHANTING +6 broad axe of holy wrath.
 65314 | Crypt:3  | 65314 ||| READING 4 scrolls of enchant weapon.
 65314 | Crypt:3  | 65314 ||| ENCHANTING +7 broad axe of holy wrath.
 65315 | Crypt:3  | 65315 ||| READING 3 scrolls of enchant weapon.
 65315 | Crypt:3  | 65315 ||| ENCHANTING +8 broad axe of holy wrath.
 65318 | Tomb:1   | Entered Level 1 of the Tomb of the Ancients
 65362 | Tomb:1   | 65362 ||| INVOKING Cleansing Flame.
 65539 | Tomb:1   | 65539 ||| INVOKING Cleansing Flame.
 65540 | Tomb:1   | 65540 ||| INVOKING Cleansing Flame.
 65547 | Tomb:1   | 65547 ||| INVOKING Cleansing Flame.
 65548 | Tomb:1   | 65548 ||| INVOKING Cleansing Flame.
 65624 | Tomb:1   | 65624 ||| Stepping ~*~*~tactically~*~*~ (stealth).
 65625 | Tomb:1   | 65625 ||| Stepping ~*~*~tactically~*~*~ (stealth).
 65831 | Tomb:1   | Noticed a royal mummy
 65832 | Tomb:1   | 65832 ||| INVOKING Summon Divine Warrior.
 65833 | Tomb:1   | 65833 ||| INVOKING Cleansing Flame.
 65834 | Tomb:1   | 65834 ||| INVOKING Cleansing Flame.
 65840 | Tomb:1   | Killed a royal mummy
 65973 | Tomb:1   | 65973 ||| INVOKING Cleansing Flame.
 65974 | Tomb:1   | 65974 ||| INVOKING Cleansing Flame.
 66100 | Tomb:1   | 66100 ||| INVOKING Cleansing Flame.
 66121 | Tomb:1   | 66121 ||| INVOKING Cleansing Flame.
 66132 | Tomb:1   | 66132 ||| INVOKING Cleansing Flame.
 66133 | Tomb:1   | 66133 ||| INVOKING Cleansing Flame.
 66146 | Tomb:1   | 66146 ||| INVOKING Cleansing Flame.
 66413 | Tomb:1   | 66413 ||| DRINKING potion of mutation.
 66413 | Tomb:1   | Lost mutation: You are agile. (Dex +4, Str/Int -1) [potion
                  | of mutation]
 66413 | Tomb:1   | Lost mutation: You are robust. (+10% HP) [potion of
                  | mutation]
 66413 | Tomb:1   | Gained mutation: You do not regenerate when monsters are
                  | visible. [potion of mutation]
 66741 | Tomb:2   | Noticed Boris
 66742 | Tomb:2   | 66742 ||| DRINKING 8 potions of haste.
 66743 | Tomb:2   | 66743 ||| DRINKING 10 potions of attraction.
 66744 | Tomb:2   | 66744 ||| INVOKING Cleansing Flame.
 66744 | Tomb:2   | Noticed a royal mummy
 66745 | Tomb:2   | 66745 ||| INVOKING Summon Divine Warrior.
 66745 | Tomb:2   | Noticed a royal mummy
 66747 | Tomb:2   | Killed Boris
 66747 | Tomb:2   | Noticed a royal mummy
 66747 | Tomb:2   | Noticed a royal mummy
 66749 | Tomb:2   | Reached skill level 18 in Invocations
 66749 | Tomb:2   | Killed a royal mummy
 66752 | Tomb:2   | 66752 ||| INVOKING Cleansing Flame.
 66752 | Tomb:2   | Killed a royal mummy
 66754 | Tomb:2   | 66754 ||| INVOKING Cleansing Flame.
 66755 | Tomb:2   | 66755 ||| INVOKING Cleansing Flame.
 66755 | Tomb:2   | Killed a royal mummy
 66758 | Tomb:2   | Killed a royal mummy
 66770 | Tomb:2   | 66770 ||| INVOKING Cleansing Flame.
 66846 | Tomb:2   | 66846 ||| INVOKING Cleansing Flame.
 66955 | Tomb:2   | 66955 ||| INVOKING Cleansing Flame.
 67059 | Tomb:2   | Was forgiven by Okawaru
 67322 | Tomb:1   | Noticed a royal mummy
 67322 | Tomb:1   | Noticed a royal mummy
 67322 | Tomb:1   | Noticed a royal mummy
 67323 | Tomb:1   | 67323 ||| INVOKING Summon Divine Warrior.
 67323 | Tomb:1   | Identified the +0 buckler of Jemed {rN+++ Str+4 Int+3
                  | Stlth-}
 67323 | Tomb:1   | Noticed a royal mummy
 67327 | Tomb:1   | 67327 ||| INVOKING Cleansing Flame.
 67328 | Tomb:1   | 67328 ||| INVOKING Cleansing Flame.
 67329 | Tomb:1   | 67329 ||| INVOKING Cleansing Flame.
 67329 | Tomb:1   | Killed a royal mummy
 67331 | Tomb:1   | 67331 ||| INVOKING Summon Divine Warrior.
 67334 | Tomb:1   | Killed a royal mummy
 67337 | Tomb:1   | Killed a royal mummy
 67340 | Tomb:1   | Killed a royal mummy
 67345 | Tomb:1   | Noticed a royal mummy
 67347 | Tomb:1   | 67347 ||| INVOKING Cleansing Flame.
 67348 | Tomb:1   | 67348 ||| INVOKING Cleansing Flame.
 67348 | Tomb:1   | Killed a royal mummy
 67355 | Tomb:1   | Noticed a royal mummy
 67355 | Tomb:1   | Gained mutation: Your spells are a little easier to cast,
                  | but a little less powerful. [mutagenic glow]
 67356 | Tomb:1   | 67356 ||| INVOKING Cleansing Flame.
 67359 | Tomb:1   | Noticed a royal mummy
 67359 | Tomb:1   | Noticed a royal mummy
 67360 | Tomb:1   | 67360 ||| INVOKING Cleansing Flame.
 67363 | Tomb:1   | Killed a royal mummy
 67363 | Tomb:1   | Killed a royal mummy
 67363 | Tomb:1   | Noticed a royal mummy
 67371 | Tomb:1   | Gained mutation: Your magical capacity is low. (-10% MP)
                  | [mutagenic glow]
 67372 | Tomb:1   | Killed a royal mummy
 67376 | Tomb:1   | Killed a royal mummy
 67614 | Tomb:1   | Noticed a royal mummy
 67614 | Tomb:1   | Noticed a royal mummy
 67619 | Tomb:1   | 67619 ||| INVOKING Summon Divine Warrior.
 67621 | Tomb:1   | 67621 ||| INVOKING Cleansing Flame.
 67624 | Tomb:1   | Killed a royal mummy
 67626 | Tomb:1   | Killed a royal mummy
 67660 | Tomb:1   | Noticed a royal mummy
 67664 | Tomb:1   | 67664 ||| INVOKING Cleansing Flame.
 67665 | Tomb:1   | 67665 ||| INVOKING Cleansing Flame.
 67666 | Tomb:1   | 67666 ||| INVOKING Cleansing Flame.
 67667 | Tomb:1   | 67667 ||| INVOKING Cleansing Flame.
 67667 | Tomb:1   | Killed a royal mummy
 67684 | Tomb:1   | Noticed a royal mummy
 67686 | Tomb:1   | Noticed a royal mummy
 67694 | Tomb:1   | 67694 ||| INVOKING Summon Divine Warrior.
 67694 | Tomb:1   | Noticed a royal mummy
 67696 | Tomb:1   | Noticed a royal mummy
 67697 | Tomb:1   | 67697 ||| INVOKING Cleansing Flame.
 67698 | Tomb:1   | Noticed a royal mummy
 67698 | Tomb:1   | HP: 42/197 [??? (8)]
 67699 | Tomb:1   | 67699 ||| READING 15 scrolls of teleportation.
 67700 | Tomb:1   | 67700 ||| DRINKING 13 potions of heal wounds.
 67701 | Tomb:1   | 67701 ||| DRINKING 12 potions of heal wounds.
 68179 | Tomb:1   | Noticed a royal mummy
 68180 | Tomb:1   | 68180 ||| Stepping ~*~*~tactically~*~*~ (hiding).
 68185 | Tomb:1   | 68185 ||| INVOKING Summon Divine Warrior.
 68197 | Tomb:1   | Killed a royal mummy
 68369 | Tomb:1   | 68369 ||| INVOKING Summon Divine Warrior.
 68375 | Tomb:1   | Killed a royal mummy
 68376 | Tomb:1   | 68376 ||| INVOKING Summon Divine Warrior.
 68379 | Tomb:1   | Killed a royal mummy
 68389 | Tomb:1   | 68389 ||| INVOKING Cleansing Flame.
 68390 | Tomb:1   | 68390 ||| INVOKING Cleansing Flame.
 68391 | Tomb:1   | 68391 ||| INVOKING Cleansing Flame.
 68391 | Tomb:1   | Killed a royal mummy
 68392 | Tomb:1   | Reached skill level 21 in Invocations
 68518 | Tomb:1   | 68518 ||| INVOKING Summon Divine Warrior.
 68527 | Tomb:1   | 68527 ||| INVOKING Cleansing Flame.
 68530 | Tomb:1   | Killed a royal mummy
 68677 | Tomb:1   | 68677 ||| INVOKING Cleansing Flame.
 68678 | Tomb:1   | 68678 ||| INVOKING Cleansing Flame.
 68679 | Tomb:1   | 68679 ||| INVOKING Cleansing Flame.
 68679 | Tomb:1   | Killed a royal mummy
 68808 | Tomb:1   | Noticed a royal mummy
 68810 | Tomb:1   | 68810 ||| INVOKING Cleansing Flame.
 68811 | Tomb:1   | 68811 ||| INVOKING Cleansing Flame.
 68812 | Tomb:1   | 68812 ||| INVOKING Cleansing Flame.
 68812 | Tomb:1   | Killed a royal mummy
 69106 | Tomb:2   | 69106 ||| INVOKING Cleansing Flame.
 69108 | Tomb:2   | 69108 ||| INVOKING Cleansing Flame.
 69109 | Tomb:2   | 69109 ||| INVOKING Cleansing Flame.
 69111 | Tomb:2   | 69111 ||| INVOKING Cleansing Flame.
 69113 | Tomb:2   | 69113 ||| INVOKING Cleansing Flame.
 69117 | Tomb:2   | 69117 ||| INVOKING Cleansing Flame.
 69119 | Tomb:2   | 69119 ||| INVOKING Cleansing Flame.
 69120 | Tomb:2   | 69120 ||| INVOKING Cleansing Flame.
 69123 | Tomb:2   | 69123 ||| INVOKING Cleansing Flame.
 69126 | Tomb:2   | 69126 ||| Stepping ~*~*~tactically~*~*~ (hiding).
 69133 | Tomb:2   | 69133 ||| INVOKING Cleansing Flame.
 69143 | Tomb:2   | Gained mutation: You occasionally lose the ability to read
                  | scrolls when taking damage. [mutagenic glow]
 69154 | Tomb:2   | Lost mutation: Potions are less effective at restoring your
                  | health. [mutagenic glow]
 69306 | Tomb:3   | Entered Level 3 of the Tomb of the Ancients
 69307 | Tomb:3   | 69307 ||| DRINKING 7 potions of haste.
 69308 | Tomb:3   | 69308 ||| DRINKING 9 potions of attraction.
 69343 | Tomb:3   | 69343 ||| INVOKING Summon Divine Warrior.
 69345 | Tomb:3   | 69345 ||| INVOKING Cleansing Flame.
 69345 | Tomb:3   | Noticed a royal mummy
 69349 | Tomb:3   | Noticed a royal mummy
 69349 | Tomb:3   | Noticed a royal mummy
 69353 | Tomb:3   | 69353 ||| INVOKING Cleansing Flame.
 69354 | Tomb:3   | 69354 ||| INVOKING Cleansing Flame.
 69354 | Tomb:3   | Noticed a royal mummy
 69355 | Tomb:3   | 69355 ||| INVOKING Summon Divine Warrior.
 69356 | Tomb:3   | Killed a royal mummy
 69360 | Tomb:3   | 69360 ||| INVOKING Cleansing Flame.
 69361 | Tomb:3   | 69361 ||| INVOKING Cleansing Flame.
 69364 | Tomb:3   | Killed a royal mummy
 69368 | Tomb:3   | Killed a royal mummy
 69369 | Tomb:3   | 69369 ||| INVOKING Cleansing Flame.
 69370 | Tomb:3   | 69370 ||| INVOKING Cleansing Flame.
 69370 | Tomb:3   | Noticed a royal mummy
 69371 | Tomb:3   | 69371 ||| INVOKING Cleansing Flame.
 69372 | Tomb:3   | Reached skill level 24 in Invocations
 69372 | Tomb:3   | Killed a royal mummy
 69373 | Tomb:3   | 69373 ||| INVOKING Cleansing Flame.
 69375 | Tomb:3   | Noticed a royal mummy
 69378 | Tomb:3   | 69378 ||| INVOKING Cleansing Flame.
 69378 | Tomb:3   | Noticed a royal mummy
 69380 | Tomb:3   | 69380 ||| INVOKING Cleansing Flame.
 69381 | Tomb:3   | 69381 ||| INVOKING Cleansing Flame.
 69382 | Tomb:3   | Noticed a royal mummy
 69382 | Tomb:3   | Noticed a royal mummy
 69383 | Tomb:3   | Killed a royal mummy
 69386 | Tomb:3   | Killed a royal mummy
 69388 | Tomb:3   | 69388 ||| INVOKING Cleansing Flame.
 69389 | Tomb:3   | 69389 ||| INVOKING Cleansing Flame.
 69389 | Tomb:3   | Killed a royal mummy
 69391 | Tomb:3   | Killed a royal mummy
 69392 | Tomb:3   | 69392 ||| INVOKING Cleansing Flame.
 69394 | Tomb:3   | Killed a royal mummy
 69394 | Tomb:3   | HP: 47/197 [mummy priest/divine providence (10)]
 69395 | Tomb:3   | 69395 ||| READING 14 scrolls of teleportation.
 69398 | Tomb:3   | 69398 ||| INVOKING Cleansing Flame.
 69739 | Tomb:3   | 69739 ||| READING scroll of acquirement.
 69739 | Tomb:3   | 69739 ||| ACQUIRING 990 gold pieces
 69739 | Tomb:3   | Acquired 990 gold pieces
 69822 | Tomb:3   | 69822 ||| READING scroll of enchant armour.
 69822 | Tomb:3   | 69822 ||| ENCHANTING +9 gold dragon scales.
 69853 | Tomb:3   | Found the +4 robe of Folly {Brilliance Will-∞ Int+8}
 69861 | Tomb:3   | 69861 ||| DRINKING potion of mutation.
 69861 | Tomb:3   | Lost mutation: You are dopey. (Int -2) [potion of mutation]
 69861 | Tomb:3   | Lost mutation: You sometimes lose the ability to drink
                  | potions when taking damage. [potion of mutation]
 69861 | Tomb:3   | Lost mutation: You are partially covered in iridescent
                  | scales. (AC +2) [potion of mutation]
 69861 | Tomb:3   | Lost mutation: You occasionally lose the ability to drink
                  | potions when taking damage. [potion of mutation]
 69861 | Tomb:3   | Gained mutation: You expend magic power (3 MP) to
                  | strengthen your wands. [potion of mutation]
 69903 | Tomb:3   | 69903 ||| DROPPING +2 broad axe of venom.
 69904 | Tomb:3   | Identified the +1 hand axe "Ympicur" {vorpal, rPois rCorr}
 69907 | Tomb:3   | Identified the +0 pair of boots of Impatience {Harm Int+2}
 69940 | Tomb:3   | Identified the +6 dagger "Uptooz" {holy, rC+ Dex+4}
 70185 | Tomb:3   | Got a golden rune of Zot
 70215 | Tomb:3   | 70215 ||| PLANNING PAN
 70215 | Tomb:3   | 70215 ||| DROPPING +0 pair of boots of Impatience {Harm
                  | Int+2}.
 70692 | Pan      | Entered Pandemonium
 70695 | Pan      | 70695 ||| Stepping ~*~*~tactically~*~*~ (stealth).
 70701 | Pan      | Noticed Gugoe the pandemonium lord
 70702 | Pan      | 70702 ||| INVOKING Summon Divine Warrior.
 70704 | Pan      | 70704 ||| INVOKING Cleansing Flame.
 70726 | Pan      | Killed Gugoe the pandemonium lord
 70747 | Pan      | 70747 ||| INVOKING Cleansing Flame.
 70748 | Pan      | 70748 ||| INVOKING Cleansing Flame.
 70903 | Pan      | Found an exit through the horrors of the Abyss.
 71285 | Pan      | 71285 ||| INVOKING Cleansing Flame.
 72018 | Pan      | 72018 ||| Stepping ~*~*~tactically~*~*~ (stealth).
 72022 | Pan      | 72022 ||| Stepping ~*~*~tactically~*~*~ (stealth).
 72024 | Pan      | 72024 ||| Stepping ~*~*~tactically~*~*~ (hiding).
 72072 | Pan      | Found an exit through the horrors of the Abyss.
 72169 | Pan      | 72169 ||| Stepping ~*~*~tactically~*~*~ (hiding).
 72278 | Pan      | 72278 ||| Stepping ~*~*~tactically~*~*~ (stealth).
 72289 | Pan      | Noticed Guvumeno the pandemonium lord
 72290 | Pan      | 72290 ||| INVOKING Summon Divine Warrior.
 72298 | Pan      | 72298 ||| INVOKING Cleansing Flame.
 72303 | Pan      | Killed Guvumeno the pandemonium lord
 72375 | Pan      | Reached skill level 1 in Short Blades
 72615 | Pan      | 72615 ||| INVOKING Cleansing Flame.
 72629 | Pan      | Reached skill level 3 in Short Blades
 72900 | Pan      | 72900 ||| INVOKING Summon Divine Warrior.
 72904 | Pan      | 72904 ||| INVOKING Cleansing Flame.
 72905 | Pan      | 72905 ||| INVOKING Cleansing Flame.
 73285 | Pan      | 73285 ||| Stepping ~*~*~tactically~*~*~ (stealth).
 73287 | Pan      | 73287 ||| Stepping ~*~*~tactically~*~*~ (hiding).
 73469 | Pan      | 73469 ||| Stepping ~*~*~tactically~*~*~ (stealth).
 73545 | Pan      | Noticed Nuef the pandemonium lord
 73546 | Pan      | 73546 ||| INVOKING Summon Divine Warrior.
 73549 | Pan      | 73549 ||| INVOKING Cleansing Flame.
 73552 | Pan      | Killed Nuef the pandemonium lord
 73553 | Pan      | Reached skill level 27 in Invocations
 74073 | Pan      | Found an exit through the horrors of the Abyss.
 74253 | Pan      | 74253 ||| Stepping ~*~*~tactically~*~*~ (stealth).
 74255 | Pan      | 74255 ||| Stepping ~*~*~tactically~*~*~ (stealth).
 74258 | Pan      | 74258 ||| Stepping ~*~*~tactically~*~*~ (stealth).
 74260 | Pan      | 74260 ||| Stepping ~*~*~tactically~*~*~ (stealth).
 74263 | Pan      | 74263 ||| Stepping ~*~*~tactically~*~*~ (stealth).
 74346 | Pan      | Reached skill level 24 in Armour
 74398 | Pan      | 74398 ||| DRINKING potion of mutation.
 74398 | Pan      | Lost mutation: You expend magic power (3 MP) to strengthen
                  | your wands. [potion of mutation]
 74398 | Pan      | Lost mutation: Your spells are a little easier to cast, but
                  | a little less powerful. [potion of mutation]
 74398 | Pan      | Lost mutation: You occasionally lose the ability to read
                  | scrolls when taking damage. [potion of mutation]
 74398 | Pan      | Gained mutation: You are partially covered in iridescent
                  | scales. (AC +2) [potion of mutation]
 74543 | Pan      | 74543 ||| Stepping ~*~*~tactically~*~*~ (stealth).
 74569 | Pan      | 74569 ||| Stepping ~*~*~tactically~*~*~ (stealth).
 74612 | Pan      | Noticed Geistrae the pandemonium lord
 74640 | Pan      | Killed Geistrae the pandemonium lord
 74688 | Pan      | 74688 ||| Stepping ~*~*~tactically~*~*~ (stealth).
 74689 | Pan      | 74689 ||| Stepping ~*~*~tactically~*~*~ (stealth).
 74692 | Pan      | 74692 ||| Stepping ~*~*~tactically~*~*~ (stealth).
 74696 | Pan      | 74696 ||| Stepping ~*~*~tactically~*~*~ (stealth).
 74697 | Pan      | 74697 ||| Stepping ~*~*~tactically~*~*~ (stealth).
 74862 | Pan      | 74862 ||| Stepping ~*~*~tactically~*~*~ (stealth).
 74898 | Pan      | 74898 ||| Stepping ~*~*~tactically~*~*~ (stealth).
 74900 | Pan      | 74900 ||| Stepping ~*~*~tactically~*~*~ (stealth).
 74966 | Pan      | 74966 ||| Stepping ~*~*~tactically~*~*~ (stealth).
 75009 | Pan      | 75009 ||| Stepping ~*~*~tactically~*~*~ (stealth).
 75172 | Pan      | 75172 ||| Stepping ~*~*~tactically~*~*~ (stealth).
 75237 | Pan      | 75237 ||| Stepping ~*~*~tactically~*~*~ (stealth).
 75242 | Pan      | 75242 ||| Stepping ~*~*~tactically~*~*~ (stealth).
 75243 | Pan      | 75243 ||| Stepping ~*~*~tactically~*~*~ (stealth).
 75382 | Pan      | 75382 ||| Stepping ~*~*~tactically~*~*~ (stealth).
 75534 | Pan      | 75534 ||| Stepping ~*~*~tactically~*~*~ (stealth).
 75535 | Pan      | 75535 ||| Stepping ~*~*~tactically~*~*~ (stealth).
 75536 | Pan      | 75536 ||| Stepping ~*~*~tactically~*~*~ (stealth).
 75597 | Pan      | 75597 ||| Stepping ~*~*~tactically~*~*~ (stealth).
 75599 | Pan      | 75599 ||| Stepping ~*~*~tactically~*~*~ (stealth).
 75616 | Pan      | 75616 ||| Stepping ~*~*~tactically~*~*~ (stealth).
 75618 | Pan      | 75618 ||| Stepping ~*~*~tactically~*~*~ (stealth).
 75660 | Pan      | 75660 ||| Stepping ~*~*~tactically~*~*~ (hiding).
 75690 | Pan      | 75690 ||| Stepping ~*~*~tactically~*~*~ (stealth).
 75705 | Pan      | 75705 ||| Stepping ~*~*~tactically~*~*~ (stealth).
 75706 | Pan      | 75706 ||| Stepping ~*~*~tactically~*~*~ (stealth).
 75709 | Pan      | 75709 ||| Stepping ~*~*~tactically~*~*~ (hiding).
 75913 | Pan      | 75913 ||| Stepping ~*~*~tactically~*~*~ (stealth).
 75915 | Pan      | 75915 ||| Stepping ~*~*~tactically~*~*~ (stealth).
 75929 | Pan      | 75929 ||| Stepping ~*~*~tactically~*~*~ (stealth).
 75931 | Pan      | 75931 ||| Stepping ~*~*~tactically~*~*~ (stealth).
 75932 | Pan      | 75932 ||| Stepping ~*~*~tactically~*~*~ (stealth).
 76024 | Pan      | 76024 ||| Stepping ~*~*~tactically~*~*~ (stealth).
 76040 | Pan      | 76040 ||| Stepping ~*~*~tactically~*~*~ (stealth).
 76042 | Pan      | 76042 ||| Stepping ~*~*~tactically~*~*~ (stealth).
 76209 | Pan      | 76209 ||| Stepping ~*~*~tactically~*~*~ (stealth).
 76210 | Pan      | 76210 ||| Stepping ~*~*~tactically~*~*~ (stealth).
 76223 | Pan      | 76223 ||| Stepping ~*~*~tactically~*~*~ (stealth).
 76224 | Pan      | 76224 ||| Stepping ~*~*~tactically~*~*~ (stealth).
 76330 | Pan      | 76330 ||| Stepping ~*~*~tactically~*~*~ (stealth).
 76347 | Pan      | 76347 ||| Stepping ~*~*~tactically~*~*~ (stealth).
 76349 | Pan      | 76349 ||| Stepping ~*~*~tactically~*~*~ (stealth).
 76355 | Pan      | 76355 ||| Stepping ~*~*~tactically~*~*~ (stealth).
 76360 | Pan      | 76360 ||| Stepping ~*~*~tactically~*~*~ (stealth).
 76369 | Pan      | 76369 ||| Stepping ~*~*~tactically~*~*~ (stealth).
 76380 | Pan      | 76380 ||| Stepping ~*~*~tactically~*~*~ (stealth).
 76383 | Pan      | 76383 ||| Stepping ~*~*~tactically~*~*~ (stealth).
 76384 | Pan      | 76384 ||| Stepping ~*~*~tactically~*~*~ (stealth).
 76385 | Pan      | 76385 ||| Stepping ~*~*~tactically~*~*~ (stealth).
 76388 | Pan      | 76388 ||| Stepping ~*~*~tactically~*~*~ (stealth).
 76389 | Pan      | 76389 ||| Stepping ~*~*~tactically~*~*~ (stealth).
 76390 | Pan      | 76390 ||| Stepping ~*~*~tactically~*~*~ (stealth).
 76482 | Pan      | 76482 ||| Stepping ~*~*~tactically~*~*~ (stealth).
 76562 | Pan      | 76562 ||| Stepping ~*~*~tactically~*~*~ (stealth).
 76573 | Pan      | 76573 ||| Stepping ~*~*~tactically~*~*~ (stealth).
 76582 | Pan      | 76582 ||| Stepping ~*~*~tactically~*~*~ (stealth).
 76652 | Pan      | 76652 ||| Stepping ~*~*~tactically~*~*~ (stealth).
 76657 | Pan      | 76657 ||| Stepping ~*~*~tactically~*~*~ (stealth).
 76665 | Pan      | 76665 ||| Stepping ~*~*~tactically~*~*~ (stealth).
 76704 | Pan      | 76704 ||| Stepping ~*~*~tactically~*~*~ (stealth).
 76705 | Pan      | 76705 ||| Stepping ~*~*~tactically~*~*~ (stealth).
 76706 | Pan      | 76706 ||| Stepping ~*~*~tactically~*~*~ (stealth).
 76710 | Pan      | 76710 ||| Stepping ~*~*~tactically~*~*~ (stealth).
 76711 | Pan      | 76711 ||| Stepping ~*~*~tactically~*~*~ (stealth).
 76802 | Pan      | 76802 ||| Stepping ~*~*~tactically~*~*~ (stealth).
 76806 | Pan      | 76806 ||| Stepping ~*~*~tactically~*~*~ (stealth).
 76808 | Pan      | 76808 ||| Stepping ~*~*~tactically~*~*~ (stealth).
 76836 | Pan      | 76836 ||| Stepping ~*~*~tactically~*~*~ (stealth).
 76865 | Pan      | 76865 ||| Stepping ~*~*~tactically~*~*~ (stealth).
 76924 | Pan      | 76924 ||| Stepping ~*~*~tactically~*~*~ (stealth).
 76929 | Pan      | 76929 ||| Stepping ~*~*~tactically~*~*~ (stealth).
 76930 | Pan      | 76930 ||| Stepping ~*~*~tactically~*~*~ (stealth).
 76934 | Pan      | 76934 ||| Stepping ~*~*~tactically~*~*~ (hiding).
 76957 | Pan      | 76957 ||| Stepping ~*~*~tactically~*~*~ (hiding).
 76994 | Pan      | 76994 ||| Stepping ~*~*~tactically~*~*~ (stealth).
 77001 | Pan      | 77001 ||| Stepping ~*~*~tactically~*~*~ (stealth).
 77004 | Pan      | 77004 ||| Stepping ~*~*~tactically~*~*~ (stealth).
 77099 | Pan      | 77099 ||| Stepping ~*~*~tactically~*~*~ (stealth).
 77100 | Pan      | 77100 ||| Stepping ~*~*~tactically~*~*~ (stealth).
 77349 | Pan      | Found a runed translucent door.
 77350 | Pan      | 77350 ||| Stepping ~*~*~tactically~*~*~ (stealth).
 77351 | Pan      | 77351 ||| Stepping ~*~*~tactically~*~*~ (stealth).
 78056 | Pan      | 78056 ||| Stepping ~*~*~tactically~*~*~ (stealth).
 78057 | Pan      | 78057 ||| Stepping ~*~*~tactically~*~*~ (stealth).
 78058 | Pan      | 78058 ||| Stepping ~*~*~tactically~*~*~ (stealth).
 78059 | Pan      | 78059 ||| Stepping ~*~*~tactically~*~*~ (stealth).
 78122 | Pan      | 78122 ||| Stepping ~*~*~tactically~*~*~ (stealth).
 78224 | Pan      | HP: 36/197 [smoke demon/divine providence (15)]
 78225 | Pan      | 78225 ||| READING 14 scrolls of teleportation.
 78226 | Pan      | 78226 ||| DRINKING 15 potions of heal wounds.
 78227 | Pan      | 78227 ||| DRINKING 14 potions of heal wounds.
 78541 | Pan      | 78541 ||| Stepping ~*~*~tactically~*~*~ (hiding).
 78561 | Pan      | 78561 ||| Stepping ~*~*~tactically~*~*~ (stealth).
 78580 | Pan      | 78580 ||| Stepping ~*~*~tactically~*~*~ (stealth).
 78585 | Pan      | 78585 ||| Stepping ~*~*~tactically~*~*~ (hiding).
 78599 | Pan      | 78599 ||| Stepping ~*~*~tactically~*~*~ (stealth).
 78605 | Pan      | 78605 ||| DRINKING potion of mutation.
 78605 | Pan      | Lost mutation: You are partially covered in iridescent
                  | scales. (AC +2) [potion of mutation]
 78605 | Pan      | Lost mutation: Armour fits poorly on your strangely shaped
                  | body. [potion of mutation]
 78605 | Pan      | Lost mutation: Your body often deteriorates upon taking
                  | damage. [potion of mutation]
 78605 | Pan      | Gained mutation: Your body often deteriorates upon taking
                  | damage. [potion of mutation]
 78605 | Pan      | Gained mutation: Your spells are a little harder to cast,
                  | but a little more powerful. [potion of mutation]
 79704 | Pan      | 79704 ||| Stepping ~*~*~tactically~*~*~ (stealth).
 79956 | Pan      | 79956 ||| Stepping ~*~*~tactically~*~*~ (stealth).
 79975 | Pan      | 79975 ||| Stepping ~*~*~tactically~*~*~ (stealth).
 79999 | Pan      | 79999 ||| Stepping ~*~*~tactically~*~*~ (stealth).
 80159 | Pan      | 80159 ||| Stepping ~*~*~tactically~*~*~ (stealth).
 80162 | Pan      | 80162 ||| Stepping ~*~*~tactically~*~*~ (stealth).
 80386 | Pan      | 80386 ||| Stepping ~*~*~tactically~*~*~ (stealth).
 80445 | Pan      | 80445 ||| Stepping ~*~*~tactically~*~*~ (stealth).
 80475 | Pan      | 80475 ||| Stepping ~*~*~tactically~*~*~ (stealth).
 80478 | Pan      | 80478 ||| Stepping ~*~*~tactically~*~*~ (stealth).
 80692 | Pan      | 80692 ||| Stepping ~*~*~tactically~*~*~ (stealth).
 80916 | Pan      | 80916 ||| Stepping ~*~*~tactically~*~*~ (stealth).
 81077 | Pan      | 81077 ||| Stepping ~*~*~tactically~*~*~ (stealth).
 81721 | Pan      | 81721 ||| Stepping ~*~*~tactically~*~*~ (stealth).
 83364 | Pan      | 83364 ||| Stepping ~*~*~tactically~*~*~ (stealth).
 83366 | Pan      | 83366 ||| Stepping ~*~*~tactically~*~*~ (stealth).
 83367 | Pan      | 83367 ||| Stepping ~*~*~tactically~*~*~ (stealth).
 83863 | Pan      | 83863 ||| Stepping ~*~*~tactically~*~*~ (stealth).
 83868 | Pan      | 83868 ||| Stepping ~*~*~tactically~*~*~ (stealth).
 84052 | Pan      | 84052 ||| Stepping ~*~*~tactically~*~*~ (stealth).
 84214 | Pan      | 84214 ||| Stepping ~*~*~tactically~*~*~ (stealth).
 84807 | Pan      | 84807 ||| Stepping ~*~*~tactically~*~*~ (stealth).
 85251 | Pan      | 85251 ||| Stepping ~*~*~tactically~*~*~ (stealth).
 85372 | Pan      | 85372 ||| Stepping ~*~*~tactically~*~*~ (stealth).
 85844 | Pan      | 85844 ||| Stepping ~*~*~tactically~*~*~ (stealth).
 85847 | Pan      | 85847 ||| Stepping ~*~*~tactically~*~*~ (stealth).
 85858 | Pan      | 85858 ||| Stepping ~*~*~tactically~*~*~ (stealth).
 85861 | Pan      | 85861 ||| Stepping ~*~*~tactically~*~*~ (stealth).
 86481 | Pan      | 86481 ||| Stepping ~*~*~tactically~*~*~ (stealth).
 86483 | Pan      | 86483 ||| Stepping ~*~*~tactically~*~*~ (stealth).
 86679 | Pan      | 86679 ||| Stepping ~*~*~tactically~*~*~ (hiding).
 86681 | Pan      | 86681 ||| Stepping ~*~*~tactically~*~*~ (hiding).
 86738 | Pan      | 86738 ||| Stepping ~*~*~tactically~*~*~ (stealth).
 86755 | Pan      | 86755 ||| Stepping ~*~*~tactically~*~*~ (stealth).
 86848 | Pan      | 86848 ||| Stepping ~*~*~tactically~*~*~ (stealth).
 86849 | Pan      | 86849 ||| Stepping ~*~*~tactically~*~*~ (stealth).
 86867 | Pan      | 86867 ||| Stepping ~*~*~tactically~*~*~ (hiding).
 87231 | Pan      | 87231 ||| Stepping ~*~*~tactically~*~*~ (stealth).
 88300 | Pan      | 88300 ||| Stepping ~*~*~tactically~*~*~ (stealth).
 88371 | Pan      | 88371 ||| Stepping ~*~*~tactically~*~*~ (stealth).
 88374 | Pan      | 88374 ||| Stepping ~*~*~tactically~*~*~ (stealth).
 88452 | Pan      | 88452 ||| Stepping ~*~*~tactically~*~*~ (hiding).
 88514 | Pan      | 88514 ||| Stepping ~*~*~tactically~*~*~ (stealth).
 88948 | Pan      | 88948 ||| Stepping ~*~*~tactically~*~*~ (stealth).
 89249 | Pan      | 89249 ||| Stepping ~*~*~tactically~*~*~ (stealth).
 89664 | Pan      | 89664 ||| Stepping ~*~*~tactically~*~*~ (stealth).
 90176 | Pan      | 90176 ||| Stepping ~*~*~tactically~*~*~ (stealth).
 90487 | Pan      | 90487 ||| Stepping ~*~*~tactically~*~*~ (stealth).
 90514 | Pan      | 90514 ||| Stepping ~*~*~tactically~*~*~ (stealth).
 90553 | Pan      | 90553 ||| Stepping ~*~*~tactically~*~*~ (stealth).
 90555 | Pan      | 90555 ||| Stepping ~*~*~tactically~*~*~ (stealth).
 91211 | Pan      | Reached skill level 6 in Short Blades
 91236 | Pan      | 91236 ||| Stepping ~*~*~tactically~*~*~ (stealth).
 91287 | Pan      | 91287 ||| Stepping ~*~*~tactically~*~*~ (stealth).
 91405 | Pan      | 91405 ||| Stepping ~*~*~tactically~*~*~ (stealth).
 91407 | Pan      | 91407 ||| Stepping ~*~*~tactically~*~*~ (stealth).
 91412 | Pan      | 91412 ||| Stepping ~*~*~tactically~*~*~ (hiding).
 91413 | Pan      | 91413 ||| Stepping ~*~*~tactically~*~*~ (hiding).
 91425 | Pan      | 91425 ||| Stepping ~*~*~tactically~*~*~ (stealth).
 91759 | Pan      | 91759 ||| Stepping ~*~*~tactically~*~*~ (stealth).
 91787 | Pan      | 91787 ||| Stepping ~*~*~tactically~*~*~ (stealth).
 91991 | Pan      | 91991 ||| Stepping ~*~*~tactically~*~*~ (stealth).
 91996 | Pan      | 91996 ||| Stepping ~*~*~tactically~*~*~ (stealth).
 91997 | Pan      | 91997 ||| Stepping ~*~*~tactically~*~*~ (stealth).
 92432 | Pan      | 92432 ||| Stepping ~*~*~tactically~*~*~ (stealth).
 92585 | Pan      | 92585 ||| Stepping ~*~*~tactically~*~*~ (hiding).
 92657 | Pan      | 92657 ||| INVOKING Summon Divine Warrior.
 92660 | Pan      | 92660 ||| INVOKING Cleansing Flame.
 93589 | Pan      | 93589 ||| Stepping ~*~*~tactically~*~*~ (stealth).
 93932 | Pan      | Glimpsed the power of Zot.
 94018 | Pan      | 94018 ||| Stepping ~*~*~tactically~*~*~ (stealth).
 94393 | Pan      | Reached skill level 27 in Armour
 94434 | Pan      | Glimpsed the power of Zot.
 94739 | Pan      | 94739 ||| Stepping ~*~*~tactically~*~*~ (stealth).
 94788 | Pan      | 94788 ||| Stepping ~*~*~tactically~*~*~ (stealth).
 94789 | Pan      | 94789 ||| Stepping ~*~*~tactically~*~*~ (stealth).
 94836 | Pan      | Glimpsed the power of Zot.
 94848 | Pan      | 94848 ||| Stepping ~*~*~tactically~*~*~ (hiding).
 94919 | Pan      | 94919 ||| Stepping ~*~*~tactically~*~*~ (stealth).
 94932 | Pan      | 94932 ||| Stepping ~*~*~tactically~*~*~ (hiding).
 94933 | Pan      | 94933 ||| Stepping ~*~*~tactically~*~*~ (hiding).
 94937 | Pan      | Touched by the power of Zot.
 94938 | Pan      | Glimpsed the power of Zot.
 95439 | Pan      | Glimpsed the power of Zot.
 95531 | Pan      | 95531 ||| Stepping ~*~*~tactically~*~*~ (stealth).
 95842 | Pan      | Glimpsed the power of Zot.
 95942 | Pan      | Touched by the power of Zot.
 95943 | Pan      | Glimpsed the power of Zot.
 96071 | Pan      | 96071 ||| DRINKING 5 potions of magic.
 96072 | Pan      | 96072 ||| INVOKING Summon Divine Warrior.
 96332 | Pan      | 96332 ||| Stepping ~*~*~tactically~*~*~ (stealth).
 96440 | Pan      | 96440 ||| Stepping ~*~*~tactically~*~*~ (stealth).
 96446 | Pan      | Glimpsed the power of Zot.
 96503 | Pan      | 96503 ||| Stepping ~*~*~tactically~*~*~ (stealth).
 96590 | Pan      | 96590 ||| Stepping ~*~*~tactically~*~*~ (hiding).
 96596 | Pan      | 96596 ||| Stepping ~*~*~tactically~*~*~ (hiding).
 96852 | Pan      | Glimpsed the power of Zot.
 96857 | Pan      | 96857 ||| Stepping ~*~*~tactically~*~*~ (hiding).
 96860 | Pan      | 96860 ||| Stepping ~*~*~tactically~*~*~ (hiding).
 96953 | Pan      | Touched by the power of Zot.
 96954 | Pan      | Glimpsed the power of Zot.
 96963 | Pan      | 96963 ||| Stepping ~*~*~tactically~*~*~ (stealth).
 97165 | Pan      | 97165 ||| Stepping ~*~*~tactically~*~*~ (stealth).
 97167 | Pan      | 97167 ||| Stepping ~*~*~tactically~*~*~ (stealth).
 97168 | Pan      | 97168 ||| Stepping ~*~*~tactically~*~*~ (stealth).
 97195 | Pan      | 97195 ||| Stepping ~*~*~tactically~*~*~ (stealth).
 97196 | Pan      | 97196 ||| Stepping ~*~*~tactically~*~*~ (stealth).
 97197 | Pan      | 97197 ||| Stepping ~*~*~tactically~*~*~ (stealth).
 97203 | Pan      | 97203 ||| Stepping ~*~*~tactically~*~*~ (stealth).
 97287 | Pan      | 97287 ||| Stepping ~*~*~tactically~*~*~ (stealth).
 97459 | Pan      | Glimpsed the power of Zot.
 97503 | Pan      | 97503 ||| Stepping ~*~*~tactically~*~*~ (stealth).
 97505 | Pan      | 97505 ||| Stepping ~*~*~tactically~*~*~ (stealth).
 97862 | Pan      | Glimpsed the power of Zot.
 97963 | Pan      | Touched by the power of Zot.
 97964 | Pan      | Glimpsed the power of Zot.
 98185 | Pan      | 98185 ||| Stepping ~*~*~tactically~*~*~ (stealth).
 98318 | Pan      | 98318 ||| Stepping ~*~*~tactically~*~*~ (stealth).
 98477 | Pan      | Glimpsed the power of Zot.
 98708 | Pan      | Reached skill level 27 in Fighting
 98858 | Pan      | 98858 ||| Stepping ~*~*~tactically~*~*~ (stealth).
 98883 | Pan      | 98883 ||| Stepping ~*~*~tactically~*~*~ (stealth).
 98885 | Pan      | Glimpsed the power of Zot.
 98962 | Pan      | 98962 ||| Stepping ~*~*~tactically~*~*~ (stealth).
 98975 | Pan      | 98975 ||| Stepping ~*~*~tactically~*~*~ (stealth).
 98985 | Pan      | Touched by the power of Zot.
 98986 | Pan      | Glimpsed the power of Zot.
 98995 | Pan      | 98995 ||| Stepping ~*~*~tactically~*~*~ (stealth).
 98999 | Pan      | 98999 ||| Stepping ~*~*~tactically~*~*~ (stealth).
 99315 | Pan      | 99315 ||| READING 13 scrolls of teleportation.
 99344 | Pan      | 99344 ||| Stepping ~*~*~tactically~*~*~ (hiding).
 99490 | Pan      | Glimpsed the power of Zot.
 99556 | Pan      | 99556 ||| Stepping ~*~*~tactically~*~*~ (stealth).
 99558 | Pan      | 99558 ||| Stepping ~*~*~tactically~*~*~ (stealth).
 99559 | Pan      | 99559 ||| Stepping ~*~*~tactically~*~*~ (stealth).
 99560 | Pan      | 99560 ||| Stepping ~*~*~tactically~*~*~ (stealth).
 99638 | Pan      | 99638 ||| INVOKING Summon Divine Warrior.
 99895 | Pan      | Glimpsed the power of Zot.
 99995 | Pan      | Touched by the power of Zot.
 99996 | Pan      | Glimpsed the power of Zot.
100269 | Pan      | 100269 ||| Stepping ~*~*~tactically~*~*~ (stealth).
100371 | Pan      | 100371 ||| DRINKING 13 potions of heal wounds.
100500 | Pan      | Glimpsed the power of Zot.
100503 | Pan      | 100503 ||| Stepping ~*~*~tactically~*~*~ (stealth).
100530 | Pan      | 100530 ||| DRINKING 4 potions of magic.
100530 | Pan      | Killed from afar by a smoke demon

Levels and vault maps discovered:
D:1:      matt_arrival_refuge, layout_basic, basic_ecumenical_altar,
          interstate_on_off, amcnicky_mini_corridor_feature,
          minmay_strange_pillars
D:2:      layout_basic, uniq_crazy_yiuf_cottage, uniq_jessica
D:3:      gammafunk_wand_slinger, layout_basic, mainiacjoe_overflow_brackets,
          dk_noncrumbling_2, eino_tiny_chamber
D:4:      layout_loops_corners, mainiacjoe_overflow_24_doors, uniq_edmund
D:5:      layout_cave_pools, dk_xom_monty_hall, minmay_temple_entry_ruins,
          portal_sewer_entry_e, minmay_liquid_box, hangedman_decor_growths,
          corexii_shack, uniq_menkaure
D:6:      layout_loops_ring, pdpol_wu_jian_five_deadly_venoms,
          nicolae_gozag_seed_capital, serial_shops, shop, minmay_manual_mail,
          uniq_blork_the_orc, uniq_pikel, uniq_grinder
D:7:      layout_loops_corners, mainiacjoe_overflow_concentric_impassable,
          lemuel_tele_altar, nicolae_ru_sacrificial_ziggurat
D:8:      layout_layer_cave, lemuel_doored_altar, grunt_temple_overflow_open,
          grunt_lair_entry_orc_guard_hut, uniq_joseph
D:9:      layout_stronghold, kennysheep_mini, nemelex_altar_shiori,
          nicolae_vehumet_altar_sigil, minmay_guarded_unrand_variability
D:10:     layout_basic
D:11:     layout_long_grid, orc_0_dummy, uniq_snorg, uniq_gastronok, uniq_fannar
D:12:     layout_long_grid, uniq_frances
D:13:     minmay_s_stair_smasher, layout_basic,
          lightli_vaults_fourway_checkpoint, skrybe_limestone_x, uniq_erolcha,
          uniq_kirke
D:14:     layout_stronghold, okawaru_ov_weapons_minmay
D:15:     gammafunk_depths_entry_grave, layout_loops_ring, elyvilon_altar_5,
          makhleb_altar_promises_db, uniq_roxanne, uniq_josephine, uniq_jorgrun
Temple:   hellmonk_temple_flake
Lair:1:   layout_cave_pods, lemuel_fruit_tree
Lair:2:   layout_loops_ring, gauntlet_entry_generic, special_room
          [special_room_bee], serial_bayou_ford_a
Lair:3:   layout_loops_ring, minmay_swamp_entry_worms,
          minmay_snake_entry_six_corridors
Lair:4:   layout_roguey, slime_entry_1, portal_ice_cave_demonic_guard,
          lemuel_oklob_altar, grunt_megastairs_4
Lair:5:   cheibrodos_lair_end_hotspot, layout_cave_pods, basic_altar
Swamp:1:  layout_basic_swamp, evilmike_swamp_ruin_house_4, swamp_pool4,
          nicolae_swamp_spooky_pond
Swamp:2:  layout_basic_swamp, evilmike_swamp_ruin_house_2, swamp_pool5
Swamp:3:  layout_basic_swamp, hangedman_swamp_ruin_hall
Swamp:4:  swamp_basic_johnstein, layout_basic_swamp, swamp_pool5,
          grunt_ruined_hall
Snake:1:  layout_honeycomb
Snake:2:  layout_misc_corridors, nicolae_snake_snakes_in_the_grass,
          grunt_megastairs_3, serial_bayou_shore_b
Snake:3:  layout_onion, basic_altar, nicolae_snake_guarding_the_ruins,
          uniq_aizul
Snake:4:  johnstein_snake_rune_scales, layout_chambers, serial_bayou_crossing,
          minmay_shoptagon
Orc:1:    layout_diamond_mine, basic_altar, mines2_david
Orc:2:    st_orc_ogre_mass, layout_caves, basic_altar
Vaults:1: hangedman_vaults_locks, nicolae_vaults_quartermaster,
          vaults_mumra_hexcomb, v_misc_29, v_misc_12, v_rooms_2,
          grunt_vaults_diagonal, nicolae_vaults_alarming, v_alt_pattern_4,
          ontoclasm_vaults_ligature, nicolae_vaults_theta,
          layout_vaults_maze_bifur
Vaults:2: v_misc_18, minmay_crypt_entry_simple_sparse, grunt_vaults_focal,
          vaults_dpeg_encased_lava, v_misc_9, vaults_room_corners,
          nicolae_vaults_mini_display_case, layout_vaults_omnigrid
Vaults:3: nicolae_vaults_disjoint_gnomons, gammafunk_the_bubble
          [the_bubble_gammafunk_plus_minus], vaults_room_boxed,
          dpeg_vaults_monster_row, ontoclasm_vaults_spin,
          hangedman_vaults_pinch, grunt_vaults_funnel,
          nicolae_vaults_little_squares_6, layout_vaults_chaotic_city,
          serial_shops, nicolae_square_shop
Vaults:4: nicolae_vaults_rhombus_6, grunt_vaults_hallway_long,
          hangedman_vaults_corner_blocks, v_misc_16, v_alt_pattern_2,
          st_octagons_2, ontoclasm_vaults_eye, vaults_room_grid,
          nicolae_vaults_asterisk, v_misc_29, hangedman_vaults_stitches,
          layout_vaults_ring
Vaults:5: uniq_boris
Crypt:1:  layout_gridlike, grunt_crypt_arrival_guarded_gate
Crypt:2:  layout_basic, uniq_xtahua, uniq_bai_suzhen
Crypt:3:  david_glass_crypt, layout_rooms, nicolae_tomb_entry_rubble_hallway,
          nrook_guardian_serpent_ordinary
Tomb:1
Tomb:2
Tomb:3
Depths:1: minmay_the_grid_square_5x5_4x4_mashed
          [minmay_the_grid_square_5x5_dogpile,
          minmay_the_grid_square_5x5_shrine2,
          minmay_the_grid_square_5x5_moneybag,
          minmay_the_grid_square_5x5_checkered,
          minmay_the_grid_square_5x5_half_checkered,
          minmay_the_grid_square_5x5_prize_monsterx,
          minmay_the_grid_square_5x5_prize_deathbox,
          minmay_the_grid_square_5x5_spiral,
          minmay_the_grid_square_5x5_pentomino_r,
          minmay_the_grid_square_5x5_prize_waves,
          minmay_the_grid_square_5x5_prize_gold,
          minmay_the_grid_square_5x5_eight_small,
          minmay_the_grid_square_5x5_inner_i,
          minmay_the_grid_square_5x5_gyroscope,
          minmay_the_grid_square_5x5_n_small,
          minmay_the_grid_square_5x5_shuriken], layout_honeycomb,
          enter_ziggurat_e, serial_shops, nicolae_shop_advertising_works
          [nicolae_subvault_shop_adworks], grunt_hell_horde, dk_noncrumbling_3,
          minmay_misc_feat_x, hangedman_abyss_or_decor_jellyfish_corner,
          nicolae_hepliaklqana_hippocampus, uniq_sojobo, uniq_enchantress
Depths:2: nzn_winding_woodlands_medium [nzn_winding_woodlands_5x5_closed_star,
          nzn_winding_woodlands_5x15_pool, nzn_winding_woodlands_5x5_open_star,
          nzn_winding_woodlands_5x5_perimeter,
          nzn_winding_woodlands_center_diamonds,
          nzn_winding_woodlands_5x5_three, nzn_winding_woodlands_5x5_cross,
          nzn_winding_woodlands_5x15_twine, nzn_winding_woodlands_5x5_default],
          layout_gridlike, abyss_entry_small_statue_room, hell_entry,
          serial_aquarium, aquarium_bridge_square [aquarium_subvault_bridge,
          aquarium_subvault_window, aquarium_subvault_window,
          aquarium_subvault_bridge], aquarium_bridge_long_joined
          [aquarium_subvault_wall, aquarium_subvault_window,
          aquarium_subvault_window, aquarium_subvault_bridge,
          aquarium_subvault_window, aquarium_subvault_window],
          aquarium_window_fake, aquarium_window_corner, aquarium_view_2e,
          aquarium_balcony_1b, aquarium_pool_2, rand_demon_pan_entry_1
Depths:3: minmay_slanted_spiral_squares, layout_gridville, serial_shops,
          nicolae_inconvenience_store, serial_glass, glass_columns_b,
          glass_columns_a, chequers_serial_rivers_room_a, hellmouth_1,
          nicolae_abyss_entry_one_way_or_another, firewood_loft,
          infiniplex_staircase_pool_2
Depths:4: grunt_zot_entry_gee_three, layout_gridlike,
          nicolae_dithmenos_the_darkroom, rand_demon_pan_entry_7, hell_entry,
          mu_enter_wizlab_3, uniq_mennas, uniq_margery, uniq_saint_roka
Zot:1:    layout_basic, uniq_parghit
Zot:2:    kennysheep_room_grid, layout_onion
Zot:3:    layout_basic
Zot:4:    layout_concentric_octagons
Zot:5:    layout_basic, ebering_ghost_reflecting_pool
Pan:      rand_demon_3, layout_long_grid, reaverb_pan_squares, rand_demon_3,
          layout_gridlike, pan_blood_fountain_2, evilmike_mini_pan_branches,
          layout_small_grid, pan_blood_fountain_small, nicolae_pan_mnolegish_4,
          regret_index_pan_draining_boxed, layout_rooms, pan_blood_fountain

Skill      XL: |  1  2  3  4  5  6  7  8  9 10 11 12 13 14 15 16 17 18 19 20 21 22 23 24 25 26 27 |
---------------+----------------------------------------------------------------------------------+-----
Axes           | 2 3 4 5 7 8 10 11 12 13 14 16 17 18 | 18.0
Fighting       | 4 5 6 7 8 9 10 11 12 13 14 15 16 18 19 21 22 24 26 27 | 27.0
Dodging        | 2 3 4 5 7 8 9 11 12 14 | 14.0
Armour         | 4 6 8 10 12 13 14 15 16 18 20 21 22 27 | 27.0
Throwing       | 1 3 4 5 6 7 8 9 10 11 13 14 15 | 15.0
Shields        | 4 5 9 11 14 15 16 17 18 19 20 21 22 23 | 23.1
Invocations    | 2 6 10 11 27 | 27.0
Short Blades   | 7 |  7.1

Action                   |  1- 3 |  4- 6 |  7- 9 | 10-12 | 13-15 | 16-18 | 19-21 | 22-24 | 25-27 || total
-------------------------+-------+-------+-------+-------+-------+-------+-------+-------+-------++-------
Melee: War axe           |    36 |       |       |       |       |       |       |       |   600 ||   636
       Broad axe         |    17 |    62 |   183 |   410 |   664 |  1144 |  1271 |  1078 |  2123 ||  6952
       Flail             |       |       |       |       |    22 |       |       |       |       ||    22
       Morningstar       |       |       |       |       |    28 |    10 |       |       |       ||    38
Throw: Boomerang         |       |    12 |    45 |    50 |    37 |    18 |     6 |    25 |   248 ||   441
       Javelin           |       |       |       |     8 |   126 |   113 |    93 |   162 |   287 ||   789
Invok: Heroism           |       |       |       |    19 |    36 |    55 |    42 |    58 |    33 ||   243
       Finesse           |       |       |       |     2 |    11 |     5 |    10 |    29 |     9 ||    66
       Cleansing Flame   |       |       |       |       |       |       |       |       |    86 ||    86
       Summon Divine War |       |       |       |       |       |       |       |       |    22 ||    22
       Brand Weapon With |       |       |       |       |       |       |       |       |     1 ||     1
  Use: Scroll            |     9 |     7 |     2 |     3 |     3 |     4 |     3 |     5 |    22 ||    58
       Potion            |       |       |       |     5 |     2 |     1 |     1 |     2 |    33 ||    44
 Stab: Confused          |       |       |       |       |       |       |     1 |       |       ||     1
       Distracted        |       |       |       |       |       |       |       |     1 |       ||     1
Armor: Scale mail        |    21 |       |       |       |       |       |       |       |       ||    21
       Chain mail        |     8 |    30 |    85 |    71 |       |       |       |       |       ||   194
       Plate armour      |       |       |       |    69 |       |       |       |       |       ||    69
       Crystal plate arm |       |       |       |    31 |   246 |   419 |   434 |   281 |    81 ||  1492
       Gold dragon scale |       |       |       |       |       |       |       |       |   627 ||   627
Dodge: Dodged            |    24 |    18 |    46 |    85 |    72 |   162 |   178 |   149 |   546 ||  1280
Block: Buckler           |     9 |     5 |    68 |    68 |       |       |       |       |       ||   150
       Reflection        |       |       |     3 |     3 |    45 |   150 |    70 |    32 |   117 ||   420
       Tower shield      |       |       |       |   254 |   664 |  1250 |  1052 |   835 |  2724 ||  6779
       Rpst.: Broad axe  |       |       |       |       |       |       |    27 |   267 |   745 ||  1039
       War axe           |       |       |       |       |       |       |       |       |   145 ||   145

Table legend:
 A = Non-vault XP
 B = Vault XP
 C = Vault XP percentage of total XP
 D = Non-vault monster count
 E = Vault monster count
 F = Vault count percentage of total count
                 A         B        C        D         E       F
            +---------+---------+-------+---------+---------+-------
      Total | 1152553 |  916267 |  44.3 |    2239 |    1023 |  31.4
            +---------+---------+-------+---------+---------+-------
        D:1 |      16 |       0 |   0.0 |       9 |       0 |   0.0
        D:2 |      11 |      37 |  77.1 |       6 |       1 |  14.3
        D:3 |      70 |       0 |   0.0 |      16 |       0 |   0.0
        D:4 |     157 |     164 |  51.1 |      20 |       1 |   4.8
        D:5 |     919 |     245 |  21.0 |      31 |      12 |  27.9
        D:6 |     770 |    1403 |  64.6 |      19 |       9 |  32.1
        D:7 |    1374 |       0 |   0.0 |      23 |       0 |   0.0
        D:8 |     925 |    1000 |  51.9 |      19 |       6 |  24.0
        D:9 |    4016 |     366 |   8.4 |      29 |       2 |   6.5
       D:10 |    3225 |       0 |   0.0 |      23 |       0 |   0.0
       D:11 |    3047 |    3204 |  51.3 |      20 |       3 |  13.0
       D:12 |    9452 |    1534 |  14.0 |      25 |       1 |   3.8
       D:13 |    5509 |   18047 |  76.6 |      12 |      33 |  73.3
       D:14 |   20913 |       0 |   0.0 |      42 |       0 |   0.0
       D:15 |    8886 |    9263 |  51.0 |      19 |      16 |  45.7
     Lair:1 |    4770 |       0 |   0.0 |      17 |       0 |   0.0
     Lair:2 |    6640 |    1859 |  21.9 |      30 |      26 |  46.4
     Lair:3 |    5180 |    4103 |  44.2 |      18 |      15 |  45.5
     Lair:4 |    9709 |    1244 |  11.4 |      20 |       3 |  13.0
     Lair:5 |    7022 |    7251 |  50.8 |      23 |      26 |  53.1
    Swamp:1 |   13351 |    3599 |  21.2 |      28 |       5 |  15.2
    Swamp:2 |   17163 |     423 |   2.4 |      31 |       3 |   8.8
    Swamp:3 |   13280 |       0 |   0.0 |      19 |       0 |   0.0
    Swamp:4 |   14527 |   25350 |  63.6 |      30 |      41 |  57.7
    Snake:1 |   20882 |       0 |   0.0 |      43 |       0 |   0.0
    Snake:2 |   17646 |    5535 |  23.9 |      35 |      12 |  25.5
    Snake:3 |   19102 |    4646 |  19.6 |      40 |       9 |  18.4
    Snake:4 |   20965 |   20918 |  49.9 |      39 |      37 |  48.7
      Orc:1 |    4810 |     150 |   3.0 |      46 |       4 |   8.0
      Orc:2 |    6557 |   15208 |  69.9 |      35 |      37 |  51.4
   Vaults:1 |   43154 |   23401 |  35.2 |      69 |      42 |  37.8
   Vaults:2 |   10539 |   16050 |  60.4 |      15 |      22 |  59.5
   Vaults:3 |   17878 |   23618 |  56.9 |      31 |      29 |  48.3
   Vaults:4 |   24123 |   49997 |  67.5 |      36 |      58 |  61.7
   Vaults:5 |   27705 |   67698 |  71.0 |      36 |      60 |  62.5
    Crypt:1 |   39258 |       0 |   0.0 |      68 |       0 |   0.0
    Crypt:2 |   43724 |    5772 |  11.7 |      54 |       2 |   3.6
    Crypt:3 |   37761 |   22168 |  37.0 |      50 |      13 |  20.6
     Tomb:1 |   13842 |   97644 |  87.6 |      32 |      51 |  61.4
     Tomb:2 |   19203 |   38382 |  66.7 |      40 |      52 |  56.5
     Tomb:3 |   16764 |  101178 |  85.8 |      37 |     106 |  74.1
   Depths:1 |   35766 |   73185 |  67.2 |      43 |      69 |  61.6
   Depths:2 |   27729 |   20334 |  42.3 |      29 |      20 |  40.8
   Depths:3 |   48854 |   22800 |  31.8 |      62 |      21 |  25.3
   Depths:4 |   35887 |   28813 |  44.5 |      48 |      33 |  40.7
      Zot:1 |   59051 |    2998 |   4.8 |      49 |       1 |   2.0
      Zot:2 |   34094 |   15972 |  31.9 |      28 |      12 |  30.0
      Zot:3 |   25467 |       0 |   0.0 |      20 |       0 |   0.0
      Zot:4 |   60738 |       0 |   0.0 |      48 |       0 |   0.0
      Zot:5 |   40661 |  108229 |  72.7 |      35 |      42 |  54.5
        Pan |  249461 |   66359 |  21.0 |     642 |      73 |  10.2
   Gauntlet |       0 |    6120 | 100.0 |       0 |      15 | 100.0
            +---------+---------+-------+---------+---------+-------
